Workbook
Name agricola: Cotizaciones_Reactivos!$B:$C
Name dani: #REF!

Sheet Cotizaciones_Reactivos
A1: Ítem | B1: Descripción técnica | C1: Marca | D1: Presentación | E1: 1.03 | F1: Información 2018 | H1: Información 2019 | J1: Información 2020 | L1: PROMEDIO 2018 - 2020 + IPC | N1: Quimicos y Reactivos S.A.S | T1: ARC ANÁLISIS | Z1: LMV S.A.S | AF1: DISPROQUILAB LIMITADA | AL1: Elementos Quimicos | AR1: Clinicos Isla S.A.S | AX1: LABBRANDS | BD1: QUIMIOLAB | BJ1: DISTRIBUIDORA Y COMERCIALIZADORA DIZAR LTDA | BP1: SANITAS S.A.S | BV1: AVANTIKA COLOMBIA SAS | CB1: Inversiones Jimsa Ltda | CH1: MYC LAB S.A.S | CN1: INSOLAB | CT1: QUIMITRÓNICA | CZ1: Purificación y Análisis PAF | DF1: Exogena Ltda | DL1: ARC ANÁLISIS 2 | DR1: EXOGENA LTDA 2 | DX1: BD | ED1: ADN | EJ1: CATVER | EP1: TECNOLOGÍAS OROZCO TORRES | FH1: SUMA TOTAL | FI1: Cantidad de cotizaciones | FJ1: PROMEDIO
E2: Cantidad TOTAL | F2: Valor unitario con IVA | G2: ADJUDICACIÓN VR. UNIT. | H2: Valor unitario promedio | I2: ADJUDICACIÓN VR. UNIT. | J2: Valor unitario con IVA | K2: ADJUDICACIÓN VR. UNIT. | L2: Valor unitario con IVA | M2: ADJUDICACIÓN VR. UNIT. | N2: Vlr. Unitario Sin IVA | O2: IVA | P2: Valor unitario con IVA | Q2: Presentación | R2: Marca | S2: Observaciones | T2: Vlr. Unitario Sin IVA | U2: IVA | V2: Valor unitario con IVA | W2: Presentación | X2: Marca | Y2: Observaciones | Z2: Vlr. Unitario Sin IVA | AA2: IVA | AB2: Valor unitario con IVA | AC2: Presentación | AD2: Marca | AE2: Observaciones | AF2: Vlr. Unitario Sin IVA | AG2: IVA | AH2: Valor unitario con IVA | AI2: Presentación | AJ2: Marca | AK2: Observaciones | AL2: Vlr. Unitario Sin IVA | AM2: IVA | AN2: Valor unitario con IVA | AO2: Presentación | AP2: Marca | AQ2: Observaciones | AR2: Vlr. Unitario Sin IVA | AS2: IVA | AT2: Valor unitario con IVA | AU2: Presentación | AV2: Marca | AW2: Observaciones | AX2: Vlr. Unitario Sin IVA | AY2: IVA | AZ2: Valor unitario con IVA | BA2: Presentación | BB2: Marca | BC2: Observaciones | BD2: Vlr. Unitario Sin IVA | BE2: IVA | BF2: Valor unitario con IVA | BG2: Presentación | BH2: Marca | BI2: Observaciones | BJ2: Vlr. Unitario Sin IVA | BK2: IVA | BL2: Valor unitario con IVA | BM2: Presentación | BN2: Marca | BO2: Observaciones | BP2: Vlr. Unitario Sin IVA | BQ2: IVA | BR2: Valor unitario con IVA | BS2: Presentación | BT2: Marca | BU2: Observaciones | BV2: Vlr. Unitario Sin IVA | BW2: IVA | BX2: Valor unitario con IVA | BY2: Presentación | BZ2: Marca | CA2: Observaciones | CB2: Vlr. Unitario Sin IVA | CC2: IVA | CD2: Valor unitario con IVA | CE2: Presentación | CF2: Marca | CG2: Observaciones | CH2: Vlr. Unitario Sin IVA | CI2: IVA | CJ2: Valor unitario con IVA | CK2: Presentación | CL2: Marca | CM2: Observaciones | CN2: Vlr. Unitario Sin IVA | CO2: IVA | CP2: Valor unitario con IVA | CQ2: Presentación | CR2: Marca | CS2: Observaciones | CT2: Vlr. Unitario Sin IVA | CU2: IVA | CV2: Valor unitario con IVA | CW2: Presentación | CX2: Marca | CY2: Observaciones | CZ2: Vlr. Unitario Sin IVA | DA2: IVA | DB2: Valor unitario con IVA | DC2: Presentación | DD2: Marca | DE2: Observaciones | DF2: Vlr. Unitario Sin IVA | DG2: IVA | DH2: Valor unitario con IVA | DI2: Presentación | DJ2: Marca | DK2: Observaciones | DL2: Vlr. Unitario Sin IVA | DM2: IVA | DN2: Valor unitario con IVA | DO2: Presentación | DP2: Marca | DQ2: Observaciones | DR2: Vlr. Unitario Sin IVA | DS2: IVA | DT2: Valor unitario con IVA | DU2: Presentación | DV2: Marca | DW2: Observaciones | DX2: Vlr. Unitario Sin IVA | DY2: IVA | DZ2: Valor unitario con IVA | EA2: Presentación | EB2: Marca | EC2: Observaciones | ED2: Vlr. Unitario Sin IVA | EE2: IVA | EF2: Valor unitario con IVA | EG2: Presentación | EH2: Marca | EI2: Observaciones | EJ2: Vlr. Unitario Sin IVA | EK2: IVA | EL2: Valor unitario con IVA | EM2: Presentación | EN2: Marca | EO2: Observaciones | EP2: Vlr. Unitario Sin IVA | EQ2: IVA | ER2: Valor unitario con IVA | ES2: Presentación | ET2: Marca | EU2: Observaciones | EV2: Vlr. Unitario Sin IVA | EW2: IVA | EX2: Valor unitario con IVA | EY2: Presentación | EZ2: Marca | FA2: Observaciones | FB2: Vlr. Unitario Sin IVA | FC2: IVA | FD2: Valor unitario con IVA | FE2: Presentación | FF2: Marca | FG2: Observaciones
A3: =Distribución_Reactivos!A3 -> 1 | B3: =Distribución_Reactivos!B3 -> 2-Nitrobenzaldehido | C3: =Distribución_Reactivos!C3 -> Sigma N10802 | D3: =Distribución_Reactivos!D3 -> Frasco x 2g | E3: 1 | F3: 148298.1 | G3: 148274 | H3: 174809.95 | I3: 0 | J3: 225477.23 | K3: 195160 | L3: =AVERAGE(F3,H3,J3) -> 182861.76 | M3: =AVERAGE(G3,K3)*1.03 -> 176868.51 | AR3: 345600 | AS3: =+AR3*0.19 -> 65664 | AT3: =+AR3+AS3 -> 411264 | AU3: Frasco x 25g | AV3: Santa Cruz Biotechnology | BV3: 394800 | BW3: =BV3*19% -> 75012 | BX3: =+BV3+BW3 -> 469812 | BY3: frasco x 2 gr | BZ3: SIGMA | CH3: 402696 | CI3: =+CH3*0.19 -> 76512.24 | CJ3: =+CH3+CI3 -> 479208.24 | CK3: frasco x 2 gr | CL3: SIGMA | CT3: 117500 | CU3: 22325 | CV3: =+CT3+CU3 -> 139825 | FH3: =SUM(M3,P3,V3,AB3,AH3,AN3,AT3,AZ3,BF3,BL3,BR3,BX3,CD3,CJ3,CP3,CV3,DB3,DH3,DN3,DT3,DZ3,EF3,EL3,ER3,EX3,FD3) -> 1676977.8 | FI3: =COUNTA(M3,N3,T3,Z3,AF3,AL3,AR3,AX3,BD3,BJ3,BP3,BV3,CB3,CH3,CN3,CT3,CZ3,DF3,DL3,DR3,DX3,ED3,EJ3,EP3,EV3,FB3) -> 5 | FJ3: =IFERROR(FH3/FI3," ") -> 335395.55
A4: =Distribución_Reactivos!A4 -> 2 | B4: =Distribución_Reactivos!B4 -> 5-Bromo-4-chloro-3-indolyl phosphate p-toluidine salt (BCIP)- Tabletas | C4: =Distribución_Reactivos!C4 -> Sigma B 0274 | D4: =Distribución_Reactivos!D4 -> Frasco x 25und | E4: 1 | F4: 0 | G4: 0 | H4: 0 | I4: 0 | J4: 514080 | K4: 0 | L4: =J4 -> 514080 | BV4: 5019000 | BW4: =BV4*19% -> 953610 | BX4: =+BV4+BW4 -> 5972610 | BY4: frasco x 25und | BZ4: SIGMA | CI4: =+CH4*0.19 -> 0 | CJ4: =+CH4+CI4 -> 0 | CT4: 2688750 | CU4: 510862.5 | CV4: =+CT4+CU4 -> 3199612.5 | FH4: =SUM(M4,P4,V4,AB4,AH4,AN4,AT4,AZ4,BF4,BL4,BR4,BX4,CD4,CJ4,CP4,CV4,DB4,DH4,DN4,DT4,DZ4,EF4,EL4,ER4,EX4,FD4) -> 9172222.5 | FI4: =COUNTA(M4,N4,T4,Z4,AF4,AL4,AR4,AX4,BD4,BJ4,BP4,BV4,CB4,CH4,CN4,CT4,CZ4,DF4,DL4,DR4,DX4,ED4,EJ4,EP4,EV4,FB4) -> 2 | FJ4: =IFERROR(FH4/FI4," ") -> 4586111.2
A5: =Distribución_Reactivos!A5 -> 3 | B5: =Distribución_Reactivos!B5 -> Aceite de clavo | C5: =Distribución_Reactivos!C5 -> Cualquier marca | D5: =Distribución_Reactivos!D5 -> Frasco x 250ml | E5: 1 | F5: 205513 | G5: 202419 | H5: 292987.37 | I5: 0 | J5: 406149.97 | K5: 0 | L5: =AVERAGE(F5,H5,J5) -> 301550.11 | M5: =G5*1.03 -> 208491.57 | AF5: 250000 | AG5: =AF5*19% -> 47500 | AH5: =+AF5+AG5 -> 297500 | AR5: 504000 | AS5: =+AR5*0.19 -> 95760 | AT5: =+AR5+AS5 -> 599760 | AU5: Frasco x 100 ml | AV5: Santa Cruz Biotechnology | BV5: 311100 | BW5: =BV5*19% -> 59109 | BX5: =+BV5+BW5 -> 370209 | BY5: frasco x 250 ml | BZ5: ENTHOS | CB5: 365000 | CC5: =+CB5*19% -> 69350 | CD5: =+CC5+CB5 -> 434350 | CH5: 329766 | CI5: =+CH5*0.19 -> 62655.54 | CJ5: =+CH5+CI5 -> 392421.54 | CK5: frasco x 250 ml | CL5: ENTHOS | FH5: =SUM(M5,P5,V5,AB5,AH5,AN5,AT5,AZ5,BF5,BL5,BR5,BX5,CD5,CJ5,CP5,CV5,DB5,DH5,DN5,DT5,DZ5,EF5,EL5,ER5,EX5,FD5) -> 2302732.1 | FI5: =COUNTA(M5,N5,T5,Z5,AF5,AL5,AR5,AX5,BD5,BJ5,BP5,BV5,CB5,CH5,CN5,CT5,CZ5,DF5,DL5,DR5,DX5,ED5,EJ5,EP5,EV5,FB5) -> 6 | FJ5: =IFERROR(FH5/FI5," ") -> 383788.68
A6: =Distribución_Reactivos!A6 -> 4 | B6: =Distribución_Reactivos!B6 -> Aceite de inmersión | C6: =Distribución_Reactivos!C6 -> Cualquier marca | D6: =Distribución_Reactivos!D6 -> Frasco x 100ml | E6: 1 | F6: 173504.38 | G6: 37485 | H6: 105576.91 | I6: 80325 | J6: 111045.19 | K6: 114716 | L6: =AVERAGE(F6,H6,J6) -> 130042.16 | M6: =AVERAGE(G6,I6,K6)*1.03 -> 79833.927 | N6: 100500 | O6: =+N6*0.19 -> 19095 | P6: =+N6+O6 -> 119595 | Q6: Frasco x 100 ml. | R6: CARLO ERBA | AF6: 120000 | AG6: =AF6*19% -> 22800 | AH6: =+AF6+AG6 -> 142800 | AL6: 124000 | AM6: =+AL6*0.19 -> 23560 | AN6: =+AL6+AM6 -> 147560 | AO6: Frasco x 100ml | AP6: PANREAC | AR6: 122668 | AS6: =+AR6*0.19 -> 23306.92 | AT6: =+AR6+AS6 -> 145974.92 | AU6: Frasco x 100 ml | AV6: Panreac | BV6: 85700 | BW6: =BV6*19% -> 16283 | BX6: =+BV6+BW6 -> 101983 | BY6: frasco x 100 ml | BZ6: BIOQUIGEN | CB6: 45200 | CC6: =+CB6*19% -> 8588 | CD6: =+CC6+CB6 -> 53788 | CH6: 86557 | CI6: =+CH6*0.19 -> 16445.83 | CJ6: =+CH6+CI6 -> 103002.83 | CK6: frasco x 100 ml | CL6: BIOQUIGEN | FH6: =SUM(M6,P6,V6,AB6,AH6,AN6,AT6,AZ6,BF6,BL6,BR6,BX6,CD6,CJ6,CP6,CV6,DB6,DH6,DN6,DT6,DZ6,EF6,EL6,ER6,EX6,FD6) -> 894537.68 | FI6: =COUNTA(M6,N6,T6,Z6,AF6,AL6,AR6,AX6,BD6,BJ6,BP6,BV6,CB6,CH6,CN6,CT6,CZ6,DF6,DL6,DR6,DX6,ED6,EJ6,EP6,EV6,FB6) -> 8 | FJ6: =IFERROR(FH6/FI6," ") -> 111817.21
A7: =Distribución_Reactivos!A7 -> 5 | B7: =Distribución_Reactivos!B7 -> Aceite mineral | C7: =Distribución_Reactivos!C7 -> Cualquier marca | D7: =Distribución_Reactivos!D7 -> Frasco x 50ml | E7: 1 | F7: 0 | G7: 0 | H7: 24253.39 | I7: 0 | J7: 26775 | K7: 26180 | L7: =AVERAGE(H7,J7) -> 25514.195 | M7: =K7*1.03 -> 26965.4 | AF7: 22000 | AG7: =AF7*19% -> 4180 | AH7: =+AF7+AG7 -> 26180 | AL7: =35000/20 -> 1750 | AM7: =+AL7*0.19 -> 332.5 | AN7: =+AL7+AM7 -> 2082.5 | AO7: Frasco x 1 litro | AP7: CHEMI | AR7: 144000 | AS7: =+AR7*0.19 -> 27360 | AT7: =+AR7+AS7 -> 171360 | AU7: Frasco x 5 ml | AV7: Santa Cruz Biotechnology | BV7: 21800 | BW7: =BV7*19% -> 4142 | BX7: =+BV7+BW7 -> 25942 | BY7: frasco x 50 ml | BZ7: JULIAO | CB7: 15500 | CC7: =+CB7*19% -> 2945 | CD7: =+CC7+CB7 -> 18445 | CH7: 23108 | CI7: =+CH7*0.19 -> 4390.52 | CJ7: =+CH7+CI7 -> 27498.52 | CK7: frasco x 50 ml | CL7: JULIAO | CT7: 288750 | CU7: =+CT7*0 -> 0 | CV7: =+CT7+CU7 -> 288750 | FH7: =SUM(M7,P7,V7,AB7,AH7,AN7,AT7,AZ7,BF7,BL7,BR7,BX7,CD7,CJ7,CP7,CV7,DB7,DH7,DN7,DT7,DZ7,EF7,EL7,ER7,EX7,FD7) -> 587223.42 | FI7: =COUNTA(M7,N7,T7,Z7,AF7,AL7,AR7,AX7,BD7,BJ7,BP7,BV7,CB7,CH7,CN7,CT7,CZ7,DF7,DL7,DR7,DX7,ED7,EJ7,EP7,EV7,FB7) -> 8 | FJ7: =IFERROR(FH7/FI7," ") -> 73402.928
A8: =Distribución_Reactivos!A8 -> 6 | B8: =Distribución_Reactivos!B8 -> Acetato de amonio grado masas | C8: =Distribución_Reactivos!C8 -> LiChropur (número en catálogo Millipore-Sigma 73594) | D8: =Distribución_Reactivos!D8 -> Frasco x 100g | E8: 1 | F8: 2006533.4 | G8: 2006459 | H8: 1361631.6 | I8: 0 | J8: 1338434.7 | K8: 0 | L8: =AVERAGE(F8,H8,J8) -> 1568866.6 | M8: =G8*1.03 -> 2066652.8 | AR8: 136800 | AS8: =+AR8*0.19 -> 25992 | AT8: =+AR8+AS8 -> 162792 | AU8: Frasco x 100g | AV8: Santa Cruz Biotechnology | AW8: sc-203818 | BV8: 3507000 | BW8: =BV8*19% -> 666330 | BX8: =+BV8+BW8 -> 4173330 | BY8: frasco x 100 gr | BZ8: SIGMA | CT8: 175000 | CU8: 33250 | CV8: =+CT8+CU8 -> 208250 | CZ8: 2928300 | DA8: =+CZ8*0.19 -> 556377 | DB8: =+CZ8+DA8 -> 3484677 | DC8: 100g | DD8: Merck | DE8: 73594100GF | FH8: =SUM(M8,P8,V8,AB8,AH8,AN8,AT8,AZ8,BF8,BL8,BR8,BX8,CD8,CJ8,CP8,CV8,DB8,DH8,DN8,DT8,DZ8,EF8,EL8,ER8,EX8,FD8) -> 10095702 | FI8: =COUNTA(M8,N8,T8,Z8,AF8,AL8,AR8,AX8,BD8,BJ8,BP8,BV8,CB8,CH8,CN8,CT8,CZ8,DF8,DL8,DR8,DX8,ED8,EJ8,EP8,EV8,FB8) -> 5 | FJ8: =IFERROR(FH8/FI8," ") -> 2019140.4
A9: =Distribución_Reactivos!A9 -> 7 | B9: =Distribución_Reactivos!B9 -> Acetato de etilo grado masas | C9: =Distribución_Reactivos!C9 -> Sigma Aldrich / Merck / JT Baker o equivalente | D9: =Distribución_Reactivos!D9 -> Frasco x 1 litro | E9: 1 | F9: 0 | G9: 0 | H9: 351635.2 | I9: 0 | J9: 608328 | K9: 0 | L9: =AVERAGE(H9,J9) -> 479981.6 | AR9: 511200 | AS9: =+AR9*0.19 -> 97128 | AT9: =+AR9+AS9 -> 608328 | AU9: Frasco x 1 litro | AV9: Santa Cruz Biotechnology | BV9: 400300 | BW9: =BV9*19% -> 76057 | BX9: =+BV9+BW9 -> 476357 | BY9: frasco x 1 litro | BZ9: JT BAKER | CH9: 428321 | CI9: =+CH9*0.19 -> 81380.99 | CJ9: =+CH9+CI9 -> 509701.99 | CK9: frasco x 1 litro | CL9: JT BAKER | CZ9: 168276 | DA9: =+CZ9*0.19 -> 31972.44 | DB9: =+CZ9+DA9 -> 200248.44 | DC9: 1 LT | DD9: Merck | DE9: CTRM1008681000 | FH9: =SUM(M9,P9,V9,AB9,AH9,AN9,AT9,AZ9,BF9,BL9,BR9,BX9,CD9,CJ9,CP9,CV9,DB9,DH9,DN9,DT9,DZ9,EF9,EL9,ER9,EX9,FD9) -> 1794635.4 | FI9: =COUNTA(M9,N9,T9,Z9,AF9,AL9,AR9,AX9,BD9,BJ9,BP9,BV9,CB9,CH9,CN9,CT9,CZ9,DF9,DL9,DR9,DX9,ED9,EJ9,EP9,EV9,FB9) -> 4 | FJ9: =IFERROR(FH9/FI9," ") -> 448658.86
A10: =Distribución_Reactivos!A10 -> 8 | B10: =Distribución_Reactivos!B10 -> Acetato de etilo para análisis de residuos | C10: =Distribución_Reactivos!C10 -> Sigma Aldrich / Merck / JT Baker o equivalente | D10: =Distribución_Reactivos!D10 -> Frasco x 4 litros | E10: 1 | F10: 542283 | G10: 525980 | H10: 550966.13 | I10: 550851 | J10: 484389.5 | K10: 490875 | L10: =AVERAGE(F10,H10,J10) -> 525879.54 | M10: =AVERAGE(G10,I10,K10)*1.03 -> 538245.73 | AX10: 438013.43 | AY10: =+AX10*0.19 -> 83222.551 | AZ10: =+AX10+AY10 -> 521235.98 | BA10: Frasco x 4 litros | BB10: JT Baker | BV10: 1068000 | BW10: =BV10*19% -> 202920 | BX10: =+BV10+BW10 -> 1270920 | BY10: frasco x 4 litros | BZ10: ACROS ORGANICS | CH10: 1100040 | CI10: =+CH10*0.19 -> 209007.6 | CJ10: =+CH10+CI10 -> 1309047.6 | CK10: frasco x 4 litros | CL10: ACROS ORGANICS | CZ10: 444690 | DA10: =+CZ10*0.19 -> 84491.1 | DB10: =+CZ10+DA10 -> 529181.1 | DC10: 4 LT | DD10: Merck | DE10: CTR1096234000 | FH10: =SUM(M10,P10,V10,AB10,AH10,AN10,AT10,AZ10,BF10,BL10,BR10,BX10,CD10,CJ10,CP10,CV10,DB10,DH10,DN10,DT10,DZ10,EF10,EL10,ER10,EX10,FD10) -> 4168630.4 | FI10: =COUNTA(M10,N10,T10,Z10,AF10,AL10,AR10,AX10,BD10,BJ10,BP10,BV10,CB10,CH10,CN10,CT10,CZ10,DF10,DL10,DR10,DX10,ED10,EJ10,EP10,EV10,FB10) -> 5 | FJ10: =IFERROR(FH10/FI10," ") -> 833726.08
A11: =Distribución_Reactivos!A11 -> 9 | B11: =Distribución_Reactivos!B11 -> Acetato de potasio | C11: =Distribución_Reactivos!C11 -> Merck | D11: =Distribución_Reactivos!D11 -> Frasco x 500 o 1Kg | E11: 1 | F11: 247573.55 | G11: 0 | H11: 509377.15 | I11: 0 | J11: 0 | K11: 0 | L11: =AVERAGE(F11,H11) -> 378475.35 | AL11: 230000 | AM11: =+AL11*0.19 -> 43700 | AN11: =+AL11+AM11 -> 273700 | AO11: Frasco x 500g | AP11: PANREAC | AR11: 288000 | AS11: =+AR11*0.19 -> 54720 | AT11: =+AR11+AS11 -> 342720 | AU11: Frasco x 500g | AV11: Santa Cruz Biotechnology | BV11: 644000 | BW11: =BV11*19% -> 122360 | BX11: =+BV11+BW11 -> 766360 | BY11: frasco x 500 gr | BZ11: PANREAC | CH11: 676200 | CI11: =+CH11*0.19 -> 128478 | CJ11: =+CH11+CI11 -> 804678 | CK11: frasco x 500 gr | CL11: PANREAC | CT11: 678333.33 | CU11: 128883.33 | CV11: =+CT11+CU11 -> 807216.67 | CZ11: 255172 | DA11: =+CZ11*0.19 -> 48482.68 | DB11: =+CZ11+DA11 -> 303654.68 | DC11: 500g | DD11: Merck | DE11: P236497500G | FH11: =SUM(M11,P11,V11,AB11,AH11,AN11,AT11,AZ11,BF11,BL11,BR11,BX11,CD11,CJ11,CP11,CV11,DB11,DH11,DN11,DT11,DZ11,EF11,EL11,ER11,EX11,FD11) -> 3298329.3 | FI11: =COUNTA(M11,N11,T11,Z11,AF11,AL11,AR11,AX11,BD11,BJ11,BP11,BV11,CB11,CH11,CN11,CT11,CZ11,DF11,DL11,DR11,DX11,ED11,EJ11,EP11,EV11,FB11) -> 6 | FJ11: =IFERROR(FH11/FI11," ") -> 549721.56
A12: =Distribución_Reactivos!A12 -> 10 | B12: =Distribución_Reactivos!B12 -> Acetato de sodio anhidro | C12: =Distribución_Reactivos!C12 -> Cualquier marca | D12: =Distribución_Reactivos!D12 -> Frasco x 500g | E12: 1 | F12: 275083.29 | G12: 261324 | H12: 288452.07 | I12: 128520 | J12: 326718.27 | K12: 329511 | L12: =AVERAGE(F12,H12,J12) -> 296751.21 | M12: =AVERAGE(G12,I12,K12)*1.03 -> 246978.55 | AF12: 300000 | AG12: =AF12*19% -> 57000 | AH12: =+AF12+AG12 -> 357000 | AL12: 254000 | AM12: =+AL12*0.19 -> 48260 | AN12: =+AL12+AM12 -> 302260 | AO12: Frasco x 500g | AP12: PANREAC | AR12: =201600*2 -> 403200 | AS12: =+AR12*0.19 -> 76608 | AT12: =+AR12+AS12 -> 479808 | AU12: Frasco x 250g | AV12: Santa Cruz Biotechnology | AX12: 153293.76 | AY12: =+AX12*0.19 -> 29125.814 | AZ12: =+AX12+AY12 -> 182419.57 | BA12: Frasco x 500g | BB12: JT Baker | BV12: 347600 | BW12: =BV12*19% -> 66044 | BX12: =+BV12+BW12 -> 413644 | BY12: frasco x 500 gr | BZ12: JT BAKER | CB12: 206000 | CC12: =+CB12*19% -> 39140 | CD12: =+CC12+CB12 -> 245140 | CH12: 364980 | CI12: =+CH12*0.19 -> 69346.2 | CJ12: =+CH12+CI12 -> 434326.2 | CK12: frasco x 500 gr | CL12: JT BAKER | CT12: 136000 | CU12: 25840 | CV12: =+CT12+CU12 -> 161840 | FH12: =SUM(M12,P12,V12,AB12,AH12,AN12,AT12,AZ12,BF12,BL12,BR12,BX12,CD12,CJ12,CP12,CV12,DB12,DH12,DN12,DT12,DZ12,EF12,EL12,ER12,EX12,FD12) -> 2823416.3 | FI12: =COUNTA(M12,N12,T12,Z12,AF12,AL12,AR12,AX12,BD12,BJ12,BP12,BV12,CB12,CH12,CN12,CT12,CZ12,DF12,DL12,DR12,DX12,ED12,EJ12,EP12,EV12,FB12) -> 9 | FJ12: =IFERROR(FH12/FI12," ") -> 313712.92
A13: =Distribución_Reactivos!A13 -> 11 | B13: =Distribución_Reactivos!B13 -> Ácetato de zinc di hidratado | C13: =Distribución_Reactivos!C13 -> Cualquier marca | D13: =Distribución_Reactivos!D13 -> Frasco x 250 g | E13: 1 | F13: 0 | G13: 0 | H13: 0 | I13: 0 | J13: 359383.97 | K13: 335342 | L13: =J13 -> 359383.97 | M13: =K13*1.03 -> 345402.26 | AL13: =298000/2 -> 149000 | AM13: =+AL13*0.19 -> 28310 | AN13: =+AL13+AM13 -> 177310 | AO13: Frasco x 500g | AP13: PANREAC | BV13: 382600 | BW13: =BV13*19% -> 72694 | BX13: =+BV13+BW13 -> 455294 | BY13: frasco x 250 gr | BZ13: JT BAKER | CB13: 236000 | CC13: =+CB13*19% -> 44840 | CD13: =+CC13+CB13 -> 280840 | CH13: 401730 | CI13: =+CH13*0.19 -> 76328.7 | CJ13: =+CH13+CI13 -> 478058.7 | CK13: frasco x 250 gr | CL13: JT BAKER | CT13: 338000 | CU13: 64220 | CV13: =+CT13+CU13 -> 402220 | CZ13: 110897 | DA13: =+CZ13*0.19 -> 21070.43 | DB13: =+CZ13+DA13 -> 131967.43 | DC13: 250 G | DD13: Merck | DE13: 1088020250 | FH13: =SUM(M13,P13,V13,AB13,AH13,AN13,AT13,AZ13,BF13,BL13,BR13,BX13,CD13,CJ13,CP13,CV13,DB13,DH13,DN13,DT13,DZ13,EF13,EL13,ER13,EX13,FD13) -> 2271092.4 | FI13: =COUNTA(M13,N13,T13,Z13,AF13,AL13,AR13,AX13,BD13,BJ13,BP13,BV13,CB13,CH13,CN13,CT13,CZ13,DF13,DL13,DR13,DX13,ED13,EJ13,EP13,EV13,FB13) -> 7 | FJ13: =IFERROR(FH13/FI13," ") -> 324441.77
A14: =Distribución_Reactivos!A14 -> 12 | B14: =Distribución_Reactivos!B14 -> Acetona grado reactivo | C14: =Distribución_Reactivos!C14 -> Merck, JT Baker, Mallinckrodt, Scharlau | D14: =Distribución_Reactivos!D14 -> Frasco x 4 litros | E14: 1 | F14: 248276.5 | G14: 239547 | H14: 292904.21 | I14: 292859 | J14: 294171.98 | K14: 325465 | L14: =AVERAGE(F14,H14,J14) -> 278450.9 | M14: =AVERAGE(G14,I14,K14)*1.03 -> 294535.71 | AL14: 265000 | AM14: =+AL14*0.19 -> 50350 | AN14: =+AL14+AM14 -> 315350 | AO14: Frasco x 5 litro | AP14: PANREAC | AX14: 373837.68 | AY14: =+AX14*0.19 -> 71029.159 | AZ14: =+AX14+AY14 -> 444866.84 | BA14: Frasco x 4 litros | BB14: JT Baker | BV14: 281400 | BW14: =BV14*19% -> 53466 | BX14: =+BV14+BW14 -> 334866 | BY14: frasco x 4 litros | BZ14: JT BAKER | CH14: 295470 | CI14: =+CH14*0.19 -> 56139.3 | CJ14: =+CH14+CI14 -> 351609.3 | CK14: frasco x 4 litros | CL14: JT BAKER | CT14: 538000 | CU14: 102220 | CV14: =+CT14+CU14 -> 640220 | CZ14: 153931 | DA14: =+CZ14*0.19 -> 29246.89 | DB14: =+CZ14+DA14 -> 183177.89 | DC14: 4LT | DD14: Merck | DE14: CTRM1000144000 | FH14: =SUM(M14,P14,V14,AB14,AH14,AN14,AT14,AZ14,BF14,BL14,BR14,BX14,CD14,CJ14,CP14,CV14,DB14,DH14,DN14,DT14,DZ14,EF14,EL14,ER14,EX14,FD14) -> 2564625.7 | FI14: =COUNTA(M14,N14,T14,Z14,AF14,AL14,AR14,AX14,BD14,BJ14,BP14,BV14,CB14,CH14,CN14,CT14,CZ14,DF14,DL14,DR14,DX14,ED14,EJ14,EP14,EV14,FB14) -> 7 | FJ14: =IFERROR(FH14/FI14," ") -> 366375.11
A15: =Distribución_Reactivos!A15 -> 13 | B15: =Distribución_Reactivos!B15 -> Acetona HPLC con certificado de analisis y ficha de seguridad. | C15: =Distribución_Reactivos!C15 -> Merck, JT Baker, Mallinckrodt, Scharlau o equivalente | D15: =Distribución_Reactivos!D15 -> Frasco x 4 litros | E15: 1 | F15: 0 | G15: 0 | H15: 0 | I15: 0 | J15: 0 | K15: 0 | AF15: 725000 | AG15: =AF15*19% -> 137750 | AH15: =+AF15+AG15 -> 862750 | AL15: 590000 | AM15: =+AL15*0.19 -> 112100 | AN15: =+AL15+AM15 -> 702100 | AO15: Frasco x 4 litro | AP15: PANREAC | AX15: 823237.47 | AY15: =+AX15*0.19 -> 156415.12 | AZ15: =+AX15+AY15 -> 979652.59 | BA15: Frasco x 4 litros | BB15: JT Baker | BV15: 726600 | BW15: =BV15*19% -> 138054 | BX15: =+BV15+BW15 -> 864654 | BY15: frasco x 4 litros | BZ15: JT BAKER | CH15: 733866 | CI15: =+CH15*0.19 -> 139434.54 | CJ15: =+CH15+CI15 -> 873300.54 | CK15: frasco x 4 litros | CL15: JT BAKER | CT15: 305000 | CU15: 57950 | CV15: =+CT15+CU15 -> 362950 | CZ15: 414344 | DA15: =+CZ15*0.19 -> 78725.36 | DB15: =+CZ15+DA15 -> 493069.36 | DC15: 4 Lts | DD15: Merck | DE15: CTRM1000204000 | FH15: =SUM(M15,P15,V15,AB15,AH15,AN15,AT15,AZ15,BF15,BL15,BR15,BX15,CD15,CJ15,CP15,CV15,DB15,DH15,DN15,DT15,DZ15,EF15,EL15,ER15,EX15,FD15) -> 5138476.5 | FI15: =COUNTA(M15,N15,T15,Z15,AF15,AL15,AR15,AX15,BD15,BJ15,BP15,BV15,CB15,CH15,CN15,CT15,CZ15,DF15,DL15,DR15,DX15,ED15,EJ15,EP15,EV15,FB15) -> 7 | FJ15: =IFERROR(FH15/FI15," ") -> 734068.07
A16: =Distribución_Reactivos!A16 -> 14 | B16: =Distribución_Reactivos!B16 -> Acetonitrilo grado HPLC con certificado de analisis y ficha de seguridad. | C16: =Distribución_Reactivos!C16 -> Cualquier marca | D16: =Distribución_Reactivos!D16 -> Frasco x 4 litros | E16: 1 | F16: 0 | G16: 0 | H16: 0 | I16: 0 | J16: 0 | K16: 0 | AF16: 290000 | AG16: =AF16*19% -> 55100 | AH16: =+AF16+AG16 -> 345100 | AL16: 297000 | AM16: =+AL16*0.19 -> 56430 | AN16: =+AL16+AM16 -> 353430 | AO16: Frasco x 4 litro | AP16: PANREAC | AR16: 281534 | AS16: =+AR16*0.19 -> 53491.46 | AT16: =+AR16+AS16 -> 335025.46 | AU16: Frasco x 4 litros | AV16: PANREAC | BV16: 349400 | BW16: =BV16*19% -> 66386 | BX16: =+BV16+BW16 -> 415786 | BY16: frasco x 4 litros | BZ16: JT BAKER | CB16: 199800 | CC16: =+CB16*19% -> 37962 | CD16: =+CC16+CB16 -> 237762 | CH16: 370364 | CI16: =+CH16*0.19 -> 70369.16 | CJ16: =+CH16+CI16 -> 440733.16 | CK16: frasco x 4 litros | CL16: JT BAKER | CT16: 444000 | CU16: =+CT16*0 -> 0 | CV16: =+CT16+CU16 -> 444000 | CZ16: 312828 | DA16: =+CZ16*0.19 -> 59437.32 | DB16: =+CZ16+DA16 -> 372265.32 | DC16: 4 LT | DD16: Merck | DE16: 1000304000 | FH16: =SUM(M16,P16,V16,AB16,AH16,AN16,AT16,AZ16,BF16,BL16,BR16,BX16,CD16,CJ16,CP16,CV16,DB16,DH16,DN16,DT16,DZ16,EF16,EL16,ER16,EX16,FD16) -> 2944101.9 | FI16: =COUNTA(M16,N16,T16,Z16,AF16,AL16,AR16,AX16,BD16,BJ16,BP16,BV16,CB16,CH16,CN16,CT16,CZ16,DF16,DL16,DR16,DX16,ED16,EJ16,EP16,EV16,FB16) -> 8 | FJ16: =IFERROR(FH16/FI16," ") -> 368012.74
A17: =Distribución_Reactivos!A17 -> 15 | B17: =Distribución_Reactivos!B17 -> Acetonitrilo grado reactivo con certificado de analisis y ficha de seguridad. | C17: =Distribución_Reactivos!C17 -> Merck o JT Baker | D17: =Distribución_Reactivos!D17 -> Frasco x 4 litros | E17: 1 | F17: 0 | G17: 0 | H17: 0 | I17: 0 | J17: 0 | K17: 0 | AF17: 398000 | AG17: =AF17*19% -> 75620 | AH17: =+AF17+AG17 -> 473620 | BV17: 800500 | BW17: =BV17*19% -> 152095 | BX17: =+BV17+BW17 -> 952595 | BY17: frasco x 4 litros | BZ17: JT BAKER | CT17: 842500 | CU17: =+CT17*0 -> 0 | CV17: =+CT17+CU17 -> 842500 | CZ17: 228966 | DA17: =+CZ17*0.19 -> 43503.54 | DB17: =+CZ17+DA17 -> 272469.54 | DC17: 4LT | DD17: Merck | DE17: 1000034000 | FH17: =SUM(M17,P17,V17,AB17,AH17,AN17,AT17,AZ17,BF17,BL17,BR17,BX17,CD17,CJ17,CP17,CV17,DB17,DH17,DN17,DT17,DZ17,EF17,EL17,ER17,EX17,FD17) -> 2541184.5 | FI17: =COUNTA(M17,N17,T17,Z17,AF17,AL17,AR17,AX17,BD17,BJ17,BP17,BV17,CB17,CH17,CN17,CT17,CZ17,DF17,DL17,DR17,DX17,ED17,EJ17,EP17,EV17,FB17) -> 4 | FJ17: =IFERROR(FH17/FI17," ") -> 635296.14
A18: =Distribución_Reactivos!A18 -> 16 | B18: =Distribución_Reactivos!B18 -> Acetonitrilo LC/MS con certificado de analisis y ficha de seguridad. | C18: =Distribución_Reactivos!C18 -> Merck o JT Baker o equivalente | D18: =Distribución_Reactivos!D18 -> Frasco x 2.5 litros | E18: 1 | F18: 0 | G18: 0 | H18: 0 | I18: 0 | J18: 0 | K18: 0 | BV18: 1920000 | BW18: =BV18*19% -> 364800 | BX18: =+BV18+BW18 -> 2284800 | BY18: frasco x 2.5 litros | BZ18: MERCK | CT18: 175000 | CU18: 8750 | CV18: =+CT18+CU18 -> 183750 | CZ18: 410483 | DA18: =+CZ18*0.19 -> 77991.77 | DB18: =+CZ18+DA18 -> 488474.77 | DC18: 2.5 L | DD18: Merck | DE18: 1000292500 | FH18: =SUM(M18,P18,V18,AB18,AH18,AN18,AT18,AZ18,BF18,BL18,BR18,BX18,CD18,CJ18,CP18,CV18,DB18,DH18,DN18,DT18,DZ18,EF18,EL18,ER18,EX18,FD18) -> 2957024.8 | FI18: =COUNTA(M18,N18,T18,Z18,AF18,AL18,AR18,AX18,BD18,BJ18,BP18,BV18,CB18,CH18,CN18,CT18,CZ18,DF18,DL18,DR18,DX18,ED18,EJ18,EP18,EV18,FB18) -> 3 | FJ18: =IFERROR(FH18/FI18," ") -> 985674.92
A19: =Distribución_Reactivos!A19 -> 17 | B19: =Distribución_Reactivos!B19 -> Ácido acético glacial 96% PA con certificado y ficha de seguridad | C19: =Distribución_Reactivos!C19 -> Cualquier marca | D19: =Distribución_Reactivos!D19 -> Frasco x 2.5 litros | E19: 1 | F19: 191114 | G19: 183379 | H19: 277191.14 | I19: 277151 | J19: 203348.42 | K19: 198254 | L19: =AVERAGE(F19,H19,J19) -> 223884.52 | M19: =AVERAGE(G19,I19,K19)*1.03 -> 226182.51 | AF19: 190000 | AG19: =AF19*19% -> 36100 | AH19: =+AF19+AG19 -> 226100 | AL19: 189000 | AM19: =+AL19*0.19 -> 35910 | AN19: =+AL19+AM19 -> 224910 | AO19: Frasco x 2,5 litro | AP19: PANREAC | AR19: 179980 | AS19: =+AR19*0.19 -> 34196.2 | AT19: =+AR19+AS19 -> 214176.2 | AU19: Frasco x 2,5 litro | AV19: PANREAC | AX19: 260576.73 | AY19: =+AX19*0.19 -> 49509.579 | AZ19: =+AX19+AY19 -> 310086.31 | BA19: Frasco x 2,5 litros | BB19: JT Baker | BV19: 296800 | BW19: =BV19*19% -> 56392 | BX19: =+BV19+BW19 -> 353192 | BY19: frasco x 2.5 litros | BZ19: MERCK | CB19: 128250 | CC19: =+CB19*19% -> 24367.5 | CD19: =+CC19+CB19 -> 152617.5 | CH19: 317576 | CI19: =+CH19*0.19 -> 60339.44 | CJ19: =+CH19+CI19 -> 377915.44 | CK19: frasco x 2.5 litros | CL19: MERCK | CT19: 416666.67 | CU19: 79166.667 | CV19: =+CT19+CU19 -> 495833.33 | CZ19: 142345 | DA19: =+CZ19*0.19 -> 27045.55 | DB19: =+CZ19+DA19 -> 169390.55 | DC19: 2.5 L | DD19: Merck | DE19: 1000622500 | FH19: =SUM(M19,P19,V19,AB19,AH19,AN19,AT19,AZ19,BF19,BL19,BR19,BX19,CD19,CJ19,CP19,CV19,DB19,DH19,DN19,DT19,DZ19,EF19,EL19,ER19,EX19,FD19) -> 2750403.8 | FI19: =COUNTA(M19,N19,T19,Z19,AF19,AL19,AR19,AX19,BD19,BJ19,BP19,BV19,CB19,CH19,CN19,CT19,CZ19,DF19,DL19,DR19,DX19,ED19,EJ19,EP19,EV19,FB19) -> 10 | FJ19: =IFERROR(FH19/FI19," ") -> 275040.38
A20: =Distribución_Reactivos!A20 -> 18 | B20: =Distribución_Reactivos!B20 -> Ácido bórico | C20: =Distribución_Reactivos!C20 -> Cualquier marca (Panreac, Merck, JT Baker o equivalente. | D20: =Distribución_Reactivos!D20 -> Frasco x 1Kg | E20: 1 | F20: 277448.5 | G20: 273224 | H20: 265023.19 | I20: 265013 | J20: 324258.88 | K20: 311780 | L20: =AVERAGE(F20,H20,J20) -> 288910.19 | M20: =AVERAGE(G20,I20,K20)*1.03 -> 291839.17 | AF20: 250000 | AG20: =AF20*19% -> 47500 | AH20: =+AF20+AG20 -> 297500 | AL20: 260000 | AM20: =+AL20*0.19 -> 49400 | AN20: =+AL20+AM20 -> 309400 | AO20: Frasco x 1Kg | AP20: PANREAC | AR20: 468000 | AS20: =+AR20*0.19 -> 88920 | AT20: =+AR20+AS20 -> 556920 | AU20: Frasco x 500g | AV20: Santa Cruz Biotechnology | BV20: 297600 | BW20: =BV20*19% -> 56544 | BX20: =+BV20+BW20 -> 354144 | BY20: frasco x 1kg | BZ20: JT BAKER | CB20: 188000 | CC20: =+CB20*19% -> 35720 | CD20: =+CC20+CB20 -> 223720 | CH20: 300576 | CI20: =+CH20*0.19 -> 57109.44 | CJ20: =+CH20+CI20 -> 357685.44 | CK20: frasco x 1kg | CL20: JT BAKER | CT20: 995520 | CU20: 189148.8 | CV20: =+CT20+CU20 -> 1184668.8 | CZ20: 179310 | DA20: =+CZ20*0.19 -> 34068.9 | DB20: =+CZ20+DA20 -> 213378.9 | DC20: 100g | DD20: Merck | DE20: 1004680100 | FH20: =SUM(M20,P20,V20,AB20,AH20,AN20,AT20,AZ20,BF20,BL20,BR20,BX20,CD20,CJ20,CP20,CV20,DB20,DH20,DN20,DT20,DZ20,EF20,EL20,ER20,EX20,FD20) -> 3789256.3 | FI20: =COUNTA(M20,N20,T20,Z20,AF20,AL20,AR20,AX20,BD20,BJ20,BP20,BV20,CB20,CH20,CN20,CT20,CZ20,DF20,DL20,DR20,DX20,ED20,EJ20,EP20,EV20,FB20) -> 9 | FJ20: =IFERROR(FH20/FI20," ") -> 421028.48
A21: =Distribución_Reactivos!A21 -> 19 | B21: =Distribución_Reactivos!B21 -> Ácido cítrico monohidratado | C21: =Distribución_Reactivos!C21 -> Merck, Carlo Erba, Scharlau, JT Baker | D21: =Distribución_Reactivos!D21 -> Frasco x 1Kg | E21: 1 | F21: 384951.91 | G21: 371399 | H21: 374396.3 | I21: 374374 | J21: 307766.34 | K21: 357000 | L21: =AVERAGE(F21,H21,J21) -> 355704.85 | M21: =AVERAGE(G21,I21,K21)*1.03 -> 378618.73 | AF21: 400000 | AG21: =AF21*19% -> 76000 | AH21: =+AF21+AG21 -> 476000 | AL21: 321000 | AM21: =+AL21*0.19 -> 60990 | AN21: =+AL21+AM21 -> 381990 | AO21: Frasco x 1Kg | AP21: PANREAC | AR21: 273600 | AS21: =+AR21*0.19 -> 51984 | AT21: =+AR21+AS21 -> 325584 | AU21: Frasco x 500g | AV21: Santa Cruz Biotechnology | AX21: 184944.69 | AY21: =+AX21*0.19 -> 35139.491 | AZ21: =+AX21+AY21 -> 220084.18 | BA21: Frasco x 1kg | BB21: JT Baker | BV21: 480000 | BW21: =BV21*19% -> 91200 | BX21: =+BV21+BW21 -> 571200 | BY21: frasco x 1kg | BZ21: MERCK | CH21: 508800 | CI21: =+CH21*0.19 -> 96672 | CJ21: =+CH21+CI21 -> 605472 | CK21: frasco x 1kg | CL21: MERCK | CT21: 995520 | CU21: 189148.8 | CV21: =+CT21+CU21 -> 1184668.8 | CZ21: 229517 | DA21: =+CZ21*0.19 -> 43608.23 | DB21: =+CZ21+DA21 -> 273125.23 | DC21: 1 Kg | DD21: Merck | DE21: 1002441000 | FH21: =SUM(M21,P21,V21,AB21,AH21,AN21,AT21,AZ21,BF21,BL21,BR21,BX21,CD21,CJ21,CP21,CV21,DB21,DH21,DN21,DT21,DZ21,EF21,EL21,ER21,EX21,FD21) -> 4416742.9 | FI21: =COUNTA(M21,N21,T21,Z21,AF21,AL21,AR21,AX21,BD21,BJ21,BP21,BV21,CB21,CH21,CN21,CT21,CZ21,DF21,DL21,DR21,DX21,ED21,EJ21,EP21,EV21,FB21) -> 9 | FJ21: =IFERROR(FH21/FI21," ") -> 490749.22
A22: =Distribución_Reactivos!A22 -> 20 | B22: =Distribución_Reactivos!B22 -> Ácido clorhídrico 37 - 38% | C22: =Distribución_Reactivos!C22 -> Merck, JT Baker, Scharlau o equivalente. | D22: =Distribución_Reactivos!D22 -> Frasco x 2.5 litros | E22: 1 | F22: 175229.2 | G22: 174930 | H22: 159205.28 | I22: 0 | J22: 211073.67 | K22: 190876 | L22: =AVERAGE(F22,H22,J22) -> 181836.05 | M22: =AVERAGE(G22,K22)*1.03 -> 188390.09 | AF22: 138000 | AG22: =AF22*19% -> 26220 | AH22: =+AF22+AG22 -> 164220 | AL22: 149000 | AM22: =+AL22*0.19 -> 28310 | AN22: =+AL22+AM22 -> 177310 | AO22: Frasco x 2,5 litro | AP22: PANREAC | BV22: 130500 | BW22: =BV22*19% -> 24795 | BX22: =+BV22+BW22 -> 155295 | BY22: frasco x 2.5 litros | BZ22: JT BAKER | CH22: 138330 | CI22: =+CH22*0.19 -> 26282.7 | CJ22: =+CH22+CI22 -> 164612.7 | CK22: frasco x 2.5 litros | CL22: JT BAKER | CT22: 250240 | CU22: 47545.6 | CV22: =+CT22+CU22 -> 297785.6 | CZ22: 99862 | DA22: =+CZ22*0.19 -> 18973.78 | DB22: =+CZ22+DA22 -> 118835.78 | DC22: 2.5 l | DD22: Merck | DE22: CTR1003172500 | FH22: =SUM(M22,P22,V22,AB22,AH22,AN22,AT22,AZ22,BF22,BL22,BR22,BX22,CD22,CJ22,CP22,CV22,DB22,DH22,DN22,DT22,DZ22,EF22,EL22,ER22,EX22,FD22) -> 1266449.2 | FI22: =COUNTA(M22,N22,T22,Z22,AF22,AL22,AR22,AX22,BD22,BJ22,BP22,BV22,CB22,CH22,CN22,CT22,CZ22,DF22,DL22,DR22,DX22,ED22,EJ22,EP22,EV22,FB22) -> 7 | FJ22: =IFERROR(FH22/FI22," ") -> 180921.31
A23: =Distribución_Reactivos!A23 -> 21 | B23: =Distribución_Reactivos!B23 -> Ácido fórmico 98-100 % pureza, con certificado de análisis y ficha de seguridad | C23: =Distribución_Reactivos!C23 -> Cualquier marca | D23: =Distribución_Reactivos!D23 -> Frasco x 2.5 litros | E23: 1 | F23: 0 | G23: 0 | H23: 1120997.6 | I23: 197540 | J23: 333332.91 | K23: 315350 | L23: =AVERAGE(H23,J23) -> 727165.23 | M23: =AVERAGE(I23,K23)*1.03 -> 264138.35 | AF23: 260000 | AG23: =AF23*19% -> 49400 | AH23: =+AF23+AG23 -> 309400 | AL23: 276000 | AM23: =+AL23*0.19 -> 52440 | AN23: =+AL23+AM23 -> 328440 | AO23: Frasco x 2,5 litro | AP23: PANREAC | AR23: 271479 | AS23: =+AR23*0.19 -> 51581.01 | AT23: =+AR23+AS23 -> 323060.01 | AU23: Frasco x 2,5 litros | AV23: PANREAC | BV23: 404200 | BW23: =BV23*19% -> 76798 | BX23: =+BV23+BW23 -> 480998 | BY23: frasco x 2.5 litros | BZ23: MERCK | CH23: 416326 | CI23: =+CH23*0.19 -> 79101.94 | CJ23: =+CH23+CI23 -> 495427.94 | CK23: frasco x 2.5 litros | CL23: MERCK | CT23: 244800 | CU23: 46512 | CV23: =+CT23+CU23 -> 291312 | FH23: =SUM(M23,P23,V23,AB23,AH23,AN23,AT23,AZ23,BF23,BL23,BR23,BX23,CD23,CJ23,CP23,CV23,DB23,DH23,DN23,DT23,DZ23,EF23,EL23,ER23,EX23,FD23) -> 2492776.3 | FI23: =COUNTA(M23,N23,T23,Z23,AF23,AL23,AR23,AX23,BD23,BJ23,BP23,BV23,CB23,CH23,CN23,CT23,CZ23,DF23,DL23,DR23,DX23,ED23,EJ23,EP23,EV23,FB23) -> 7 | FJ23: =IFERROR(FH23/FI23," ") -> 356110.9
A24: =Distribución_Reactivos!A24 -> 22 | B24: =Distribución_Reactivos!B24 -> Acido formico para LC-MS certificado de análisis y ficha de seguridad | C24: =Distribución_Reactivos!C24 -> Cualquier marca | D24: =Distribución_Reactivos!D24 -> Frasco 50 mL | E24: 1 | F24: 0 | G24: 0 | H24: 0 | I24: 0 | J24: 0 | K24: 0 | AX24: 553735.82 | AY24: =+AX24*0.19 -> 105209.81 | AZ24: =+AX24+AY24 -> 658945.63 | BA24: Frasco x 2,5 litros | BB24: JT Baker | BV24: 454100 | BW24: =BV24*19% -> 86279 | BX24: =+BV24+BW24 -> 540379 | BY24: frasco 50 ml | BZ24: MERCK | CH24: 463182 | CI24: =+CH24*0.19 -> 88004.58 | CJ24: =+CH24+CI24 -> 551186.58 | CK24: frasco 50 ml | CL24: MERCK | CT24: 342720 | CU24: 65116.8 | CV24: =+CT24+CU24 -> 407836.8 | FH24: =SUM(M24,P24,V24,AB24,AH24,AN24,AT24,AZ24,BF24,BL24,BR24,BX24,CD24,CJ24,CP24,CV24,DB24,DH24,DN24,DT24,DZ24,EF24,EL24,ER24,EX24,FD24) -> 2158348 | FI24: =COUNTA(M24,N24,T24,Z24,AF24,AL24,AR24,AX24,BD24,BJ24,BP24,BV24,CB24,CH24,CN24,CT24,CZ24,DF24,DL24,DR24,DX24,ED24,EJ24,EP24,EV24,FB24) -> 4 | FJ24: =IFERROR(FH24/FI24," ") -> 539587
A25: =Distribución_Reactivos!A25 -> 23 | B25: =Distribución_Reactivos!B25 -> Ácido fosfomolibdico solución 2% | C25: =Distribución_Reactivos!C25 -> Sigma Aldrich / Merck / JT Baker | D25: =Distribución_Reactivos!D25 -> Frasco x 25g | E25: 1 | F25: 0 | G25: 0 | H25: 1372129.5 | I25: 0 | J25: 1374436.9 | K25: 0 | L25: =AVERAGE(H25,J25) -> 1373283.2 | AL25: 1250000 | AM25: =+AL25*0.19 -> 237500 | AN25: =+AL25+AM25 -> 1487500 | AO25: Frasco x 100g | AP25: PANREAC | AR25: =893871/4 -> 223467.75 | AS25: =+AR25*0.19 -> 42458.872 | AT25: =+AR25+AS25 -> 265926.62 | AU25: Frasco x 100g | AV25: PANREAC | BV25: 3194800 | BW25: =BV25*19% -> 607012 | BX25: =+BV25+BW25 -> 3801812 | BY25: frasco x 25 gr | BZ25: JT BAKER | CT25: 369920 | CU25: 70284.8 | CV25: =+CT25+CU25 -> 440204.8 | CZ25: 342621 | DA25: =+CZ25*0.19 -> 65097.99 | DB25: =+CZ25+DA25 -> 407718.99 | DC25: BOTELLA/25g | DD25: Merck | DE25: 1005320025 | FH25: =SUM(M25,P25,V25,AB25,AH25,AN25,AT25,AZ25,BF25,BL25,BR25,BX25,CD25,CJ25,CP25,CV25,DB25,DH25,DN25,DT25,DZ25,EF25,EL25,ER25,EX25,FD25) -> 6403162.4 | FI25: =COUNTA(M25,N25,T25,Z25,AF25,AL25,AR25,AX25,BD25,BJ25,BP25,BV25,CB25,CH25,CN25,CT25,CZ25,DF25,DL25,DR25,DX25,ED25,EJ25,EP25,EV25,FB25) -> 5 | FJ25: =IFERROR(FH25/FI25," ") -> 1280632.5
A26: =Distribución_Reactivos!A26 -> 24 | B26: =Distribución_Reactivos!B26 -> Ácido fosfotúngstico | C26: =Distribución_Reactivos!C26 -> Sigma Aldrich / Merck / JT Baker | D26: =Distribución_Reactivos!D26 -> Frasco x 25g | E26: 1 | F26: 0 | G26: 0 | H26: 661045 | I26: 0 | J26: 0 | K26: 0 | L26: =H26 -> 661045 | BV26: 1151600 | BW26: =BV26*19% -> 218804 | BX26: =+BV26+BW26 -> 1370404 | BY26: frasco x 25gr | BZ26: JT BAKER | CH26: 1220696 | CI26: =+CH26*0.19 -> 231932.24 | CJ26: =+CH26+CI26 -> 1452628.2 | CK26: frasco x 25gr | CL26: JT BAKER | CT26: 183000 | CU26: 34770 | CV26: =+CT26+CU26 -> 217770 | FH26: =SUM(M26,P26,V26,AB26,AH26,AN26,AT26,AZ26,BF26,BL26,BR26,BX26,CD26,CJ26,CP26,CV26,DB26,DH26,DN26,DT26,DZ26,EF26,EL26,ER26,EX26,FD26) -> 3040802.2 | FI26: =COUNTA(M26,N26,T26,Z26,AF26,AL26,AR26,AX26,BD26,BJ26,BP26,BV26,CB26,CH26,CN26,CT26,CZ26,DF26,DL26,DR26,DX26,ED26,EJ26,EP26,EV26,FB26) -> 3 | FJ26: =IFERROR(FH26/FI26," ") -> 1013600.7
A27: =Distribución_Reactivos!A27 -> 25 | B27: =Distribución_Reactivos!B27 -> Ácido láctico Cas 79-33-4 | C27: =Distribución_Reactivos!C27 -> Aeros/JT Baker | D27: =Distribución_Reactivos!D27 -> Frasco X 250ml | E27: 1 | F27: 331752.17 | G27: 185521 | H27: 489978.88 | I27: 0 | J27: 404479.02 | K27: 0 | L27: =AVERAGE(F27,H27,J27) -> 408736.69 | M27: =G27*1.03 -> 191086.63 | AL27: =280000/4 -> 70000 | AM27: =+AL27*0.19 -> 13300 | AN27: =+AL27+AM27 -> 83300 | AO27: Frasco x 1 litro | AP27: PANREAC | AR27: =576000/4 -> 144000 | AS27: =+AR27*0.19 -> 27360 | AT27: =+AR27+AS27 -> 171360 | AU27: Frasco x 1 litro | AV27: Santa Cruz Biotechnology | BV27: 784000 | BW27: =BV27*19% -> 148960 | BX27: =+BV27+BW27 -> 932960 | BY27: frasco x 250 ml | BZ27: PANREAC | CH27: 791840 | CI27: =+CH27*0.19 -> 150449.6 | CJ27: =+CH27+CI27 -> 942289.6 | CK27: frasco x 250 ml | CL27: PANREAC | CT27: 209000 | CU27: 39710 | CV27: =+CT27+CU27 -> 248710 | FH27: =SUM(M27,P27,V27,AB27,AH27,AN27,AT27,AZ27,BF27,BL27,BR27,BX27,CD27,CJ27,CP27,CV27,DB27,DH27,DN27,DT27,DZ27,EF27,EL27,ER27,EX27,FD27) -> 2569706.2 | FI27: =COUNTA(M27,N27,T27,Z27,AF27,AL27,AR27,AX27,BD27,BJ27,BP27,BV27,CB27,CH27,CN27,CT27,CZ27,DF27,DL27,DR27,DX27,ED27,EJ27,EP27,EV27,FB27) -> 6 | FJ27: =IFERROR(FH27/FI27," ") -> 428284.37
A28: =Distribución_Reactivos!A28 -> 26 | B28: =Distribución_Reactivos!B28 -> Ácido nítrico ACS 69-70% certificado de análisis y ficha de seguridad | C28: =Distribución_Reactivos!C28 -> Merck o JT Baker o equivalente | D28: =Distribución_Reactivos!D28 -> Frasco x 2.5 litros | E28: 1 | F28: 0 | G28: 0 | H28: 0 | I28: 0 | J28: 0 | K28: 0 | AF28: 296000 | AG28: =AF28*19% -> 56240 | AH28: =+AF28+AG28 -> 352240 | AL28: 359000 | AM28: =+AL28*0.19 -> 68210 | AN28: =+AL28+AM28 -> 427210 | AO28: Frasco x 2.5 litros | AP28: PANREAC | AR28: =+(179980/1000)*2500 -> 449950 | AS28: =+AR28*0.19 -> 85490.5 | AT28: =+AR28+AS28 -> 535440.5 | AU28: Frasco x 1 litro | AV28: PANREAC | BV28: 347800 | BW28: =BV28*19% -> 66082 | BX28: =+BV28+BW28 -> 413882 | BY28: frasco x 2.5 litros | BZ28: JT BAKER | CH28: 372146 | CI28: =+CH28*0.19 -> 70707.74 | CJ28: =+CH28+CI28 -> 442853.74 | CK28: frasco x 2.5 litros | CL28: JT BAKER | CT28: 527680 | CU28: 100259.2 | CV28: =+CT28+CU28 -> 627939.2 | CZ28: 311172 | DA28: =+CZ28*0.19 -> 59122.68 | DB28: =+CZ28+DA28 -> 370294.68 | DC28: 2.5 L | DD28: Merck | DE28: 1017992500 | FH28: =SUM(M28,P28,V28,AB28,AH28,AN28,AT28,AZ28,BF28,BL28,BR28,BX28,CD28,CJ28,CP28,CV28,DB28,DH28,DN28,DT28,DZ28,EF28,EL28,ER28,EX28,FD28) -> 3169860.1 | FI28: =COUNTA(M28,N28,T28,Z28,AF28,AL28,AR28,AX28,BD28,BJ28,BP28,BV28,CB28,CH28,CN28,CT28,CZ28,DF28,DL28,DR28,DX28,ED28,EJ28,EP28,EV28,FB28) -> 7 | FJ28: =IFERROR(FH28/FI28," ") -> 452837.16
A29: =Distribución_Reactivos!A29 -> 27 | B29: =Distribución_Reactivos!B29 -> Acido Oxálico Grado reactivo con certificado de análisis y fecha de vencimiento no inferior a un año a partir de la fecha de entrega. Cas 144-62-7 | C29: =Distribución_Reactivos!C29 -> Merck, JT Baker, Scharlau o equivalente | D29: =Distribución_Reactivos!D29 -> Frasco x 1Kg | E29: 1 | F29: 0 | G29: 0 | H29: 0 | I29: 0 | J29: 0 | K29: 0 | AF29: 190000 | AG29: =AF29*19% -> 36100 | AH29: =+AF29+AG29 -> 226100 | AL29: 340000 | AM29: =+AL29*0.19 -> 64600 | AN29: =+AL29+AM29 -> 404600 | AO29: Frasco x 1kg | AP29: PANREAC | AR29: 341863 | AS29: =+AR29*0.19 -> 64953.97 | AT29: =+AR29+AS29 -> 406816.97 | AU29: Frasco x 1kg | AV29: PANREAC | BV29: 1687400 | BW29: =BV29*19% -> 320606 | BX29: =+BV29+BW29 -> 2008006 | BY29: frasco x 1kg | BZ29: JT BAKER | CT29: 209000 | CU29: 39710 | CV29: =+CT29+CU29 -> 248710 | FH29: =SUM(M29,P29,V29,AB29,AH29,AN29,AT29,AZ29,BF29,BL29,BR29,BX29,CD29,CJ29,CP29,CV29,DB29,DH29,DN29,DT29,DZ29,EF29,EL29,ER29,EX29,FD29) -> 3294233 | FI29: =COUNTA(M29,N29,T29,Z29,AF29,AL29,AR29,AX29,BD29,BJ29,BP29,BV29,CB29,CH29,CN29,CT29,CZ29,DF29,DL29,DR29,DX29,ED29,EJ29,EP29,EV29,FB29) -> 5 | FJ29: =IFERROR(FH29/FI29," ") -> 658846.59
A30: =Distribución_Reactivos!A30 -> 28 | B30: =Distribución_Reactivos!B30 -> Acido perclórico, reactivo analítico | C30: =Distribución_Reactivos!C30 -> Merck, JT Baker, Scharlau, Panreac o equivalente. | D30: =Distribución_Reactivos!D30 -> Frasco x 2.5 litros | E30: 1 | F30: 0 | G30: 0 | H30: 1561698.4 | I30: 1561637 | J30: 1676184.4 | K30: 1634227 | L30: =AVERAGE(H30,J30) -> 1618941.4 | M30: =AVERAGE(I30,K30)*1.03 -> 1645870 | AF30: 1800000 | AG30: =AF30*19% -> 342000 | AH30: =+AF30+AG30 -> 2142000 | AL30: 1330000 | AM30: =+AL30*0.19 -> 252700 | AN30: =+AL30+AM30 -> 1582700 | AO30: Frasco x 2,5 litro | AP30: PANREAC | AR30: 1322206 | AS30: =+AR30*0.19 -> 251219.14 | AT30: =+AR30+AS30 -> 1573425.1 | AU30: Frasco x 2,5 litros | AV30: PANREAC | BV30: 1411900 | BW30: =BV30*19% -> 268261 | BX30: =+BV30+BW30 -> 1680161 | BY30: frasco x 2.5 litros | BZ30: MACRON | CT30: 209000 | CU30: 39710 | CV30: =+CT30+CU30 -> 248710 | FH30: =SUM(M30,P30,V30,AB30,AH30,AN30,AT30,AZ30,BF30,BL30,BR30,BX30,CD30,CJ30,CP30,CV30,DB30,DH30,DN30,DT30,DZ30,EF30,EL30,ER30,EX30,FD30) -> 8872866.1 | FI30: =COUNTA(M30,N30,T30,Z30,AF30,AL30,AR30,AX30,BD30,BJ30,BP30,BV30,CB30,CH30,CN30,CT30,CZ30,DF30,DL30,DR30,DX30,ED30,EJ30,EP30,EV30,FB30) -> 6 | FJ30: =IFERROR(FH30/FI30," ") -> 1478811
A31: =Distribución_Reactivos!A31 -> 29 | B31: =Distribución_Reactivos!B31 -> Ácido peryódico | C31: =Distribución_Reactivos!C31 -> Merck / JT Baker | D31: =Distribución_Reactivos!D31 -> Frasco x 25g | E31: 1 | F31: 0 | G31: 0 | H31: 776234.83 | I31: 0 | J31: 0 | K31: 0 | L31: =H31 -> 776234.83 | AF31: 850000 | AG31: =AF31*19% -> 161500 | AH31: =+AF31+AG31 -> 1011500 | AL31: 543000 | AM31: =+AL31*0.19 -> 103170 | AN31: =+AL31+AM31 -> 646170 | AO31: Frasco x 100g | AP31: PANREAC | AR31: =573123/4 -> 143280.75 | AS31: =+AR31*0.19 -> 27223.342 | AT31: =+AR31+AS31 -> 170504.09 | AU31: Frasco x 100g | AV31: PANREAC | BV31: 1874100 | BW31: =BV31*19% -> 356079 | BX31: =+BV31+BW31 -> 2230179 | BY31: frasco x 25 gr | BZ31: MERCK | CT31: 331840 | CU31: 63049.6 | CV31: =+CT31+CU31 -> 394889.6 | FH31: =SUM(M31,P31,V31,AB31,AH31,AN31,AT31,AZ31,BF31,BL31,BR31,BX31,CD31,CJ31,CP31,CV31,DB31,DH31,DN31,DT31,DZ31,EF31,EL31,ER31,EX31,FD31) -> 4453242.7 | FI31: =COUNTA(M31,N31,T31,Z31,AF31,AL31,AR31,AX31,BD31,BJ31,BP31,BV31,CB31,CH31,CN31,CT31,CZ31,DF31,DL31,DR31,DX31,ED31,EJ31,EP31,EV31,FB31) -> 5 | FJ31: =IFERROR(FH31/FI31," ") -> 890648.54
A32: =Distribución_Reactivos!A32 -> 30 | B32: =Distribución_Reactivos!B32 -> Acido Pícrico | C32: =Distribución_Reactivos!C32 -> Sigma Aldrich / Merck / JT Baker | D32: =Distribución_Reactivos!D32 -> Frasco X 25g | E32: 1 | F32: 0 | G32: 0 | H32: 775007.33 | I32: 0 | J32: 952221.94 | K32: 0 | L32: =AVERAGE(H32,J32) -> 863614.63 | AL32: 798000 | AM32: =+AL32*0.19 -> 151620 | AN32: =+AL32+AM32 -> 949620 | AO32: Frasco x 500g | AP32: PANREAC | AR32: 802373 | AS32: =+AR32*0.19 -> 152450.87 | AT32: =+AR32+AS32 -> 954823.87 | AU32: Frasco x 500g | AV32: PANREAC | BV32: 1345500 | BW32: =BV32*19% -> 255645 | BX32: =+BV32+BW32 -> 1601145 | BY32: frasco x 25 gr | BZ32: SIGMA | CT32: 212160 | CU32: 40310.4 | CV32: =+CT32+CU32 -> 252470.4 | FH32: =SUM(M32,P32,V32,AB32,AH32,AN32,AT32,AZ32,BF32,BL32,BR32,BX32,CD32,CJ32,CP32,CV32,DB32,DH32,DN32,DT32,DZ32,EF32,EL32,ER32,EX32,FD32) -> 3758059.3 | FI32: =COUNTA(M32,N32,T32,Z32,AF32,AL32,AR32,AX32,BD32,BJ32,BP32,BV32,CB32,CH32,CN32,CT32,CZ32,DF32,DL32,DR32,DX32,ED32,EJ32,EP32,EV32,FB32) -> 4 | FJ32: =IFERROR(FH32/FI32," ") -> 939514.82
A33: =Distribución_Reactivos!A33 -> 31 | B33: =Distribución_Reactivos!B33 -> Ácido sulfúrico 97-98% analítico con certificado de análisis y ficha de seguridad | C33: =Distribución_Reactivos!C33 -> Sigma Aldrich / Merck / JT Baker o equivalente | D33: =Distribución_Reactivos!D33 -> Frasco x 2.5 litros | E33: 1 | F33: 0 | G33: 0 | H33: 0 | I33: 0 | J33: 0 | K33: 0 | AF33: 175000 | AG33: =AF33*19% -> 33250 | AH33: =+AF33+AG33 -> 208250 | AL33: 192000 | AM33: =+AL33*0.19 -> 36480 | AN33: =+AL33+AM33 -> 228480 | AO33: Frasco x 2,5 litros | AP33: PANREAC | BV33: 202500 | BW33: =BV33*19% -> 38475 | BX33: =+BV33+BW33 -> 240975 | BY33: frasco x 2.5 litros | BZ33: JT BAKER | CH33: 206550 | CI33: =+CH33*0.19 -> 39244.5 | CJ33: =+CH33+CI33 -> 245794.5 | CK33: frasco x 2.5 litros | CL33: JT BAKER | CT33: 250240 | CU33: 47545.6 | CV33: =+CT33+CU33 -> 297785.6 | CZ33: 208000 | DA33: =+CZ33*0.19 -> 39520 | DB33: =+CZ33+DA33 -> 247520 | DC33: 2.5 LTS. | DD33: Merck | DE33: CTRM1120802500 | FH33: =SUM(M33,P33,V33,AB33,AH33,AN33,AT33,AZ33,BF33,BL33,BR33,BX33,CD33,CJ33,CP33,CV33,DB33,DH33,DN33,DT33,DZ33,EF33,EL33,ER33,EX33,FD33) -> 1468805.1 | FI33: =COUNTA(M33,N33,T33,Z33,AF33,AL33,AR33,AX33,BD33,BJ33,BP33,BV33,CB33,CH33,CN33,CT33,CZ33,DF33,DL33,DR33,DX33,ED33,EJ33,EP33,EV33,FB33) -> 6 | FJ33: =IFERROR(FH33/FI33," ") -> 244800.85
A34: =Distribución_Reactivos!A34 -> 32 | B34: =Distribución_Reactivos!B34 -> Acido tricloroacético, Con certificado de análisis e incertidumbre. Fecha de vencimiento no inferior a 2 años | C34: =Distribución_Reactivos!C34 -> Merck | D34: =Distribución_Reactivos!D34 -> Frasco x 250g | E34: 1 | F34: 329630 | G34: 321300 | H34: 284563.19 | I34: 0 | J34: 252869.45 | K34: 247758 | L34: =AVERAGE(F34,H34,J34) -> 289020.88 | M34: =AVERAGE(G34,K34)*1.03 -> 293064.87 | AF34: 300000 | AG34: =AF34*19% -> 57000 | AH34: =+AF34+AG34 -> 357000 | AL34: 173000 | AM34: =+AL34*0.19 -> 32870 | AN34: =+AL34+AM34 -> 205870 | AO34: Frasco x 250g | AP34: PANREAC | AR34: 180986 | AS34: =+AR34*0.19 -> 34387.34 | AT34: =+AR34+AS34 -> 215373.34 | AU34: Frasco x 500g | AV34: PANREAC | BV34: 349200 | BW34: =BV34*19% -> 66348 | BX34: =+BV34+BW34 -> 415548 | BY34: frasco x 250 gr | BZ34: MERCK | CH34: 356184 | CI34: =+CH34*0.19 -> 67674.96 | CJ34: =+CH34+CI34 -> 423858.96 | CK34: frasco x 250 gr | CL34: MERCK | CT34: 1408960 | CU34: 267702.4 | CV34: =+CT34+CU34 -> 1676662.4 | CZ34: 172690 | DA34: =+CZ34*0.19 -> 32811.1 | DB34: =+CZ34+DA34 -> 205501.1 | DC34: 250 G | DD34: Merck | DE34: 1008070250 | FH34: =SUM(M34,P34,V34,AB34,AH34,AN34,AT34,AZ34,BF34,BL34,BR34,BX34,CD34,CJ34,CP34,CV34,DB34,DH34,DN34,DT34,DZ34,EF34,EL34,ER34,EX34,FD34) -> 3792878.7 | FI34: =COUNTA(M34,N34,T34,Z34,AF34,AL34,AR34,AX34,BD34,BJ34,BP34,BV34,CB34,CH34,CN34,CT34,CZ34,DF34,DL34,DR34,DX34,ED34,EJ34,EP34,EV34,FB34) -> 8 | FJ34: =IFERROR(FH34/FI34," ") -> 474109.83
A35: =Distribución_Reactivos!A35 -> 33 | B35: =Distribución_Reactivos!B35 -> Actinobacillus pleuropneumoniae (Shope) Pohl et al. (ATCC® 27088D™) | C35: =Distribución_Reactivos!C35 -> ATCC | D35: =Distribución_Reactivos!D35 -> 0 | E35: 1 | F35: 0 | G35: 0 | H35: 0 | I35: 0 | J35: 0 | K35: 0 | BJ35: 3297000 | BK35: =+BJ35*0.19 -> 626430 | BL35: =+BK35+BJ35 -> 3923430 | BV35: 1100000 | BW35: 0 | BX35: =+BV35+BW35 -> 1100000 | BY35: pack x 2 kwik stik | BZ35: MICROBIOLOGICS | CH35: 1166000 | CI35: =+CH35*0 -> 0 | CJ35: =+CH35+CI35 -> 1166000 | CK35: pack x 2 kwik stik | CL35: MICROBIOLOGICS | CT35: 3410880 | CU35: 648067.2 | CV35: =+CT35+CU35 -> 4058947.2 | FH35: =SUM(M35,P35,V35,AB35,AH35,AN35,AT35,AZ35,BF35,BL35,BR35,BX35,CD35,CJ35,CP35,CV35,DB35,DH35,DN35,DT35,DZ35,EF35,EL35,ER35,EX35,FD35) -> 10248377 | FI35: =COUNTA(M35,N35,T35,Z35,AF35,AL35,AR35,AX35,BD35,BJ35,BP35,BV35,CB35,CH35,CN35,CT35,CZ35,DF35,DL35,DR35,DX35,ED35,EJ35,EP35,EV35,FB35) -> 4 | FJ35: =IFERROR(FH35/FI35," ") -> 2562094.3
A36: =Distribución_Reactivos!A36 -> 34 | B36: =Distribución_Reactivos!B36 -> Agar Medio de cultivo Glucosa OF Medium | C36: =Distribución_Reactivos!C36 -> Pronadisa o equivalente | D36: =Distribución_Reactivos!D36 -> Frasco x 500g | E36: 1 | F36: 0 | G36: 0 | H36: 0 | I36: 0 | J36: 0 | K36: 0 | BJ36: 425000 | BK36: =+BJ36*0.19 -> 80750 | BL36: =+BK36+BJ36 -> 505750 | BM36: LIOFILCHEM | BV36: 1038000 | BW36: =BV36*19% -> 197220 | BX36: =+BV36+BW36 -> 1235220 | BY36: frasco x 500 gr | BZ36: SCHARLAU | CB36: 506144 | CC36: =+CB36*19% -> 96167.36 | CD36: =+CC36+CB36 -> 602311.36 | CT36: 326400 | CU36: 62016 | CV36: =+CT36+CU36 -> 388416 | FH36: =SUM(M36,P36,V36,AB36,AH36,AN36,AT36,AZ36,BF36,BL36,BR36,BX36,CD36,CJ36,CP36,CV36,DB36,DH36,DN36,DT36,DZ36,EF36,EL36,ER36,EX36,FD36) -> 2731697.4 | FI36: =COUNTA(M36,N36,T36,Z36,AF36,AL36,AR36,AX36,BD36,BJ36,BP36,BV36,CB36,CH36,CN36,CT36,CZ36,DF36,DL36,DR36,DX36,ED36,EJ36,EP36,EV36,FB36) -> 4 | FJ36: =IFERROR(FH36/FI36," ") -> 682924.34
A37: =Distribución_Reactivos!A37 -> 35 | B37: =Distribución_Reactivos!B37 -> Agar agar | C37: =Distribución_Reactivos!C37 -> Merck, Oxoid, BBL, Difco, Acumedia, Scharlau, Sigma-Aldrich | D37: =Distribución_Reactivos!D37 -> Frasco x 500g | E37: 1 | F37: 0 | G37: 0 | H37: 0 | I37: 0 | J37: 797300 | K37: 773500 | L37: =J37 -> 797300 | M37: =K37*1.03 -> 796705 | N37: 795000 | O37: =+N37*0.19 -> 151050 | P37: =+O37+N37 -> 946050 | Q37: Frasco x 500 Gr | R37: OXOID | AL37: 498000 | AM37: =+AL37*0.19 -> 94620 | AN37: =+AL37+AM37 -> 592620 | AO37: Frasco 500g | AP37: PANREAC | AR37: 648000 | AS37: =+AR37*0.19 -> 123120 | AT37: =+AR37+AS37 -> 771120 | AU37: Frasco x 500g | AV37: Santa Cruz Biotechnology | BV37: 1872300 | BW37: =BV37*19% -> 355737 | BX37: =+BV37+BW37 -> 2228037 | BY37: frasco x 500 gr | BZ37: MERCK | CB37: 678500 | CC37: =+CB37*19% -> 128915 | CD37: =+CC37+CB37 -> 807415 | CT37: 225000 | CU37: 42750 | CV37: =+CT37+CU37 -> 267750 | CZ37: 1135359 | DA37: =+CZ37*0.19 -> 215718.21 | DB37: =+CZ37+DA37 -> 1351077.2 | DC37: 1 KG | DD37: Merck | DE37: 1016141000 | FH37: =SUM(M37,P37,V37,AB37,AH37,AN37,AT37,AZ37,BF37,BL37,BR37,BX37,CD37,CJ37,CP37,CV37,DB37,DH37,DN37,DT37,DZ37,EF37,EL37,ER37,EX37,FD37) -> 7760774.2 | FI37: =COUNTA(M37,N37,T37,Z37,AF37,AL37,AR37,AX37,BD37,BJ37,BP37,BV37,CB37,CH37,CN37,CT37,CZ37,DF37,DL37,DR37,DX37,ED37,EJ37,EP37,EV37,FB37) -> 8 | FJ37: =IFERROR(FH37/FI37," ") -> 970096.78
A38: =Distribución_Reactivos!A38 -> 36 | B38: =Distribución_Reactivos!B38 -> Agar casman | C38: =Distribución_Reactivos!C38 -> BBL BD 211106 | D38: =Distribución_Reactivos!D38 -> Frasco x 500g | E38: 1 | F38: 757137.5 | G38: 0 | H38: 783107.32 | I38: 0 | J38: 1606500 | K38: 1583890 | L38: =AVERAGE(F38,H38,J38) -> 1048914.9 | M38: =K38*1.03 -> 1631406.7 | BV38: 2540000 | BW38: =BV38*19% -> 482600 | BX38: =+BV38+BW38 -> 3022600 | BY38: frasco x 500 gr | BZ38: BD | CT38: 238000 | CU38: 45220 | CV38: =+CT38+CU38 -> 283220 | CZ38: 734358 | DA38: =+CZ38*0.19 -> 139528.02 | DB38: =+CZ38+DA38 -> 873886.02 | DC38: 500 GR | DD38: Merck | DE38: 1039150500 | FH38: =SUM(M38,P38,V38,AB38,AH38,AN38,AT38,AZ38,BF38,BL38,BR38,BX38,CD38,CJ38,CP38,CV38,DB38,DH38,DN38,DT38,DZ38,EF38,EL38,ER38,EX38,FD38) -> 5811112.7 | FI38: =COUNTA(M38,N38,T38,Z38,AF38,AL38,AR38,AX38,BD38,BJ38,BP38,BV38,CB38,CH38,CN38,CT38,CZ38,DF38,DL38,DR38,DX38,ED38,EJ38,EP38,EV38,FB38) -> 4 | FJ38: =IFERROR(FH38/FI38," ") -> 1452778.2
A39: =Distribución_Reactivos!A39 -> 37 | B39: =Distribución_Reactivos!B39 -> Agar Extracto de levadura | C39: =Distribución_Reactivos!C39 -> Sigma | D39: =Distribución_Reactivos!D39 -> Frasco x 500g | E39: 1 | F39: 0 | G39: 0 | H39: 776701.1 | I39: 0 | J39: 869890 | K39: 0 | L39: =AVERAGE(H39,J39) -> 823295.55 | N39: 1413000 | O39: =+N39*0.19 -> 268470 | P39: =+O39+N39 -> 1681470 | Q39: Frasco x 500 Gr | R39: OXOID | BP39: 556235 | BQ39: =BP39*19% -> 105684.65 | BR39: =+BP39+BQ39 -> 661919.65 | BS39: Frasco x 500 g | BT39: GENEON Ref. CE169 | BU39: Yeast extract powder (Molecular Biology Grade) 500 g | BV39: 1997700 | BW39: =BV39*19% -> 379563 | BX39: =+BV39+BW39 -> 2377263 | BY39: frasco x 500 gr | BZ39: MERCK | CT39: 315520 | CU39: 59948.8 | CV39: =+CT39+CU39 -> 375468.8 | FH39: =SUM(M39,P39,V39,AB39,AH39,AN39,AT39,AZ39,BF39,BL39,BR39,BX39,CD39,CJ39,CP39,CV39,DB39,DH39,DN39,DT39,DZ39,EF39,EL39,ER39,EX39,FD39) -> 5096121.5 | FI39: =COUNTA(M39,N39,T39,Z39,AF39,AL39,AR39,AX39,BD39,BJ39,BP39,BV39,CB39,CH39,CN39,CT39,CZ39,DF39,DL39,DR39,DX39,ED39,EJ39,EP39,EV39,FB39) -> 4 | FJ39: =IFERROR(FH39/FI39," ") -> 1274030.4
A40: =Distribución_Reactivos!A40 -> 38 | B40: =Distribución_Reactivos!B40 -> Agar Hugh- Leifson (OF) | C40: =Distribución_Reactivos!C40 -> Pronadisa o equivalente | D40: =Distribución_Reactivos!D40 -> Frasco x 500g | E40: 1 | F40: 0 | G40: 0 | H40: 0 | I40: 0 | J40: 0 | K40: 0 | BV40: 2046900 | BW40: =BV40*19% -> 388911 | BX40: =+BV40+BW40 -> 2435811 | BY40: frasco x 500 gr | BZ40: MERCK | CT40: 293760 | CU40: 55814.4 | CV40: =+CT40+CU40 -> 349574.4 | FH40: =SUM(M40,P40,V40,AB40,AH40,AN40,AT40,AZ40,BF40,BL40,BR40,BX40,CD40,CJ40,CP40,CV40,DB40,DH40,DN40,DT40,DZ40,EF40,EL40,ER40,EX40,FD40) -> 2785385.4 | FI40: =COUNTA(M40,N40,T40,Z40,AF40,AL40,AR40,AX40,BD40,BJ40,BP40,BV40,CB40,CH40,CN40,CT40,CZ40,DF40,DL40,DR40,DX40,ED40,EJ40,EP40,EV40,FB40) -> 2 | FJ40: =IFERROR(FH40/FI40," ") -> 1392692.7
A41: =Distribución_Reactivos!A41 -> 39 | B41: =Distribución_Reactivos!B41 -> Agar MacConkey | C41: =Distribución_Reactivos!C41 -> Merck | D41: =Distribución_Reactivos!D41 -> FRASCO x 500g | E41: 1 | F41: 0 | G41: 0 | H41: 0 | I41: 0 | J41: 587860 | K41: 493850 | L41: =J41 -> 587860 | M41: =K41*1.03 -> 508665.5 | AL41: 340000 | AM41: =+AL41*0.19 -> 64600 | AN41: =+AL41+AM41 -> 404600 | AO41: Frasco 500g | AP41: PANREAC | BV41: 545200 | BW41: =BV41*19% -> 103588 | BX41: =+BV41+BW41 -> 648788 | BY41: frasco x 500 gr | BZ41: MERCK | CB41: 315000 | CC41: =+CB41*19% -> 59850 | CD41: =+CC41+CB41 -> 374850 | CH41: 556104 | CI41: =+CH41*0.19 -> 105659.76 | CJ41: =+CH41+CI41 -> 661763.76 | CK41: frasco x 500 gr | CL41: MERCK | CT41: 505920 | CU41: 96124.8 | CV41: =+CT41+CU41 -> 602044.8 | CZ41: 305707 | DA41: =+CZ41*0.19 -> 58084.33 | DB41: =+CZ41+DA41 -> 363791.33 | DC41: 500 GR | DD41: Merck | DE41: 1054650500 | FH41: =SUM(M41,P41,V41,AB41,AH41,AN41,AT41,AZ41,BF41,BL41,BR41,BX41,CD41,CJ41,CP41,CV41,DB41,DH41,DN41,DT41,DZ41,EF41,EL41,ER41,EX41,FD41) -> 3564503.4 | FI41: =COUNTA(M41,N41,T41,Z41,AF41,AL41,AR41,AX41,BD41,BJ41,BP41,BV41,CB41,CH41,CN41,CT41,CZ41,DF41,DL41,DR41,DX41,ED41,EJ41,EP41,EV41,FB41) -> 7 | FJ41: =IFERROR(FH41/FI41," ") -> 509214.77
A42: =Distribución_Reactivos!A42 -> 40 | B42: =Distribución_Reactivos!B42 -> Agar Mueller Hinton II (Cation-Adjusted) | C42: =Distribución_Reactivos!C42 -> BBL 211438 | D42: =Distribución_Reactivos!D42 -> Frasco x 500g | E42: 1 | F42: 710787 | G42: 685797 | H42: 0 | I42: 0 | J42: 522171.11 | K42: 515270 | L42: =AVERAGE(F42,J42) -> 616479.05 | M42: =AVERAGE(G42,K42)*1.03 -> 618549.51 | AL42: 398000 | AM42: =+AL42*0.19 -> 75620 | AN42: =+AL42+AM42 -> 473620 | AO42: Frasco 500g | AP42: PANREAC | AR42: 382082 | AS42: =+AR42*0.19 -> 72595.58 | AT42: =+AR42+AS42 -> 454677.58 | AU42: Frasco x 500g | AV42: PANREAC | BV42: 576000 | BW42: =BV42*19% -> 109440 | BX42: =+BV42+BW42 -> 685440 | BY42: frasco x 500 gr | BZ42: SCHARLAU | CH42: 593280 | CI42: =+CH42*0.19 -> 112723.2 | CJ42: =+CH42+CI42 -> 706003.2 | CK42: frasco x 500 gr | CL42: SCHARLAU | CT42: 320960 | CU42: 60982.4 | CV42: =+CT42+CU42 -> 381942.4 | CZ42: 446033 | DA42: =+CZ42*0.19 -> 84746.27 | DB42: =+CZ42+DA42 -> 530779.27 | DC42: 500 GR | DD42: Merck | DE42: 1054370500 | FH42: =SUM(M42,P42,V42,AB42,AH42,AN42,AT42,AZ42,BF42,BL42,BR42,BX42,CD42,CJ42,CP42,CV42,DB42,DH42,DN42,DT42,DZ42,EF42,EL42,ER42,EX42,FD42) -> 3851012 | FI42: =COUNTA(M42,N42,T42,Z42,AF42,AL42,AR42,AX42,BD42,BJ42,BP42,BV42,CB42,CH42,CN42,CT42,CZ42,DF42,DL42,DR42,DX42,ED42,EJ42,EP42,EV42,FB42) -> 7 | FJ42: =IFERROR(FH42/FI42," ") -> 550144.57
A43: =Distribución_Reactivos!A43 -> 41 | B43: =Distribución_Reactivos!B43 -> Agar Sabouraud dextrosa al 4% | C43: =Distribución_Reactivos!C43 -> BD o equivalente | D43: =Distribución_Reactivos!D43 -> Frasco x 500g | E43: 1 | F43: 0 | G43: 0 | H43: 0 | I43: 0 | J43: 365166.97 | K43: 360570 | L43: =J43 -> 365166.97 | M43: =K43*1.03 -> 371387.1 | N43: 258750 | O43: =+N43*0.19 -> 49162.5 | P43: =+O43+N43 -> 307912.5 | Q43: Frasco x 500 Gr | R43: OXOID | AL43: 335000 | AM43: =+AL43*0.19 -> 63650 | AN43: =+AL43+AM43 -> 398650 | AO43: Frasco 500g | AP43: PANREAC | AR43: 291589 | AS43: =+AR43*0.19 -> 55401.91 | AT43: =+AR43+AS43 -> 346990.91 | AU43: Frasco x 500g | AV43: PANREAC | BJ43: 138550 | BK43: =+BJ43*0.19 -> 26324.5 | BL43: =+BK43+BJ43 -> 164874.5 | BM43: LIOFILCHEM | BV43: 298000 | BW43: =BV43*19% -> 56620 | BX43: =+BV43+BW43 -> 354620 | BY43: frasco x 500 gr | BZ43: SCHARLAU | CB43: 212000 | CC43: =+CB43*19% -> 40280 | CD43: =+CC43+CB43 -> 252280 | CH43: 306940 | CI43: =+CH43*0.19 -> 58318.6 | CJ43: =+CH43+CI43 -> 365258.6 | CK43: frasco x 500 gr | CL43: SCHARLAU | CT43: 2197760 | CU43: 417574.4 | CV43: =+CT43+CU43 -> 2615334.4 | CZ43: 233202 | DA43: =+CZ43*0.19 -> 44308.38 | DB43: =+CZ43+DA43 -> 277510.38 | DC43: 500 GR | DD43: Merck | DE43: 1039150500 | FH43: =SUM(M43,P43,V43,AB43,AH43,AN43,AT43,AZ43,BF43,BL43,BR43,BX43,CD43,CJ43,CP43,CV43,DB43,DH43,DN43,DT43,DZ43,EF43,EL43,ER43,EX43,FD43) -> 5454818.4 | FI43: =COUNTA(M43,N43,T43,Z43,AF43,AL43,AR43,AX43,BD43,BJ43,BP43,BV43,CB43,CH43,CN43,CT43,CZ43,DF43,DL43,DR43,DX43,ED43,EJ43,EP43,EV43,FB43) -> 10 | FJ43: =IFERROR(FH43/FI43," ") -> 545481.84
A44: =Distribución_Reactivos!A44 -> 42 | B44: =Distribución_Reactivos!B44 -> Agar triple azúcar hierro (TSI) | C44: =Distribución_Reactivos!C44 -> Scharlau, Dibico, Sigma-Aldrich | D44: =Distribución_Reactivos!D44 -> Frasco x 100g | E44: 1 | F44: 114240 | G44: 0 | H44: 449962.8 | I44: 0 | J44: 605325.15 | K44: 595000 | L44: =AVERAGE(F44,H44,J44) -> 389842.65 | M44: =K44*1.03 -> 612850 | N44: 396000 | O44: =+N44*0.19 -> 75240 | P44: =+O44+N44 -> 471240 | Q44: Frasco x 500 Gr | R44: OXOID | S44: Presentación ofrecida superior a la requerida | AF44: 650000 | AG44: =AF44*19% -> 123500 | AH44: =+AF44+AG44 -> 773500 | AL44: 280000 | AM44: =+AL44*0.19 -> 53200 | AN44: =+AL44+AM44 -> 333200 | AO44: Frasco 500g | AP44: PANREAC | AR44: 437383 | AS44: =+AR44*0.19 -> 83102.77 | AT44: =+AR44+AS44 -> 520485.77 | AU44: Frasco x 500g | AV44: PANREAC | BJ44: 68000 | BK44: =+BJ44*0.19 -> 12920 | BL44: =+BK44+BJ44 -> 80920 | BM44: LIOFILCHEM | BV44: 492000 | BW44: =BV44*19% -> 93480 | BX44: =+BV44+BW44 -> 585480 | BY44: frasco x 100 gr | BZ44: SCHARLAU | CH44: 496920 | CI44: =+CH44*0.19 -> 94414.8 | CJ44: =+CH44+CI44 -> 591334.8 | CK44: frasco x 100 gr | CL44: SCHARLAU | CT44: 391680 | CU44: 74419.2 | CV44: =+CT44+CU44 -> 466099.2 | FH44: =SUM(M44,P44,V44,AB44,AH44,AN44,AT44,AZ44,BF44,BL44,BR44,BX44,CD44,CJ44,CP44,CV44,DB44,DH44,DN44,DT44,DZ44,EF44,EL44,ER44,EX44,FD44) -> 4435109.8 | FI44: =COUNTA(M44,N44,T44,Z44,AF44,AL44,AR44,AX44,BD44,BJ44,BP44,BV44,CB44,CH44,CN44,CT44,CZ44,DF44,DL44,DR44,DX44,ED44,EJ44,EP44,EV44,FB44) -> 9 | FJ44: =IFERROR(FH44/FI44," ") -> 492789.97
A45: =Distribución_Reactivos!A45 -> 43 | B45: =Distribución_Reactivos!B45 -> Agarosa grado biología molecular Cas 9012-36-6 | C45: =Distribución_Reactivos!C45 -> Merck, Acumedia, BBL, Sharlau, Sigma | D45: =Distribución_Reactivos!D45 -> Frasco x 500g | E45: 1 | F45: 3099156.7 | G45: 3021648 | H45: 2500257.1 | I45: 979965 | J45: 2442685.7 | K45: 0 | L45: =AVERAGE(F45,H45,J45) -> 2680699.8 | M45: =AVERAGE(G45,I45)*1.03 -> 2060830.7 | T45: 3382000 | U45: =+T45*0.19 -> 642580 | V45: =+U45+T45 -> 4024580 | W45: Bolsa x 500g | X45: Invitrogen | AL45: =755000*2 -> 1510000 | AM45: =+AL45*0.19 -> 286900 | AN45: =+AL45+AM45 -> 1796900 | AO45: Frasco x 250g | AP45: PANREAC | AR45: =793323*2 -> 1586646 | AS45: =+AR45*0.19 -> 301462.74 | AT45: =+AR45+AS45 -> 1888108.7 | AU45: Frasco x 250g | AV45: PANREAC | BD45: 10187000 | BE45: =+BD45*0.19 -> 1935530 | BF45: =+BD45+BE45 -> 12122530 | BG45: Frasco x 500 g | BH45: MP Biomedicals | BP45: 1046664 | BQ45: =BP45*19% -> 198866.16 | BR45: =+BP45+BQ45 -> 1245530.2 | BS45: Frasco x 500 g | BT45: GENEON ref. 604-005 | BU45: Agarose Standard 50bp - 50.000 bp 1x500g | CT45: 734400 | CU45: 139536 | CV45: =+CT45+CU45 -> 873936 | CZ45: 3480000 | DA45: =+CZ45*0.19 -> 661200 | DB45: =+CZ45+DA45 -> 4141200 | DC45: 500 G | DD45: Merck | DE45: US1121853500GM | FH45: =SUM(M45,P45,V45,AB45,AH45,AN45,AT45,AZ45,BF45,BL45,BR45,BX45,CD45,CJ45,CP45,CV45,DB45,DH45,DN45,DT45,DZ45,EF45,EL45,ER45,EX45,FD45) -> 28153616 | FI45: =COUNTA(M45,N45,T45,Z45,AF45,AL45,AR45,AX45,BD45,BJ45,BP45,BV45,CB45,CH45,CN45,CT45,CZ45,DF45,DL45,DR45,DX45,ED45,EJ45,EP45,EV45,FB45) -> 8 | FJ45: =IFERROR(FH45/FI45," ") -> 3519201.9
A46: =Distribución_Reactivos!A46 -> 44 | B46: =Distribución_Reactivos!B46 -> AgPath-ID(TM) One-step RT-PCR Kit; (100 rxn); | C46: =Distribución_Reactivos!C46 -> Applied Biosystem Ref. AM1005 | D46: =Distribución_Reactivos!D46 -> Kit x 100 rxn | E46: 1 | F46: 0 | G46: 0 | H46: 1454160 | I46: 0 | J46: 849322.5 | K46: 0 | L46: =AVERAGE(H46,J46) -> 1151741.2 | T46: 1144000 | U46: =+T46*0 -> 0 | V46: =+U46+T46 -> 1144000 | W46: kit x 100rxn | X46: Ambion | AR46: 1170288 | AS46: =+AR46*0.19 -> 222354.72 | AT46: =+AR46+AS46 -> 1392642.7 | AU46: kit x 200rxn | AV46: New England Biolabs | CT46: 1185920 | CU46: 225324.8 | CV46: =+CT46+CU46 -> 1411244.8 | DF46: 1136300 | DG46: =+DF46*0 -> 0 | DH46: =+DF46+DG46 -> 1136300 | DI46: kit x 100rxn | DJ46: Applied Biosystems | DL46: 1144000 | DM46: 0 | DN46: =+DL46+DM46 -> 1144000 | DO46: Unidad | DR46: 939300 | DS46: =+DR46*0 -> 0 | DT46: =+DR46+DS46 -> 939300 | FH46: =SUM(M46,P46,V46,AB46,AH46,AN46,AT46,AZ46,BF46,BL46,BR46,BX46,CD46,CJ46,CP46,CV46,DB46,DH46,DN46,DT46,DZ46,EF46,EL46,ER46,EX46,FD46) -> 7167487.5 | FI46: =COUNTA(M46,N46,T46,Z46,AF46,AL46,AR46,AX46,BD46,BJ46,BP46,BV46,CB46,CH46,CN46,CT46,CZ46,DF46,DL46,DR46,DX46,ED46,EJ46,EP46,EV46,FB46) -> 6 | FJ46: =IFERROR(FH46/FI46," ") -> 1194581.3
A47: =Distribución_Reactivos!A47 -> 45 | B47: =Distribución_Reactivos!B47 -> Agua oxigenada Concentracion 3.5 % | C47: =Distribución_Reactivos!C47 -> JGB | D47: =Distribución_Reactivos!D47 -> Botella x 500ml | E47: 1 | F47: 0 | G47: 0 | H47: 0 | I47: 0 | J47: 308920.43 | K47: 0 | L47: =J47 -> 308920.43 | AF47: 15000 | AG47: 0 | AH47: =+AF47+AG47 -> 15000 | AR47: 219194 | AS47: =+AR47*0.19 -> 41646.86 | AT47: =+AR47+AS47 -> 260840.86 | AU47: Frasco x 1 litro | AV47: Panreac | BV47: 122200 | BW47: =BV47*19% -> 23218 | BX47: =+BV47+BW47 -> 145418 | BY47: botella x 500ml | BZ47: MOL LABS | CH47: 129532 | CI47: =+CH47*0.19 -> 24611.08 | CJ47: =+CH47+CI47 -> 154143.08 | CK47: botella x 500ml | CL47: MOL LABS | FH47: =SUM(M47,P47,V47,AB47,AH47,AN47,AT47,AZ47,BF47,BL47,BR47,BX47,CD47,CJ47,CP47,CV47,DB47,DH47,DN47,DT47,DZ47,EF47,EL47,ER47,EX47,FD47) -> 575401.94 | FI47: =COUNTA(M47,N47,T47,Z47,AF47,AL47,AR47,AX47,BD47,BJ47,BP47,BV47,CB47,CH47,CN47,CT47,CZ47,DF47,DL47,DR47,DX47,ED47,EJ47,EP47,EV47,FB47) -> 4 | FJ47: =IFERROR(FH47/FI47," ") -> 143850.48
A48: =Distribución_Reactivos!A48 -> 46 | B48: =Distribución_Reactivos!B48 -> Agua peptonada buferada | C48: =Distribución_Reactivos!C48 -> Cualquier marca | D48: =Distribución_Reactivos!D48 -> Frasco x 500g | E48: 1 | F48: 0 | G48: 0 | H48: 288559.71 | I48: 220150 | J48: 298782.42 | K48: 297500 | L48: =AVERAGE(H48,J48) -> 293671.07 | M48: =AVERAGE(I48,K48)*1.03 -> 266589.75 | AF48: 300000 | AG48: =AF48*19% -> 57000 | AH48: =+AF48+AG48 -> 357000 | AR48: 226233 | AS48: =+AR48*0.19 -> 42984.27 | AT48: =+AR48+AS48 -> 269217.27 | AU48: Frasco x 500g | AV48: Panreac | BJ48: 182750 | BK48: =+BJ48*0.19 -> 34722.5 | BL48: =+BK48+BJ48 -> 217472.5 | BM48: LIOFILCHEM | BV48: 747600 | BW48: =BV48*19% -> 142044 | BX48: =+BV48+BW48 -> 889644 | BY48: frasco x 500 gr | BZ48: PANREAC | CB48: 234000 | CC48: =+CB48*19% -> 44460 | CD48: =+CC48+CB48 -> 278460 | CT48: 125000 | CU48: 23750 | CV48: =+CT48+CU48 -> 148750 | CZ48: 194010 | DA48: =+CZ48*0.19 -> 36861.9 | DB48: =+CZ48+DA48 -> 230871.9 | DC48: 500 G | DD48: Merck | DE48: 1072280500 | FH48: =SUM(M48,P48,V48,AB48,AH48,AN48,AT48,AZ48,BF48,BL48,BR48,BX48,CD48,CJ48,CP48,CV48,DB48,DH48,DN48,DT48,DZ48,EF48,EL48,ER48,EX48,FD48) -> 2658005.4 | FI48: =COUNTA(M48,N48,T48,Z48,AF48,AL48,AR48,AX48,BD48,BJ48,BP48,BV48,CB48,CH48,CN48,CT48,CZ48,DF48,DL48,DR48,DX48,ED48,EJ48,EP48,EV48,FB48) -> 8 | FJ48: =IFERROR(FH48/FI48," ") -> 332250.68
A49: =Distribución_Reactivos!A49 -> 47 | B49: =Distribución_Reactivos!B49 -> Agua ultrapura destilada para uso en Biología Molecular con certificado de libre de RNAsas y DNAsas | C49: =Distribución_Reactivos!C49 -> Gibco o equivalente | D49: =Distribución_Reactivos!D49 -> Frasco x 500 ml | E49: 1 | F49: 171524.7 | G49: 145180 | H49: 363457.5 | I49: 0 | J49: 0 | K49: 0 | L49: =AVERAGE(F49,H49) -> 267491.1 | M49: =G49*1.03 -> 149535.4 | AF49: 100000 | AG49: =AF49*19% -> 19000 | AH49: =+AF49+AG49 -> 119000 | BD49: 499000 | BE49: =+BD49*0.19 -> 94810 | BF49: =+BD49+BE49 -> 593810 | BG49: Frasco x 500 ml | BH49: MP Biomedicals | BP49: =379054/2 -> 189527 | BQ49: =BP49*19% -> 36010.13 | BR49: =+BP49+BQ49 -> 225537.13 | BS49: Frasco x 1000 ml | BT49: HYCLONE ref. SH30538.03 COTIZAR LA DE 500 ML SH30538.02 | BU49: Water, Molecular Biology Grade, DNase, RNase, Protease free (no activity within assay detectability limits), Deionized, Distilled, 0.1 µm Sterile Filtered-1000 mL | BV49: 313600 | BW49: =BV49*19% -> 59584 | BX49: =+BV49+BW49 -> 373184 | BY49: frasco x 500 ml | BZ49: GROWCELLS | CH49: 323008 | CI49: =+CH49*0.19 -> 61371.52 | CJ49: =+CH49+CI49 -> 384379.52 | CK49: frasco x 500 ml | CL49: GROWCELLS | CT49: 231000 | CU49: =+CT49*0 -> 0 | CV49: =+CT49+CU49 -> 231000 | FH49: =SUM(M49,P49,V49,AB49,AH49,AN49,AT49,AZ49,BF49,BL49,BR49,BX49,CD49,CJ49,CP49,CV49,DB49,DH49,DN49,DT49,DZ49,EF49,EL49,ER49,EX49,FD49) -> 2076446.1 | FI49: =COUNTA(M49,N49,T49,Z49,AF49,AL49,AR49,AX49,BD49,BJ49,BP49,BV49,CB49,CH49,CN49,CT49,CZ49,DF49,DL49,DR49,DX49,ED49,EJ49,EP49,EV49,FB49) -> 7 | FJ49: =IFERROR(FH49/FI49," ") -> 296635.15
A50: =Distribución_Reactivos!A50 -> 48 | B50: =Distribución_Reactivos!B50 -> Alcohol ácido Ziehl Neelsen | C50: =Distribución_Reactivos!C50 -> Cualquier marca | D50: =Distribución_Reactivos!D50 -> Frasco x 1 litro | E50: 1 | F50: 57857 | G50: 56100 | H50: 74729.071 | I50: 0 | J50: 61787.5 | K50: 49300 | L50: =AVERAGE(F50,H50,J50) -> 64791.19 | M50: =AVERAGE(G50,K50)*1.03 -> 54281 | AF50: 70000 | AG50: =AF50*19% -> 13300 | AH50: =+AF50+AG50 -> 83300 | BV50: 94300 | BW50: =BV50*19% -> 17917 | BX50: =+BV50+BW50 -> 112217 | BY50: frasco x 1 litro | BZ50: BIOQUIGEN | CB50: 162000 | CC50: =+CB50*19% -> 30780 | CD50: =+CC50+CB50 -> 192780 | CH50: 98072 | CI50: =+CH50*0.19 -> 18633.68 | CJ50: =+CH50+CI50 -> 116705.68 | CK50: frasco x 1 litro | CL50: BIOQUIGEN | CT50: 92000 | CU50: 17480 | CV50: =+CT50+CU50 -> 109480 | FH50: =SUM(M50,P50,V50,AB50,AH50,AN50,AT50,AZ50,BF50,BL50,BR50,BX50,CD50,CJ50,CP50,CV50,DB50,DH50,DN50,DT50,DZ50,EF50,EL50,ER50,EX50,FD50) -> 668763.68 | FI50: =COUNTA(M50,N50,T50,Z50,AF50,AL50,AR50,AX50,BD50,BJ50,BP50,BV50,CB50,CH50,CN50,CT50,CZ50,DF50,DL50,DR50,DX50,ED50,EJ50,EP50,EV50,FB50) -> 6 | FJ50: =IFERROR(FH50/FI50," ") -> 111460.61
A51: =Distribución_Reactivos!A51 -> 49 | B51: =Distribución_Reactivos!B51 -> Alcohol antiséptico al 70% | C51: =Distribución_Reactivos!C51 -> Cualquier marca | D51: =Distribución_Reactivos!D51 -> Frasco x 700 o 750 ml | E51: 1 | F51: 5018 | G51: 4900 | H51: 5942.4362 | I51: 0 | J51: 6222.25 | K51: 0 | L51: =AVERAGE(F51,H51,J51) -> 5727.5621 | M51: =G51*1.03 -> 5047 | AF51: 4500 | AG51: 0 | AH51: =+AF51+AG51 -> 4500 | AR51: 6000 | AS51: =+AR51*0.19 -> 1140 | AT51: =+AR51+AS51 -> 7140 | AU51: Frasco x 700ml | AV51: OSA | BV51: 7400 | BW51: =BV51*19% -> 1406 | BX51: =+BV51+BW51 -> 8806 | BY51: frasco x 700 o 750 ml | BZ51: OSA | CB51: 3000 | CD51: =+CB51 -> 3000 | CH51: 7696 | CI51: =+CH51*0.19 -> 1462.24 | CJ51: =+CH51+CI51 -> 9158.24 | CK51: frasco x 700 o 750 ml | CL51: OSA | FH51: =SUM(M51,P51,V51,AB51,AH51,AN51,AT51,AZ51,BF51,BL51,BR51,BX51,CD51,CJ51,CP51,CV51,DB51,DH51,DN51,DT51,DZ51,EF51,EL51,ER51,EX51,FD51) -> 37651.24 | FI51: =COUNTA(M51,N51,T51,Z51,AF51,AL51,AR51,AX51,BD51,BJ51,BP51,BV51,CB51,CH51,CN51,CT51,CZ51,DF51,DL51,DR51,DX51,ED51,EJ51,EP51,EV51,FB51) -> 6 | FJ51: =IFERROR(FH51/FI51," ") -> 6275.2067
A52: =Distribución_Reactivos!A52 -> 50 | B52: =Distribución_Reactivos!B52 -> Alcohol Etilico grado técnico al 96 % | C52: =Distribución_Reactivos!C52 -> Cualquier marca | D52: =Distribución_Reactivos!D52 -> Frasco x 4 litros | E52: 1 | F52: 0 | G52: 0 | H52: 0 | I52: 0 | J52: 152671.52 | K52: 145061 | L52: =J52 -> 152671.52 | M52: =K52*1.03 -> 149412.83 | AF52: 30000 | AG52: =AF52*19% -> 5700 | AH52: =+AF52+AG52 -> 35700 | AL52: 75000 | AM52: =+AL52*0.19 -> 14250 | AN52: =+AL52+AM52 -> 89250 | AO52: Frasco x 5 litro | AP52: CHEMI | AR52: 272490 | AS52: =+AR52*0.19 -> 51773.1 | AT52: =+AR52+AS52 -> 324263.1 | AU52: Frasco x 5 litro | AV52: PANREAC | BV52: 162900 | BW52: =BV52*19% -> 30951 | BX52: =+BV52+BW52 -> 193851 | BY52: frasco x 4 litros | BZ52: BIOQUIGEN | CB52: 45200 | CD52: =+CC52+CB52 -> 45200 | CH52: 174303 | CI52: =+CH52*0.19 -> 33117.57 | CJ52: =+CH52+CI52 -> 207420.57 | CK52: frasco x 4 litros | CL52: BIOQUIGEN | FH52: =SUM(M52,P52,V52,AB52,AH52,AN52,AT52,AZ52,BF52,BL52,BR52,BX52,CD52,CJ52,CP52,CV52,DB52,DH52,DN52,DT52,DZ52,EF52,EL52,ER52,EX52,FD52) -> 1045097.5 | FI52: =COUNTA(M52,N52,T52,Z52,AF52,AL52,AR52,AX52,BD52,BJ52,BP52,BV52,CB52,CH52,CN52,CT52,CZ52,DF52,DL52,DR52,DX52,ED52,EJ52,EP52,EV52,FB52) -> 7 | FJ52: =IFERROR(FH52/FI52," ") -> 149299.64
A53: =Distribución_Reactivos!A53 -> 51 | B53: =Distribución_Reactivos!B53 -> Alcohol industrial para mechero | C53: =Distribución_Reactivos!C53 -> Cualquier marca | D53: =Distribución_Reactivos!D53 -> Frasco x 1 litro | E53: 1 | F53: 32254.95 | G53: 14280 | H53: 38807.765 | I53: 13500 | J53: 50271.333 | K53: 47719 | L53: =AVERAGE(F53,H53,J53) -> 40444.683 | M53: =AVERAGE(G53,I53,K53)*1.03 -> 25921.323 | AF53: 10000 | AG53: =AF53*19% -> 1900 | AH53: =+AF53+AG53 -> 11900 | AL53: 75000 | AM53: =+AL53*0.19 -> 14250 | AN53: =+AL53+AM53 -> 89250 | AO53: Frasco x 5 litro | AP53: CHEMI | BV53: 38800 | BW53: =BV53*19% -> 7372 | BX53: =+BV53+BW53 -> 46172 | BY53: frasco x 1 litro | BZ53: NACIONAL | CB53: 18000 | CD53: =+CC53+CB53 -> 18000 | CH53: 39188 | CI53: =+CH53*0.19 -> 7445.72 | CJ53: =+CH53+CI53 -> 46633.72 | CK53: frasco x 1 litro | CL53: NACIONAL | FH53: =SUM(M53,P53,V53,AB53,AH53,AN53,AT53,AZ53,BF53,BL53,BR53,BX53,CD53,CJ53,CP53,CV53,DB53,DH53,DN53,DT53,DZ53,EF53,EL53,ER53,EX53,FD53) -> 237877.04 | FI53: =COUNTA(M53,N53,T53,Z53,AF53,AL53,AR53,AX53,BD53,BJ53,BP53,BV53,CB53,CH53,CN53,CT53,CZ53,DF53,DL53,DR53,DX53,ED53,EJ53,EP53,EV53,FB53) -> 6 | FJ53: =IFERROR(FH53/FI53," ") -> 39646.174
A54: =Distribución_Reactivos!A54 -> 52 | B54: =Distribución_Reactivos!B54 -> Alcohol isoamilico | C54: =Distribución_Reactivos!C54 -> Cualquier marca | D54: =Distribución_Reactivos!D54 -> Frasco x 500 ml | E54: 1 | F54: 168397.38 | G54: 89964 | H54: 403232.3 | I54: 403172 | J54: 238307.97 | K54: 232407 | L54: =AVERAGE(F54,H54,J54) -> 269979.22 | M54: =AVERAGE(G54,I54,K54)*1.03 -> 249103.1 | AL54: 480000 | AM54: =+AL54*0.19 -> 91200 | AN54: =+AL54+AM54 -> 571200 | AO54: Frasco x 1 litro | AP54: PANREAC | AR54: 140767 | AS54: =+AR54*0.19 -> 26745.73 | AT54: =+AR54+AS54 -> 167512.73 | AU54: Frasco x 1 litro | AV54: PANREAC | BV54: 337400 | BW54: =BV54*19% -> 64106 | BX54: =+BV54+BW54 -> 401506 | BY54: frasco x 500 ml | BZ54: JT BAKER | CB54: 113000 | CC54: =+CB54*19% -> 21470 | CD54: =+CC54+CB54 -> 134470 | CH54: 350896 | CI54: =+CH54*0.19 -> 66670.24 | CJ54: =+CH54+CI54 -> 417566.24 | CK54: frasco x 500 ml | CL54: JT BAKER | FH54: =SUM(M54,P54,V54,AB54,AH54,AN54,AT54,AZ54,BF54,BL54,BR54,BX54,CD54,CJ54,CP54,CV54,DB54,DH54,DN54,DT54,DZ54,EF54,EL54,ER54,EX54,FD54) -> 1941358.1 | FI54: =COUNTA(M54,N54,T54,Z54,AF54,AL54,AR54,AX54,BD54,BJ54,BP54,BV54,CB54,CH54,CN54,CT54,CZ54,DF54,DL54,DR54,DX54,ED54,EJ54,EP54,EV54,FB54) -> 6 | FJ54: =IFERROR(FH54/FI54," ") -> 323559.68
A55: =Distribución_Reactivos!A55 -> 53 | B55: =Distribución_Reactivos!B55 -> Alcohol polivinílico | C55: =Distribución_Reactivos!C55 -> Merck | D55: =Distribución_Reactivos!D55 -> Frasco x 100 g | E55: 1 | F55: 347658.5 | G55: 342363 | H55: 257238.33 | I55: 0 | J55: 318953.72 | K55: 312613 | L55: =AVERAGE(F55,H55,J55) -> 307950.18 | M55: =AVERAGE(G55,K55)*1.03 -> 337312.64 | AF55: 270000 | AG55: =AF55*19% -> 51300 | AH55: =+AF55+AG55 -> 321300 | AR55: 676800 | AS55: =+AR55*0.19 -> 128592 | AT55: =+AR55+AS55 -> 805392 | AU55: Frasco x 100g | AV55: Santa Cruz Biotechnology | BV55: 447900 | BW55: =BV55*19% -> 85101 | BX55: =+BV55+BW55 -> 533001 | BY55: frasco x 100 gr | BZ55: MERCK | CH55: 456858 | CI55: =+CH55*0.19 -> 86803.02 | CJ55: =+CH55+CI55 -> 543661.02 | CK55: frasco x 100 gr | CL55: MERCK | CZ55: 185931 | DA55: =+CZ55*0.19 -> 35326.89 | DB55: =+CZ55+DA55 -> 221257.89 | DC55: 100g | DD55: Merck | DE55: 1142660100 | FH55: =SUM(M55,P55,V55,AB55,AH55,AN55,AT55,AZ55,BF55,BL55,BR55,BX55,CD55,CJ55,CP55,CV55,DB55,DH55,DN55,DT55,DZ55,EF55,EL55,ER55,EX55,FD55) -> 2761924.6 | FI55: =COUNTA(M55,N55,T55,Z55,AF55,AL55,AR55,AX55,BD55,BJ55,BP55,BV55,CB55,CH55,CN55,CT55,CZ55,DF55,DL55,DR55,DX55,ED55,EJ55,EP55,EV55,FB55) -> 6 | FJ55: =IFERROR(FH55/FI55," ") -> 460320.76
A56: =Distribución_Reactivos!A56 -> 54 | B56: =Distribución_Reactivos!B56 -> Almidón soluble para análisis con certificado de análisis trazable por lote y descargable mediante el website del fabricante | C56: =Distribución_Reactivos!C56 -> Cualquier marca | D56: =Distribución_Reactivos!D56 -> Frasco x 100 g | E56: 1 | F56: 171908.39 | G56: 167552 | H56: 326899.36 | I56: 297500 | J56: 309460.21 | K56: 301665 | L56: =AVERAGE(F56,H56,J56) -> 269422.65 | M56: =AVERAGE(G56,I56,K56)*1.03 -> 263239.5 | AF56: 300000 | AG56: =AF56*19% -> 57000 | AH56: =+AF56+AG56 -> 357000 | AL56: 224000 | AM56: =+AL56*0.19 -> 42560 | AN56: =+AL56+AM56 -> 266560 | AO56: Frasco x 500g | AP56: PANREAC | AR56: 151200 | AS56: =+AR56*0.19 -> 28728 | AT56: =+AR56+AS56 -> 179928 | AU56: Frasco x 100g | AV56: Santa Cruz Biotechnology | AX56: =649191.57/5 -> 129838.31 | AY56: =+AX56*0.19 -> 24669.28 | AZ56: =+AX56+AY56 -> 154507.59 | BA56: Frasco x 500g | BB56: JT Baker | BV56: 329700 | BW56: =BV56*19% -> 62643 | BX56: =+BV56+BW56 -> 392343 | BY56: frasco x 100 gr | BZ56: JT BAKER | CH56: 332997 | CI56: =+CH56*0.19 -> 63269.43 | CJ56: =+CH56+CI56 -> 396266.43 | CK56: frasco x 100 gr | CL56: JT BAKER | CT56: 1446250 | CU56: 274787.5 | CV56: =+CT56+CU56 -> 1721037.5 | FH56: =SUM(M56,P56,V56,AB56,AH56,AN56,AT56,AZ56,BF56,BL56,BR56,BX56,CD56,CJ56,CP56,CV56,DB56,DH56,DN56,DT56,DZ56,EF56,EL56,ER56,EX56,FD56) -> 3730882 | FI56: =COUNTA(M56,N56,T56,Z56,AF56,AL56,AR56,AX56,BD56,BJ56,BP56,BV56,CB56,CH56,CN56,CT56,CZ56,DF56,DL56,DR56,DX56,ED56,EJ56,EP56,EV56,FB56) -> 8 | FJ56: =IFERROR(FH56/FI56," ") -> 466360.25
A57: =Distribución_Reactivos!A57 -> 55 | B57: =Distribución_Reactivos!B57 -> Aminoácidos NO esenciales | C57: =Distribución_Reactivos!C57 -> Gibco 11140-050 | D57: =Distribución_Reactivos!D57 -> Frasco x 100 ml | E57: 1 | F57: 0 | G57: 0 | H57: 209440 | I57: 0 | J57: 175385 | K57: 0 | L57: =AVERAGE(H57,J57) -> 192412.5 | T57: 418000 | U57: =+T57*0.19 -> 79420 | V57: =+U57+T57 -> 497420 | W57: Frasco x 100ml | X57: Gibco | BV57: 297800 | BW57: =BV57*19% -> 56582 | BX57: =+BV57+BW57 -> 354382 | BY57: frasco x 100 ml | BZ57: SIGMA | CH57: 312690 | CI57: =+CH57*0.19 -> 59411.1 | CJ57: =+CH57+CI57 -> 372101.1 | CK57: frasco x 100 ml | CL57: SIGMA | FH57: =SUM(M57,P57,V57,AB57,AH57,AN57,AT57,AZ57,BF57,BL57,BR57,BX57,CD57,CJ57,CP57,CV57,DB57,DH57,DN57,DT57,DZ57,EF57,EL57,ER57,EX57,FD57) -> 1223903.1 | FI57: =COUNTA(M57,N57,T57,Z57,AF57,AL57,AR57,AX57,BD57,BJ57,BP57,BV57,CB57,CH57,CN57,CT57,CZ57,DF57,DL57,DR57,DX57,ED57,EJ57,EP57,EV57,FB57) -> 3 | FJ57: =IFERROR(FH57/FI57," ") -> 407967.7
A58: =Distribución_Reactivos!A58 -> 56 | B58: =Distribución_Reactivos!B58 -> Amoniaco 25 % para análisis con certificado de análisis y ficha de seguridad | C58: =Distribución_Reactivos!C58 -> Cualquier marca | D58: =Distribución_Reactivos!D58 -> Frasco x 1 litro | E58: 1 | F58: 0 | G58: 0 | H58: 0 | I58: 0 | J58: 0 | K58: 0 | AF58: 110000 | AG58: =AF58*19% -> 20900 | AH58: =+AF58+AG58 -> 130900 | AL58: 109000 | AM58: =+AL58*0.19 -> 20710 | AN58: =+AL58+AM58 -> 129710 | AO58: Frasco x 1 litro | AP58: PANREAC | BV58: 305200 | BW58: =BV58*19% -> 57988 | BX58: =+BV58+BW58 -> 363188 | BY58: frasco x 1 litro | BZ58: PANREAC | CH58: 317408 | CI58: =+CH58*0.19 -> 60307.52 | CJ58: =+CH58+CI58 -> 377715.52 | CK58: frasco x 1 litro | CL58: PANREAC | CZ58: 413241 | DA58: =+CZ58*0.19 -> 78515.79 | DB58: =+CZ58+DA58 -> 491756.79 | DC58: 1 LT | DD58: Merck | DE58: CTRM1054281000 | FH58: =SUM(M58,P58,V58,AB58,AH58,AN58,AT58,AZ58,BF58,BL58,BR58,BX58,CD58,CJ58,CP58,CV58,DB58,DH58,DN58,DT58,DZ58,EF58,EL58,ER58,EX58,FD58) -> 1493270.3 | FI58: =COUNTA(M58,N58,T58,Z58,AF58,AL58,AR58,AX58,BD58,BJ58,BP58,BV58,CB58,CH58,CN58,CT58,CZ58,DF58,DL58,DR58,DX58,ED58,EJ58,EP58,EV58,FB58) -> 5 | FJ58: =IFERROR(FH58/FI58," ") -> 298654.06
A59: =Distribución_Reactivos!A59 -> 57 | B59: =Distribución_Reactivos!B59 -> Ampicilina | C59: =Distribución_Reactivos!C59 -> Sigma A9518-5G | D59: =Distribución_Reactivos!D59 -> Frasco x 5 g | E59: 1 | F59: 273210.61 | G59: 273105 | H59: 293610.53 | I59: 293573 | J59: 226512.05 | K59: 0 | L59: =AVERAGE(F59,H59,J59) -> 264444.4 | M59: =AVERAGE(G59,I59)*1.03 -> 291839.17 | AF59: 220000 | AG59: =AF59*19% -> 41800 | AH59: =+AF59+AG59 -> 261800 | AR59: 468000 | AS59: =+AR59*0 -> 0 | AT59: =+AR59+AS59 -> 468000 | AU59: Frasco x 5g | AV59: Santa Cruz Biotechnology | BV59: 485100 | BW59: =BV59*0 -> 0 | BX59: =+BV59+BW59 -> 485100 | BY59: frasco x 5 gr | BZ59: SIGMA | CH59: 509355 | CI59: =+CH59*0 -> 0 | CJ59: =+CH59+CI59 -> 509355 | CK59: frasco x 5 gr | CL59: SIGMA | CT59: 419000 | CU59: 79610 | CV59: =+CT59+CU59 -> 498610 | CZ59: 300011 | DA59: 0 | DB59: 300011 | DC59: 5 g | DD59: Sigma aldrich | DE59: A95185G | FH59: =SUM(M59,P59,V59,AB59,AH59,AN59,AT59,AZ59,BF59,BL59,BR59,BX59,CD59,CJ59,CP59,CV59,DB59,DH59,DN59,DT59,DZ59,EF59,EL59,ER59,EX59,FD59) -> 2814715.2 | FI59: =COUNTA(M59,N59,T59,Z59,AF59,AL59,AR59,AX59,BD59,BJ59,BP59,BV59,CB59,CH59,CN59,CT59,CZ59,DF59,DL59,DR59,DX59,ED59,EJ59,EP59,EV59,FB59) -> 7 | FJ59: =IFERROR(FH59/FI59," ") -> 402102.17
A60: =Distribución_Reactivos!A60 -> 58 | B60: =Distribución_Reactivos!B60 -> Anaerocult A | C60: =Distribución_Reactivos!C60 -> Merck | D60: =Distribución_Reactivos!D60 -> Caja x 10 | E60: 1 | F60: 246171.33 | G60: 239904 | H60: 324389 | I60: 324275 | J60: 331524.8 | K60: 256445 | L60: =AVERAGE(F60,H60,J60) -> 300695.05 | M60: =AVERAGE(G60,I60,K60)*1.03 -> 281747.57 | N60: 214500 | O60: =+N60*0 -> 0 | P60: =+O60+N60 -> 214500 | Q60: Caja x 10 Sobres | R60: OXOID | S60: Ofrecen otra marca | AF60: 440000 | AG60: =AF60*19% -> 83600 | AH60: =+AF60+AG60 -> 523600 | BV60: 293000 | BW60: =BV60*19% -> 55670 | BX60: =+BV60+BW60 -> 348670 | BY60: caja x 10 | BZ60: MERCK | CH60: 304720 | CI60: =+CH60*0.19 -> 57896.8 | CJ60: =+CH60+CI60 -> 362616.8 | CK60: caja x 10 | CL60: MERCK | CT60: 592500 | CU60: =+CT60*0 -> 0 | CV60: =+CT60+CU60 -> 592500 | CZ60: 164607 | DA60: =+CZ60*0.19 -> 31275.33 | DB60: =+CZ60+DA60 -> 195882.33 | DC60: PAQUETE/10 | DD60: Merck | DE60: 1138290001 | FH60: =SUM(M60,P60,V60,AB60,AH60,AN60,AT60,AZ60,BF60,BL60,BR60,BX60,CD60,CJ60,CP60,CV60,DB60,DH60,DN60,DT60,DZ60,EF60,EL60,ER60,EX60,FD60) -> 2519516.7 | FI60: =COUNTA(M60,N60,T60,Z60,AF60,AL60,AR60,AX60,BD60,BJ60,BP60,BV60,CB60,CH60,CN60,CT60,CZ60,DF60,DL60,DR60,DX60,ED60,EJ60,EP60,EV60,FB60) -> 7 | FJ60: =IFERROR(FH60/FI60," ") -> 359930.96
A61: =Distribución_Reactivos!A61 -> 59 | B61: =Distribución_Reactivos!B61 -> Anaerocult C | C61: =Distribución_Reactivos!C61 -> Merck 16275 | D61: =Distribución_Reactivos!D61 -> Caja x 5 | E61: 1 | F61: 601743.33 | G61: 586670 | H61: 527723.73 | I61: 527646 | J61: 540517.83 | K61: 0 | L61: =AVERAGE(F61,H61,J61) -> 556661.63 | M61: =AVERAGE(G61,I61)*1.03 -> 573872.74 | N61: 283000 | O61: =+N61*0 -> 0 | P61: =+O61+N61 -> 283000 | Q61: Caja x 10 Sobres | R61: OXOID | S61: Ofrecen otra marca/ Presentación superior | AF61: 540000 | AG61: =AF61*19% -> 102600 | AH61: =+AF61+AG61 -> 642600 | BV61: 728200 | BW61: =BV61*19% -> 138358 | BX61: =+BV61+BW61 -> 866558 | BY61: caja x 5 | BZ61: MERCK | CH61: 771892 | CI61: =+CH61*0.19 -> 146659.48 | CJ61: =+CH61+CI61 -> 918551.48 | CK61: caja x 5 | CL61: MERCK | CZ61: 436544 | DA61: =+CZ61*0.19 -> 82943.36 | DB61: =+CZ61+DA61 -> 519487.36 | DC61: 25 TESTS | DD61: Merck | DE61: 1162750001 | FH61: =SUM(M61,P61,V61,AB61,AH61,AN61,AT61,AZ61,BF61,BL61,BR61,BX61,CD61,CJ61,CP61,CV61,DB61,DH61,DN61,DT61,DZ61,EF61,EL61,ER61,EX61,FD61) -> 3804069.6 | FI61: =COUNTA(M61,N61,T61,Z61,AF61,AL61,AR61,AX61,BD61,BJ61,BP61,BV61,CB61,CH61,CN61,CT61,CZ61,DF61,DL61,DR61,DX61,ED61,EJ61,EP61,EV61,FB61) -> 6 | FJ61: =IFERROR(FH61/FI61," ") -> 634011.6
A62: =Distribución_Reactivos!A62 -> 60 | B62: =Distribución_Reactivos!B62 -> Anaerotest indicador anaerobiosis | C62: =Distribución_Reactivos!C62 -> Merck | D62: =Distribución_Reactivos!D62 -> Frasco x 50 tiras | E62: 1 | F62: 0 | G62: 0 | H62: 220700 | I62: 0 | J62: 220910 | K62: 216461 | L62: =AVERAGE(H62,J62) -> 220805 | M62: =K62*1.03 -> 222954.83 | N62: 255750 | O62: =+N62*0 -> 0 | P62: =+O62+N62 -> 255750 | Q62: Caja x 100 Sobres | R62: OXOID | S62: Ofrecen otra marca/ Presentación superior | AF62: 210000 | AG62: =AF62*19% -> 39900 | AH62: =+AF62+AG62 -> 249900 | CK62: N/A | CL62: N/A | CT62: 266250 | CU62: 50587.5 | CV62: =+CT62+CU62 -> 316837.5 | CZ62: 165645 | DA62: =+CZ62*0.19 -> 31472.55 | DB62: =+CZ62+DA62 -> 197117.55 | DC62: CAJA/50 | DD62: Merck | DE62: 1151120001 | FH62: =SUM(M62,P62,V62,AB62,AH62,AN62,AT62,AZ62,BF62,BL62,BR62,BX62,CD62,CJ62,CP62,CV62,DB62,DH62,DN62,DT62,DZ62,EF62,EL62,ER62,EX62,FD62) -> 1242559.9 | FI62: =COUNTA(M62,N62,T62,Z62,AF62,AL62,AR62,AX62,BD62,BJ62,BP62,BV62,CB62,CH62,CN62,CT62,CZ62,DF62,DL62,DR62,DX62,ED62,EJ62,EP62,EV62,FB62) -> 5 | FJ62: =IFERROR(FH62/FI62," ") -> 248511.98
A63: =Distribución_Reactivos!A63 -> 61 | B63: =Distribución_Reactivos!B63 -> Anfotericina B solución para cultivo celular | C63: =Distribución_Reactivos!C63 -> Sigma | D63: =Distribución_Reactivos!D63 -> Frasco x 50 ml | E63: 1 | F63: 700593.86 | G63: 679490 | H63: 462688.56 | I63: 0 | J63: 270398.09 | K63: 0 | L63: =AVERAGE(F63,H63,J63) -> 477893.5 | M63: =G63*1.03 -> 699874.7 | T63: =+(258000/20)*50 -> 645000 | U63: =+T63*0 -> 0 | V63: =+U63+T63 -> 645000 | W63: Frasco x 20ml | X63: Gibco | BP63: 253252 | BQ63: =BP63*19% -> 48117.88 | BR63: =+BP63+BQ63 -> 301369.88 | BS63: Frasco x 50ml | BT63: HYCLONE Ref. SV30078.01 | BU63: Amphotericin B (Fungizone) Solution, 250 µg/mL-50 mL | BV63: 441000 | BW63: =BV63*0 -> 0 | BX63: =+BV63+BW63 -> 441000 | BY63: frasco x 50 ml | BZ63: SIGMA | CH63: 449820 | CI63: =+CH63*0 -> 0 | CJ63: =+CH63+CI63 -> 449820 | CK63: frasco x 50 ml | CL63: SIGMA | CT63: 209000 | CU63: 39710 | CV63: =+CT63+CU63 -> 248710 | CZ63: 276571 | DA63: =+CZ63*0.19 -> 52548.49 | DB63: =+CZ63+DA63 -> 329119.49 | DC63: 100 Mg | DD63: Sigma aldrich | DE63: US1171375100MG | FH63: =SUM(M63,P63,V63,AB63,AH63,AN63,AT63,AZ63,BF63,BL63,BR63,BX63,CD63,CJ63,CP63,CV63,DB63,DH63,DN63,DT63,DZ63,EF63,EL63,ER63,EX63,FD63) -> 3114894.1 | FI63: =COUNTA(M63,N63,T63,Z63,AF63,AL63,AR63,AX63,BD63,BJ63,BP63,BV63,CB63,CH63,CN63,CT63,CZ63,DF63,DL63,DR63,DX63,ED63,EJ63,EP63,EV63,FB63) -> 7 | FJ63: =IFERROR(FH63/FI63," ") -> 444984.87
A64: =Distribución_Reactivos!A64 -> 62 | B64: =Distribución_Reactivos!B64 -> Antibiotic Antimycotic Solution (100×), Stabilized . with 10,000 units penicillin, 10 mg streptomycin and 25 μg amphotericin B per mL, sterile-filtered, BioReagent, suitable for cell culture | C64: =Distribución_Reactivos!C64 -> Sigma A5955; Gibco 15240062 | D64: =Distribución_Reactivos!D64 -> Frasco x 100 ml | E64: 1 | F64: 343750.09 | G64: 331653 | H64: 380911.18 | I64: 0 | J64: 263105.59 | K64: 0 | L64: =AVERAGE(F64,H64,J64) -> 329255.62 | M64: =G64*1.03 -> 341602.59 | T64: 328000 | U64: =+T64*0 -> 0 | V64: =+U64+T64 -> 328000 | W64: Frasco x 100ml | X64: Gibco | BV64: 280000 | BW64: =BV64*19% -> 53200 | BX64: =+BV64+BW64 -> 333200 | BY64: frasco x 100 ml | BZ64: SIGMA | CH64: 288400 | CI64: =+CH64*0.19 -> 54796 | CJ64: =+CH64+CI64 -> 343196 | CK64: frasco x 100 ml | CL64: SIGMA | CT64: 290000 | CU64: 55100 | CV64: =+CT64+CU64 -> 345100 | CZ64: 146000 | DA64: =+CZ64*0.19 -> 27740 | DB64: =+CZ64+DA64 -> 173740 | DC64: 100ML | DD64: Sigma aldrich | DE64: A5955100ML | FH64: =SUM(M64,P64,V64,AB64,AH64,AN64,AT64,AZ64,BF64,BL64,BR64,BX64,CD64,CJ64,CP64,CV64,DB64,DH64,DN64,DT64,DZ64,EF64,EL64,ER64,EX64,FD64) -> 1864838.6 | FI64: =COUNTA(M64,N64,T64,Z64,AF64,AL64,AR64,AX64,BD64,BJ64,BP64,BV64,CB64,CH64,CN64,CT64,CZ64,DF64,DL64,DR64,DX64,ED64,EJ64,EP64,EV64,FB64) -> 6 | FJ64: =IFERROR(FH64/FI64," ") -> 310806.43
A65: =Distribución_Reactivos!A65 -> 63 | B65: =Distribución_Reactivos!B65 -> Antibiótico ácido Nalidíxico Cas 389-08-2 N8878. 5g | C65: =Distribución_Reactivos!C65 -> Santa cruz o Sigma | D65: =Distribución_Reactivos!D65 -> Frasco x 5 g | E65: 1 | F65: 0 | G65: 0 | H65: 135485.41 | I65: 0 | J65: 51170 | K65: 0 | L65: =AVERAGE(H65,J65) -> 93327.705 | AR65: 144000 | AS65: =+AR65*0 -> 0 | AT65: =+AR65+AS65 -> 144000 | AU65: Frasco x 5g | AV65: Santa Cruz Biotechnology | BV65: 369600 | BW65: =BV65*19% -> 70224 | BX65: =+BV65+BW65 -> 439824 | BY65: frasco x 5 gr | BZ65: SIGMA | CH65: 388080 | CI65: =+CH65*0.19 -> 73735.2 | CJ65: =+CH65+CI65 -> 461815.2 | CK65: frasco x 5 gr | CL65: SIGMA | CT65: 248000 | CU65: 47120 | CV65: =+CT65+CU65 -> 295120 | CZ65: 91771 | DA65: =+CZ65*0.19 -> 17436.49 | DB65: =+CZ65+DA65 -> 109207.49 | DC65: 5 gramos | DD65: Sigma aldrich | DE65: N88785G | FH65: =SUM(M65,P65,V65,AB65,AH65,AN65,AT65,AZ65,BF65,BL65,BR65,BX65,CD65,CJ65,CP65,CV65,DB65,DH65,DN65,DT65,DZ65,EF65,EL65,ER65,EX65,FD65) -> 1449966.7 | FI65: =COUNTA(M65,N65,T65,Z65,AF65,AL65,AR65,AX65,BD65,BJ65,BP65,BV65,CB65,CH65,CN65,CT65,CZ65,DF65,DL65,DR65,DX65,ED65,EJ65,EP65,EV65,FB65) -> 5 | FJ65: =IFERROR(FH65/FI65," ") -> 289993.34
A66: =Distribución_Reactivos!A66 -> 64 | B66: =Distribución_Reactivos!B66 -> Antibiótico natamicina=Piramicina Cas 7681-93-8 | C66: =Distribución_Reactivos!C66 -> Santa cruz o Sigma | D66: =Distribución_Reactivos!D66 -> Frasco x 25 mg | E66: 1 | F66: 1357833.6 | G66: 1357790 | H66: 1105701.4 | I66: 0 | J66: 525750 | K66: 0 | L66: =AVERAGE(F66,H66,J66) -> 996428.33 | M66: =G66*1.03 -> 1398523.7 | AR66: =1800000/4 -> 450000 | AS66: =+AR66*0 -> 0 | AT66: =+AR66+AS66 -> 450000 | AU66: Frasco x 100mg | AV66: Santa Cruz Biotechnology | BV66: 1920300 | BW66: =BV66*19% -> 364857 | BX66: =+BV66+BW66 -> 2285157 | BY66: frasco x 25 mg | BZ66: SIGMA | CT66: 229000 | CU66: 43510 | CV66: =+CT66+CU66 -> 272510 | FH66: =SUM(M66,P66,V66,AB66,AH66,AN66,AT66,AZ66,BF66,BL66,BR66,BX66,CD66,CJ66,CP66,CV66,DB66,DH66,DN66,DT66,DZ66,EF66,EL66,ER66,EX66,FD66) -> 4406190.7 | FI66: =COUNTA(M66,N66,T66,Z66,AF66,AL66,AR66,AX66,BD66,BJ66,BP66,BV66,CB66,CH66,CN66,CT66,CZ66,DF66,DL66,DR66,DX66,ED66,EJ66,EP66,EV66,FB66) -> 4 | FJ66: =IFERROR(FH66/FI66," ") -> 1101547.7
A67: =Distribución_Reactivos!A67 -> 65 | B67: =Distribución_Reactivos!B67 -> Antibiotico polimixina B Cas 1405-20-5 P4932-1MU | C67: =Distribución_Reactivos!C67 -> Santa cruz o Sigma | D67: =Distribución_Reactivos!D67 -> Frasco x 500 mg o 1MU | E67: 1 | F67: 0 | G67: 0 | H67: 237470.38 | I67: 0 | J67: 129616.67 | K67: 0 | L67: =AVERAGE(H67,J67) -> 183543.52 | AR67: 403200 | AS67: =+AR67*0 -> 0 | AT67: =+AR67+AS67 -> 403200 | AU67: Frasco x 500mg | AV67: Santa Cruz Biotechnology | BV67: 203600 | BW67: =BV67*0 -> 0 | BX67: =+BV67+BW67 -> 203600 | BY67: frasco x 500 mg o 1mu | BZ67: SIGMA | CH67: 215816 | CI67: =+CH67*0 -> 0 | CJ67: =+CH67+CI67 -> 215816 | CK67: frasco x 500 mg o 1mu | CL67: SIGMA | CT67: 238000 | CU67: 45220 | CV67: =+CT67+CU67 -> 283220 | CZ67: 149129 | DA67: 0 | DB67: 149129 | DD67: Sigma aldrich | DE67: P49321MU | FH67: =SUM(M67,P67,V67,AB67,AH67,AN67,AT67,AZ67,BF67,BL67,BR67,BX67,CD67,CJ67,CP67,CV67,DB67,DH67,DN67,DT67,DZ67,EF67,EL67,ER67,EX67,FD67) -> 1254965 | FI67: =COUNTA(M67,N67,T67,Z67,AF67,AL67,AR67,AX67,BD67,BJ67,BP67,BV67,CB67,CH67,CN67,CT67,CZ67,DF67,DL67,DR67,DX67,ED67,EJ67,EP67,EV67,FB67) -> 5 | FJ67: =IFERROR(FH67/FI67," ") -> 250993
A68: =Distribución_Reactivos!A68 -> 66 | B68: =Distribución_Reactivos!B68 -> Anti-Bovine IgG (whole molecule)−Peroxidase antibody produced in rabbit | C68: =Distribución_Reactivos!C68 -> SIGMA A8917 | D68: =Distribución_Reactivos!D68 -> Frascos x 1 ml | E68: 1 | F68: 0 | G68: 0 | H68: 0 | I68: 0 | J68: 0 | K68: 0 | BV68: 927500 | BW68: =BV68*19% -> 176225 | BX68: =+BV68+BW68 -> 1103725 | BY68: frascos x 1 ml | BZ68: SIGMA | CT68: 201000 | CU68: 38190 | CV68: =+CT68+CU68 -> 239190 | FH68: =SUM(M68,P68,V68,AB68,AH68,AN68,AT68,AZ68,BF68,BL68,BR68,BX68,CD68,CJ68,CP68,CV68,DB68,DH68,DN68,DT68,DZ68,EF68,EL68,ER68,EX68,FD68) -> 1342915 | FI68: =COUNTA(M68,N68,T68,Z68,AF68,AL68,AR68,AX68,BD68,BJ68,BP68,BV68,CB68,CH68,CN68,CT68,CZ68,DF68,DL68,DR68,DX68,ED68,EJ68,EP68,EV68,FB68) -> 2 | FJ68: =IFERROR(FH68/FI68," ") -> 671457.5
A69: =Distribución_Reactivos!A69 -> 67 | B69: =Distribución_Reactivos!B69 -> Antigeno Brucelosis para el test de FC 100 ml | C69: =Distribución_Reactivos!C69 -> ID VET | D69: =Distribución_Reactivos!D69 -> Frasco X 40000 reacciones | E69: 1 | F69: 1237500 | G69: 0 | H69: 0 | I69: 0 | J69: 571200 | K69: 0 | L69: =AVERAGE(F69,J69) -> 904350 | Z69: 534000 | AA69: 0 | AB69: =+Z69+AA69 -> 534000 | AC69: Frasco x 100ml / 40000 rxn | AD69: ID VET | CT69: 1312000 | CU69: 249280 | CV69: =+CT69+CU69 -> 1561280 | FH69: =SUM(M69,P69,V69,AB69,AH69,AN69,AT69,AZ69,BF69,BL69,BR69,BX69,CD69,CJ69,CP69,CV69,DB69,DH69,DN69,DT69,DZ69,EF69,EL69,ER69,EX69,FD69) -> 2095280 | FI69: =COUNTA(M69,N69,T69,Z69,AF69,AL69,AR69,AX69,BD69,BJ69,BP69,BV69,CB69,CH69,CN69,CT69,CZ69,DF69,DL69,DR69,DX69,ED69,EJ69,EP69,EV69,FB69) -> 2 | FJ69: =IFERROR(FH69/FI69," ") -> 1047640
A70: =Distribución_Reactivos!A70 -> 68 | B70: =Distribución_Reactivos!B70 -> Antigeno H5N9 Influenza Aviar | C70: =Distribución_Reactivos!C70 -> INSTITUTO ZOOPROFILACTICO DE VENEZIA | D70: =Distribución_Reactivos!D70 -> Frasco liofilizado x 1 ml | E70: 1 | F70: 0 | G70: 0 | H70: 0 | I70: 0 | J70: 922250 | K70: 0 | L70: =J70 -> 922250 | CT70: 686000 | CU70: 130340 | CV70: =+CT70+CU70 -> 816340 | FH70: =SUM(M70,P70,V70,AB70,AH70,AN70,AT70,AZ70,BF70,BL70,BR70,BX70,CD70,CJ70,CP70,CV70,DB70,DH70,DN70,DT70,DZ70,EF70,EL70,ER70,EX70,FD70) -> 816340 | FI70: =COUNTA(M70,N70,T70,Z70,AF70,AL70,AR70,AX70,BD70,BJ70,BP70,BV70,CB70,CH70,CN70,CT70,CZ70,DF70,DL70,DR70,DX70,ED70,EJ70,EP70,EV70,FB70) -> 1 | FJ70: =IFERROR(FH70/FI70," ") -> 816340
A71: =Distribución_Reactivos!A71 -> 69 | B71: =Distribución_Reactivos!B71 -> Antigeno H6N2 Influenza Aviar | C71: =Distribución_Reactivos!C71 -> INSTITUTO ZOOPROFILACTICO DE VENEZIA | D71: =Distribución_Reactivos!D71 -> Frasco liofilizado x 1 ml | E71: 1 | F71: 0 | G71: 0 | H71: 0 | I71: 0 | J71: 922250 | K71: 0 | L71: =J71 -> 922250 | CT71: 938000 | CU71: 178220 | CV71: =+CT71+CU71 -> 1116220 | FH71: =SUM(M71,P71,V71,AB71,AH71,AN71,AT71,AZ71,BF71,BL71,BR71,BX71,CD71,CJ71,CP71,CV71,DB71,DH71,DN71,DT71,DZ71,EF71,EL71,ER71,EX71,FD71) -> 1116220 | FI71: =COUNTA(M71,N71,T71,Z71,AF71,AL71,AR71,AX71,BD71,BJ71,BP71,BV71,CB71,CH71,CN71,CT71,CZ71,DF71,DL71,DR71,DX71,ED71,EJ71,EP71,EV71,FB71) -> 1 | FJ71: =IFERROR(FH71/FI71," ") -> 1116220
A72: =Distribución_Reactivos!A72 -> 70 | B72: =Distribución_Reactivos!B72 -> Antigeno H7N3 Influenza Aviar | C72: =Distribución_Reactivos!C72 -> INSTITUTO ZOOPROFILACTICO DE VENEZIA | D72: =Distribución_Reactivos!D72 -> Frasco liofilizado x 1 ml | E72: 1 | F72: 0 | G72: 0 | H72: 0 | I72: 0 | J72: 922250 | K72: 0 | L72: =J72 -> 922250 | CT72: 85000 | CU72: 16150 | CV72: =+CT72+CU72 -> 101150 | FH72: =SUM(M72,P72,V72,AB72,AH72,AN72,AT72,AZ72,BF72,BL72,BR72,BX72,CD72,CJ72,CP72,CV72,DB72,DH72,DN72,DT72,DZ72,EF72,EL72,ER72,EX72,FD72) -> 101150 | FI72: =COUNTA(M72,N72,T72,Z72,AF72,AL72,AR72,AX72,BD72,BJ72,BP72,BV72,CB72,CH72,CN72,CT72,CZ72,DF72,DL72,DR72,DX72,ED72,EJ72,EP72,EV72,FB72) -> 1 | FJ72: =IFERROR(FH72/FI72," ") -> 101150
A73: =Distribución_Reactivos!A73 -> 71 | B73: =Distribución_Reactivos!B73 -> Antigeno H9N2 Influenza Aviar | C73: =Distribución_Reactivos!C73 -> INSTITUTO ZOOPROFILACTICO DE VENEZIA | D73: =Distribución_Reactivos!D73 -> Frasco liofilizado x 1 ml | E73: 1 | F73: 0 | G73: 0 | H73: 0 | I73: 0 | J73: 922250 | K73: 0 | L73: =J73 -> 922250 | CT73: 360000 | CU73: =+CT73*0 -> 0 | CV73: =+CT73+CU73 -> 360000 | FH73: =SUM(M73,P73,V73,AB73,AH73,AN73,AT73,AZ73,BF73,BL73,BR73,BX73,CD73,CJ73,CP73,CV73,DB73,DH73,DN73,DT73,DZ73,EF73,EL73,ER73,EX73,FD73) -> 360000 | FI73: =COUNTA(M73,N73,T73,Z73,AF73,AL73,AR73,AX73,BD73,BJ73,BP73,BV73,CB73,CH73,CN73,CT73,CZ73,DF73,DL73,DR73,DX73,ED73,EJ73,EP73,EV73,FB73) -> 1 | FJ73: =IFERROR(FH73/FI73," ") -> 360000
A74: =Distribución_Reactivos!A74 -> 72 | B74: =Distribución_Reactivos!B74 -> Antiserum Fimbrex F4 (k88) | C74: =Distribución_Reactivos!C74 -> Lesniak PA0263 VLA | D74: =Distribución_Reactivos!D74 -> Kit | E74: 1 | F74: 0 | G74: 0 | H74: 5980000 | I74: 0 | J74: 0 | K74: 0 | L74: =H74 -> 5980000 | CT74: 362500 | CU74: 68875 | CV74: =+CT74+CU74 -> 431375 | FH74: =SUM(M74,P74,V74,AB74,AH74,AN74,AT74,AZ74,BF74,BL74,BR74,BX74,CD74,CJ74,CP74,CV74,DB74,DH74,DN74,DT74,DZ74,EF74,EL74,ER74,EX74,FD74) -> 431375 | FI74: =COUNTA(M74,N74,T74,Z74,AF74,AL74,AR74,AX74,BD74,BJ74,BP74,BV74,CB74,CH74,CN74,CT74,CZ74,DF74,DL74,DR74,DX74,ED74,EJ74,EP74,EV74,FB74) -> 1 | FJ74: =IFERROR(FH74/FI74," ") -> 431375
A75: =Distribución_Reactivos!A75 -> 73 | B75: =Distribución_Reactivos!B75 -> Antiserum Fimbrex F41 | C75: =Distribución_Reactivos!C75 -> Lesniak PA0262 VLA | D75: =Distribución_Reactivos!D75 -> Kit | E75: 1 | F75: 0 | G75: 0 | H75: 5980000 | I75: 0 | J75: 0 | K75: 0 | L75: =H75 -> 5980000 | CT75: 440000 | CU75: =+CT75*0 -> 0 | CV75: =+CT75+CU75 -> 440000 | FH75: =SUM(M75,P75,V75,AB75,AH75,AN75,AT75,AZ75,BF75,BL75,BR75,BX75,CD75,CJ75,CP75,CV75,DB75,DH75,DN75,DT75,DZ75,EF75,EL75,ER75,EX75,FD75) -> 440000 | FI75: =COUNTA(M75,N75,T75,Z75,AF75,AL75,AR75,AX75,BD75,BJ75,BP75,BV75,CB75,CH75,CN75,CT75,CZ75,DF75,DL75,DR75,DX75,ED75,EJ75,EP75,EV75,FB75) -> 1 | FJ75: =IFERROR(FH75/FI75," ") -> 440000
A76: =Distribución_Reactivos!A76 -> 74 | B76: =Distribución_Reactivos!B76 -> Antiserum Fimbrex F5 (k99) | C76: =Distribución_Reactivos!C76 -> Lesniak PA0261 VLA | D76: =Distribución_Reactivos!D76 -> Kit | E76: 1 | F76: 0 | G76: 0 | H76: 5980000 | I76: 0 | J76: 0 | K76: 0 | L76: =H76 -> 5980000 | CT76: 530000 | CU76: 100700 | CV76: =+CT76+CU76 -> 630700 | FH76: =SUM(M76,P76,V76,AB76,AH76,AN76,AT76,AZ76,BF76,BL76,BR76,BX76,CD76,CJ76,CP76,CV76,DB76,DH76,DN76,DT76,DZ76,EF76,EL76,ER76,EX76,FD76) -> 630700 | FI76: =COUNTA(M76,N76,T76,Z76,AF76,AL76,AR76,AX76,BD76,BJ76,BP76,BV76,CB76,CH76,CN76,CT76,CZ76,DF76,DL76,DR76,DX76,ED76,EJ76,EP76,EV76,FB76) -> 1 | FJ76: =IFERROR(FH76/FI76," ") -> 630700
A77: =Distribución_Reactivos!A77 -> 75 | B77: =Distribución_Reactivos!B77 -> API 20 E con reactivos reveladores (James, TDA, VP1,VP2, Solución salina 0,85%) | C77: =Distribución_Reactivos!C77 -> Biomerieux | D77: =Distribución_Reactivos!D77 -> Caja x 25 galerías | E77: 1 | F77: 0 | G77: 0 | H77: 2489361 | I77: 2290000 | J77: 2208681.3 | K77: 2201500 | L77: =AVERAGE(H77,J77) -> 2349021.2 | M77: =AVERAGE(I77,K77)*E1 -> 2313122.5 | N77: 2255000 | O77: =+N77*0 -> 0 | P77: =+O77+N77 -> 2255000 | Q77: Kit x 20 Pruebas | R77: REMEL | S77: Incluye reactivos reveladores, Se ofertan 2 Kits teniendo en cuenta que la presentacion es de 20 pruebas | BV77: 1845600 | BW77: =BV77*19% -> 350664 | BX77: =+BV77+BW77 -> 2196264 | BY77: caja x 25 galerías | BZ77: BIOMERIEUX | CH77: 1974792 | CI77: =+CH77*0.19 -> 375210.48 | CJ77: =+CH77+CI77 -> 2350002.5 | CK77: caja x 25 galerías | CL77: BIOMERIEUX | FH77: =SUM(M77,P77,V77,AB77,AH77,AN77,AT77,AZ77,BF77,BL77,BR77,BX77,CD77,CJ77,CP77,CV77,DB77,DH77,DN77,DT77,DZ77,EF77,EL77,ER77,EX77,FD77) -> 9114389 | FI77: =COUNTA(M77,N77,T77,Z77,AF77,AL77,AR77,AX77,BD77,BJ77,BP77,BV77,CB77,CH77,CN77,CT77,CZ77,DF77,DL77,DR77,DX77,ED77,EJ77,EP77,EV77,FB77) -> 4 | FJ77: =IFERROR(FH77/FI77," ") -> 2278597.2
A78: =Distribución_Reactivos!A78 -> 76 | B78: =Distribución_Reactivos!B78 -> Armored RNA Enterovirus x 250 ult Asuragen. Ref 42050 | C78: =Distribución_Reactivos!C78 -> Asuragen Ref 42050 | D78: =Distribución_Reactivos!D78 -> kit x 250ul | E78: 1 | F78: 0 | G78: 0 | H78: 2409073.2 | I78: 0 | J78: 2276400 | K78: 0 | L78: =AVERAGE(H78,J78) -> 2342736.6 | DF78: 2032800 | DG78: =+DF78*0 -> 0 | DH78: =+DF78+DG78 -> 2032800 | DI78: kit x 250 ul | DJ78: Asuragen | DR78: 1890600 | DS78: =+DR78*0 -> 0 | DT78: =+DR78+DS78 -> 1890600 | FH78: =SUM(M78,P78,V78,AB78,AH78,AN78,AT78,AZ78,BF78,BL78,BR78,BX78,CD78,CJ78,CP78,CV78,DB78,DH78,DN78,DT78,DZ78,EF78,EL78,ER78,EX78,FD78) -> 3923400 | FI78: =COUNTA(M78,N78,T78,Z78,AF78,AL78,AR78,AX78,BD78,BJ78,BP78,BV78,CB78,CH78,CN78,CT78,CZ78,DF78,DL78,DR78,DX78,ED78,EJ78,EP78,EV78,FB78) -> 2 | FJ78: =IFERROR(FH78/FI78," ") -> 1961700
A79: =Distribución_Reactivos!A79 -> 77 | B79: =Distribución_Reactivos!B79 -> Azúcar | C79: =Distribución_Reactivos!C79 -> Cualquier marca | D79: =Distribución_Reactivos!D79 -> Bolsa x 25 Lbs | E79: 1 | F79: 107754.5 | G79: 103887 | H79: 116483.49 | I79: 0 | J79: 128915.68 | K79: 68425 | L79: =AVERAGE(F79,H79,J79) -> 117717.89 | M79: =AVERAGE(G79,K79)*E1 -> 88740.68 | AF79: 125000 | AG79: =AF79*19% -> 23750 | AH79: =+AF79+AG79 -> 148750 | BV79: 187200 | BW79: =BV79*19% -> 35568 | BX79: =+BV79+BW79 -> 222768 | BY79: bolsa x 25 lbs | BZ79: INCAUCA | CB79: 85200 | CC79: =+CB79*19% -> 16188 | CD79: =+CC79+CB79 -> 101388 | FH79: =SUM(M79,P79,V79,AB79,AH79,AN79,AT79,AZ79,BF79,BL79,BR79,BX79,CD79,CJ79,CP79,CV79,DB79,DH79,DN79,DT79,DZ79,EF79,EL79,ER79,EX79,FD79) -> 561646.68 | FI79: =COUNTA(M79,N79,T79,Z79,AF79,AL79,AR79,AX79,BD79,BJ79,BP79,BV79,CB79,CH79,CN79,CT79,CZ79,DF79,DL79,DR79,DX79,ED79,EJ79,EP79,EV79,FB79) -> 4 | FJ79: =IFERROR(FH79/FI79," ") -> 140411.67
A80: =Distribución_Reactivos!A80 -> 78 | B80: =Distribución_Reactivos!B80 -> Azul de Algodón | C80: =Distribución_Reactivos!C80 -> Cualquier marca | D80: =Distribución_Reactivos!D80 -> Frasco x 5 g | E80: 1 | F80: 0 | G80: 0 | H80: 493850 | I80: 0 | J80: 0 | K80: 0 | L80: =H80 -> 493850 | BV80: 546000 | BW80: =BV80*19% -> 103740 | BX80: =+BV80+BW80 -> 649740 | BY80: frasco x 5 gr | BZ80: PANREAC | CH80: 562380 | CI80: =+CH80*0.19 -> 106852.2 | CJ80: =+CH80+CI80 -> 669232.2 | CK80: frasco x 5 gr | CL80: PANREAC | FH80: =SUM(M80,P80,V80,AB80,AH80,AN80,AT80,AZ80,BF80,BL80,BR80,BX80,CD80,CJ80,CP80,CV80,DB80,DH80,DN80,DT80,DZ80,EF80,EL80,ER80,EX80,FD80) -> 1318972.2 | FI80: =COUNTA(M80,N80,T80,Z80,AF80,AL80,AR80,AX80,BD80,BJ80,BP80,BV80,CB80,CH80,CN80,CT80,CZ80,DF80,DL80,DR80,DX80,ED80,EJ80,EP80,EV80,FB80) -> 2 | FJ80: =IFERROR(FH80/FI80," ") -> 659486.1
A81: =Distribución_Reactivos!A81 -> 79 | B81: =Distribución_Reactivos!B81 -> Azul de anilina soluble en agua, de alta pureza, C32H25N3Na2O9S3 F.W.737.72 [28631-66-5] | C81: =Distribución_Reactivos!C81 -> Cualquier marca | D81: =Distribución_Reactivos!D81 -> Frasco x 100 g | E81: 1 | F81: 2014372.5 | G81: 1984087 | H81: 1458856.3 | I81: 1113245 | J81: 0 | K81: 0 | L81: =AVERAGE(F81,H81) -> 1736614.4 | M81: =AVERAGE(G81,I81)*E1 -> 1595126 | AF81: 1600000 | AG81: =AF81*19% -> 304000 | AH81: =+AF81+AG81 -> 1904000 | AR81: 1296000 | AS81: =+AR81*0.19 -> 246240 | AT81: =+AR81+AS81 -> 1542240 | AU81: Frasco x 100g | AV81: Santa Cruz Biotechnology | BV81: 896000 | BW81: =BV81*19% -> 170240 | BX81: =+BV81+BW81 -> 1066240 | BY81: frasco x 100 gr | BZ81: PANREAC | FH81: =SUM(M81,P81,V81,AB81,AH81,AN81,AT81,AZ81,BF81,BL81,BR81,BX81,CD81,CJ81,CP81,CV81,DB81,DH81,DN81,DT81,DZ81,EF81,EL81,ER81,EX81,FD81) -> 6107606 | FI81: =COUNTA(M81,N81,T81,Z81,AF81,AL81,AR81,AX81,BD81,BJ81,BP81,BV81,CB81,CH81,CN81,CT81,CZ81,DF81,DL81,DR81,DX81,ED81,EJ81,EP81,EV81,FB81) -> 4 | FJ81: =IFERROR(FH81/FI81," ") -> 1526901.5
A82: =Distribución_Reactivos!A82 -> 80 | B82: =Distribución_Reactivos!B82 -> Azul de bromotimol | C82: =Distribución_Reactivos!C82 -> Cualquier marca | D82: =Distribución_Reactivos!D82 -> Frasco x 5 g | E82: 1 | F82: 432810.34 | G82: 415429 | H82: 473940.47 | I82: 145775 | J82: 407655.64 | K82: 397460 | L82: =AVERAGE(F82,H82,J82) -> 438135.49 | M82: =AVERAGE(G82,I82,K82)*E1 -> 329141.31 | AF82: 455000 | AG82: =AF82*19% -> 86450 | AH82: =+AF82+AG82 -> 541450 | AL82: 420000 | AM82: =+AL82*0.19 -> 79800 | AN82: =+AL82+AM82 -> 499800 | AO82: Frasco x 5g | AP82: PANREAC | AR82: 158400 | AS82: =+AR82*0.19 -> 30096 | AT82: =+AR82+AS82 -> 188496 | AU82: Frasco x 5g | AV82: Santa Cruz Biotechnology | AX82: 529089.54 | AY82: =+AX82*0.19 -> 100527.01 | AZ82: =+AX82+AY82 -> 629616.55 | BA82: Frasco x 5g | BB82: JT Baker | BV82: 1176000 | BW82: =BV82*19% -> 223440 | BX82: =+BV82+BW82 -> 1399440 | BY82: frasco x 5 gr | BZ82: PANREAC | CB82: 337500 | CC82: =+CB82*19% -> 64125 | CD82: =+CC82+CB82 -> 401625 | CZ82: 347586 | DA82: =+CZ82*0.19 -> 66041.34 | DB82: =+CZ82+DA82 -> 413627.34 | DC82: 5g | DD82: Merck | DE82: 1030260005 | FH82: =SUM(M82,P82,V82,AB82,AH82,AN82,AT82,AZ82,BF82,BL82,BR82,BX82,CD82,CJ82,CP82,CV82,DB82,DH82,DN82,DT82,DZ82,EF82,EL82,ER82,EX82,FD82) -> 4403196.2 | FI82: =COUNTA(M82,N82,T82,Z82,AF82,AL82,AR82,AX82,BD82,BJ82,BP82,BV82,CB82,CH82,CN82,CT82,CZ82,DF82,DL82,DR82,DX82,ED82,EJ82,EP82,EV82,FB82) -> 8 | FJ82: =IFERROR(FH82/FI82," ") -> 550399.52
A83: =Distribución_Reactivos!A83 -> 81 | B83: =Distribución_Reactivos!B83 -> Azul de lactofenol con certificado de análisis y ficha de seguridad | C83: =Distribución_Reactivos!C83 -> Cualquier marca | D83: =Distribución_Reactivos!D83 -> Frasco x 100 ml | E83: 1 | F83: 0 | G83: 0 | H83: 0 | I83: 0 | J83: 0 | K83: 0 | AF83: 180000 | AG83: =AF83*19% -> 34200 | AH83: =+AF83+AG83 -> 214200 | AL83: 195000 | AM83: =+AL83*0.19 -> 37050 | AN83: =+AL83+AM83 -> 232050 | AO83: Frasco x 100ml | AP83: PANREAC | AR83: 180986 | AS83: =+AR83*0.19 -> 34387.34 | AT83: =+AR83+AS83 -> 215373.34 | AU83: Frasco x 100ml | AV83: PANREAC | BV83: 94300 | BW83: =BV83*19% -> 17917 | BX83: =+BV83+BW83 -> 112217 | BY83: frasco x 100 ml | BZ83: BIOQUIGEN | CB83: 118800 | CC83: =+CB83*19% -> 22572 | CD83: =+CC83+CB83 -> 141372 | CH83: 96186 | CI83: =+CH83*0.19 -> 18275.34 | CJ83: =+CH83+CI83 -> 114461.34 | CK83: frasco x 100 ml | CL83: BIOQUIGEN | FH83: =SUM(M83,P83,V83,AB83,AH83,AN83,AT83,AZ83,BF83,BL83,BR83,BX83,CD83,CJ83,CP83,CV83,DB83,DH83,DN83,DT83,DZ83,EF83,EL83,ER83,EX83,FD83) -> 1029673.7 | FI83: =COUNTA(M83,N83,T83,Z83,AF83,AL83,AR83,AX83,BD83,BJ83,BP83,BV83,CB83,CH83,CN83,CT83,CZ83,DF83,DL83,DR83,DX83,ED83,EJ83,EP83,EV83,FB83) -> 6 | FJ83: =IFERROR(FH83/FI83," ") -> 171612.28
A84: =Distribución_Reactivos!A84 -> 82 | B84: =Distribución_Reactivos!B84 -> Azul de Metileno | C84: =Distribución_Reactivos!C84 -> Sigma Aldrich / Merck / JT Baker | D84: =Distribución_Reactivos!D84 -> Frasco X 25 g | E84: 1 | F84: 0 | G84: 0 | H84: 468241.61 | I84: 117215 | J84: 330148.23 | K84: 323561 | L84: =AVERAGE(H84,J84) -> 399194.92 | M84: =AVERAGE(I84,K84)*E1 -> 226999.64 | AF84: 250000 | AG84: =AF84*19% -> 47500 | AH84: =+AF84+AG84 -> 297500 | AL84: 279000 | AM84: =+AL84*0.19 -> 53010 | AN84: =+AL84+AM84 -> 332010 | AO84: Frasco x 25g | AP84: PANREAC | AR84: 216000 | AS84: =+AR84*0.19 -> 41040 | AT84: =+AR84+AS84 -> 257040 | AU84: Frasco x 25g | AV84: Santa Cruz Biotechnology | AX84: =743866.054284/4 -> 185966.51 | AY84: =+AX84*0.19 -> 35333.638 | AZ84: =+AX84+AY84 -> 221300.15 | BA84: Frasco x 100g | BB84: Macron | BV84: 643000 | BW84: =BV84*19% -> 122170 | BX84: =+BV84+BW84 -> 765170 | BY84: frasco x 25 gr | BZ84: JT BAKER | CZ84: 239314 | DA84: =+CZ84*0.19 -> 45469.66 | DB84: =+CZ84+DA84 -> 284783.66 | DE84: 1159430025 | FH84: =SUM(M84,P84,V84,AB84,AH84,AN84,AT84,AZ84,BF84,BL84,BR84,BX84,CD84,CJ84,CP84,CV84,DB84,DH84,DN84,DT84,DZ84,EF84,EL84,ER84,EX84,FD84) -> 2384803.5 | FI84: =COUNTA(M84,N84,T84,Z84,AF84,AL84,AR84,AX84,BD84,BJ84,BP84,BV84,CB84,CH84,CN84,CT84,CZ84,DF84,DL84,DR84,DX84,ED84,EJ84,EP84,EV84,FB84) -> 7 | FJ84: =IFERROR(FH84/FI84," ") -> 340686.21
A85: =Distribución_Reactivos!A85 -> 83 | B85: =Distribución_Reactivos!B85 -> Azul de metileno Ziehl Neelsen | C85: =Distribución_Reactivos!C85 -> Cualquier marca | D85: =Distribución_Reactivos!D85 -> Frasco x 1 litro | E85: 1 | F85: 58251.6 | G85: 56200 | H85: 124948.18 | I85: 0 | J85: 94652.256 | K85: 75600 | L85: =AVERAGE(F85,H85,J85) -> 92617.344 | M85: =AVERAGE(G85,K85)*E1 -> 67877 | AF85: 55000 | AG85: =AF85*19% -> 10450 | AH85: =+AF85+AG85 -> 65450 | AR85: 31112 | AS85: =+AR85*0.19 -> 5911.28 | AT85: =+AR85+AS85 -> 37023.28 | AU85: Frasco x 1000ml | AV85: Albor | BV85: 102900 | BW85: =BV85*19% -> 19551 | BX85: =+BV85+BW85 -> 122451 | BY85: frasco x 1 litro | BZ85: BIOQUIGEN | CH85: 108045 | CI85: =+CH85*0.19 -> 20528.55 | CJ85: =+CH85+CI85 -> 128573.55 | CK85: frasco x 1 litro | CL85: BIOQUIGEN | FH85: =SUM(M85,P85,V85,AB85,AH85,AN85,AT85,AZ85,BF85,BL85,BR85,BX85,CD85,CJ85,CP85,CV85,DB85,DH85,DN85,DT85,DZ85,EF85,EL85,ER85,EX85,FD85) -> 421374.83 | FI85: =COUNTA(M85,N85,T85,Z85,AF85,AL85,AR85,AX85,BD85,BJ85,BP85,BV85,CB85,CH85,CN85,CT85,CZ85,DF85,DL85,DR85,DX85,ED85,EJ85,EP85,EV85,FB85) -> 5 | FJ85: =IFERROR(FH85/FI85," ") -> 84274.966
A86: =Distribución_Reactivos!A86 -> 84 | B86: =Distribución_Reactivos!B86 -> Azul de nilo | C86: =Distribución_Reactivos!C86 -> Cualquier marca | D86: =Distribución_Reactivos!D86 -> Frasco x 5 g | E86: 1 | F86: 0 | G86: 0 | H86: 0 | I86: 0 | J86: 0 | K86: 0 | AR86: 244800 | AS86: =+AR86*0.19 -> 46512 | AT86: =+AR86+AS86 -> 291312 | AU86: Frasco x 5g | AV86: Santa Cruz Biotechnology | BV86: 933300 | BW86: =BV86*19% -> 177327 | BX86: =+BV86+BW86 -> 1110627 | BZ86: SIGMA | CH86: 979965 | CI86: =+CH86*0.19 -> 186193.35 | CJ86: =+CH86+CI86 -> 1166158.4 | CL86: SIGMA | FH86: =SUM(M86,P86,V86,AB86,AH86,AN86,AT86,AZ86,BF86,BL86,BR86,BX86,CD86,CJ86,CP86,CV86,DB86,DH86,DN86,DT86,DZ86,EF86,EL86,ER86,EX86,FD86) -> 2568097.4 | FI86: =COUNTA(M86,N86,T86,Z86,AF86,AL86,AR86,AX86,BD86,BJ86,BP86,BV86,CB86,CH86,CN86,CT86,CZ86,DF86,DL86,DR86,DX86,ED86,EJ86,EP86,EV86,FB86) -> 3 | FJ86: =IFERROR(FH86/FI86," ") -> 856032.45
A87: =Distribución_Reactivos!A87 -> 85 | B87: =Distribución_Reactivos!B87 -> Azure II eosin | C87: =Distribución_Reactivos!C87 -> Sigma Aldrich / Merck / JT Baker | D87: =Distribución_Reactivos!D87 -> Frasco X 25 g | E87: 1 | F87: 0 | G87: 0 | H87: 963156.25 | I87: 0 | J87: 403646.21 | K87: 0 | L87: =AVERAGE(H87,J87) -> 683401.23 | AR87: 820800 | AS87: =+AR87*0.19 -> 155952 | AT87: =+AR87+AS87 -> 976752 | AU87: Frasco x 25g | AV87: Santa Cruz Biotechnology | FH87: =SUM(M87,P87,V87,AB87,AH87,AN87,AT87,AZ87,BF87,BL87,BR87,BX87,CD87,CJ87,CP87,CV87,DB87,DH87,DN87,DT87,DZ87,EF87,EL87,ER87,EX87,FD87) -> 976752 | FI87: =COUNTA(M87,N87,T87,Z87,AF87,AL87,AR87,AX87,BD87,BJ87,BP87,BV87,CB87,CH87,CN87,CT87,CZ87,DF87,DL87,DR87,DX87,ED87,EJ87,EP87,EV87,FB87) -> 1 | FJ87: =IFERROR(FH87/FI87," ") -> 976752
A88: =Distribución_Reactivos!A88 -> 86 | B88: =Distribución_Reactivos!B88 -> Bacitracina | C88: =Distribución_Reactivos!C88 -> Cualquier marca | D88: =Distribución_Reactivos!D88 -> Frasco x 5 g | E88: 1 | F88: 346665 | G88: 337900 | H88: 663275.84 | I88: 663187 | J88: 520117.5 | K88: 0 | L88: =AVERAGE(F88,H88,J88) -> 510019.45 | M88: =AVERAGE(G88,I88)*E1 -> 515559.8 | AR88: 576000 | AS88: =+AR88*0 -> 0 | AT88: =+AR88+AS88 -> 576000 | AU88: Frasco x 5g | AV88: Santa Cruz Biotechnology | BV88: 767400 | BW88: =BV88*19% -> 145806 | BX88: =+BV88+BW88 -> 913206 | BY88: frasco x 5 gr | BZ88: ALFA AESAR | CH88: 782748 | CI88: =+CH88*0.19 -> 148722.12 | CJ88: =+CH88+CI88 -> 931470.12 | CK88: frasco x 5 gr | CL88: ALFA AESAR | FH88: =SUM(M88,P88,V88,AB88,AH88,AN88,AT88,AZ88,BF88,BL88,BR88,BX88,CD88,CJ88,CP88,CV88,DB88,DH88,DN88,DT88,DZ88,EF88,EL88,ER88,EX88,FD88) -> 2936235.9 | FI88: =COUNTA(M88,N88,T88,Z88,AF88,AL88,AR88,AX88,BD88,BJ88,BP88,BV88,CB88,CH88,CN88,CT88,CZ88,DF88,DL88,DR88,DX88,ED88,EJ88,EP88,EV88,FB88) -> 4 | FJ88: =IFERROR(FH88/FI88," ") -> 734058.98
A89: =Distribución_Reactivos!A89 -> 87 | B89: =Distribución_Reactivos!B89 -> Bacto peptona | C89: =Distribución_Reactivos!C89 -> Difco 21677 | D89: =Distribución_Reactivos!D89 -> Frasco x 500 g | E89: 1 | F89: 0 | G89: 0 | H89: 735182 | I89: 433160 | J89: 615230 | K89: 0 | L89: =AVERAGE(H89,J89) -> 675206 | M89: =I89*E1 -> 446154.8 | N89: 418500 | O89: =+N89*0.19 -> 79515 | P89: =+O89+N89 -> 498015 | Q89: Frasco x 500 Gr | R89: OXOID | S89: Otra marca | BV89: 1810000 | BW89: =BV89*19% -> 343900 | BX89: =+BV89+BW89 -> 2153900 | BY89: frasco x 500 gr | BZ89: DIFCO | FH89: =SUM(M89,P89,V89,AB89,AH89,AN89,AT89,AZ89,BF89,BL89,BR89,BX89,CD89,CJ89,CP89,CV89,DB89,DH89,DN89,DT89,DZ89,EF89,EL89,ER89,EX89,FD89) -> 3098069.8 | FI89: =COUNTA(M89,N89,T89,Z89,AF89,AL89,AR89,AX89,BD89,BJ89,BP89,BV89,CB89,CH89,CN89,CT89,CZ89,DF89,DL89,DR89,DX89,ED89,EJ89,EP89,EV89,FB89) -> 3 | FJ89: =IFERROR(FH89/FI89," ") -> 1032689.9
A90: =Distribución_Reactivos!A90 -> 88 | B90: =Distribución_Reactivos!B90 -> Bálsamo de Canadá (Reactivo para entomología). Resina espesa derivada del Abeto, con índice de refracción 90% admisible con el vidrio usado en microscopia para el montaje permanente y observación de estructuras de moscas de la fruta y de insectos en general | C90: =Distribución_Reactivos!C90 -> Biopack o equivalente | D90: =Distribución_Reactivos!D90 -> Frasco x 100 ml | E90: 1 | F90: 0 | G90: 0 | H90: 0 | I90: 0 | J90: 0 | K90: 0 | AF90: 905000 | AG90: =AF90*19% -> 171950 | AH90: =+AF90+AG90 -> 1076950 | AL90: 690000 | AM90: =+AL90*0.19 -> 131100 | AN90: =+AL90+AM90 -> 821100 | AO90: Frasco x 100ml | AP90: PANREAC | AR90: 628425 | AS90: =+AR90*0.19 -> 119400.75 | AT90: =+AR90+AS90 -> 747825.75 | AU90: Frasco x 100ml | AV90: PANREAC | BV90: 1202900 | BW90: =BV90*19% -> 228551 | BX90: =+BV90+BW90 -> 1431451 | BY90: frasco x 100 ml | BZ90: MERCK | CB90: 445000 | CC90: =+CB90*19% -> 84550 | CD90: =+CC90+CB90 -> 529550 | FH90: =SUM(M90,P90,V90,AB90,AH90,AN90,AT90,AZ90,BF90,BL90,BR90,BX90,CD90,CJ90,CP90,CV90,DB90,DH90,DN90,DT90,DZ90,EF90,EL90,ER90,EX90,FD90) -> 4606876.8 | FI90: =COUNTA(M90,N90,T90,Z90,AF90,AL90,AR90,AX90,BD90,BJ90,BP90,BV90,CB90,CH90,CN90,CT90,CZ90,DF90,DL90,DR90,DX90,ED90,EJ90,EP90,EV90,FB90) -> 5 | FJ90: =IFERROR(FH90/FI90," ") -> 921375.35
A91: =Distribución_Reactivos!A91 -> 89 | B91: =Distribución_Reactivos!B91 -> Base para Primers 200mM | C91: =Distribución_Reactivos!C91 -> IDT | D91: =Distribución_Reactivos!D91 -> Base | E91: 1 | F91: 3823.47 | G91: 0 | H91: 0 | I91: 0 | J91: 4082.5 | K91: 0 | L91: =AVERAGE(F91,J91) -> 3952.985 | T91: 4500 | U91: =+T91*0 -> 0 | V91: =+U91+T91 -> 4500 | W91: escala 200nM | X91: Invitrogen | AR91: 3500 | AS91: =+AR91*0.19 -> 665 | AT91: =+AR91+AS91 -> 4165 | AU91: 200nM | AV91: MACROGEN | FH91: =SUM(M91,P91,V91,AB91,AH91,AN91,AT91,AZ91,BF91,BL91,BR91,BX91,CD91,CJ91,CP91,CV91,DB91,DH91,DN91,DT91,DZ91,EF91,EL91,ER91,EX91,FD91) -> 8665 | FI91: =COUNTA(M91,N91,T91,Z91,AF91,AL91,AR91,AX91,BD91,BJ91,BP91,BV91,CB91,CH91,CN91,CT91,CZ91,DF91,DL91,DR91,DX91,ED91,EJ91,EP91,EV91,FB91) -> 2 | FJ91: =IFERROR(FH91/FI91," ") -> 4332.5
A92: =Distribución_Reactivos!A92 -> 90 | B92: =Distribución_Reactivos!B92 -> BBL Crystal ANR | C92: =Distribución_Reactivos!C92 -> 245010 BBL | D92: =Distribución_Reactivos!D92 -> Kit x 20 pruebas | E92: 1 | F92: 1801800 | G92: 1747700 | H92: 1581900.6 | I92: 1581748 | J92: 1644542.5 | K92: 1547000 | L92: =AVERAGE(F92,H92,J92) -> 1676081 | M92: =AVERAGE(G92,I92,K92)*E1 -> 1674247.1 | N92: 1629500 | O92: =+N92*0 -> 0 | P92: =+O92+N92 -> 1629500 | Q92: Kit x 20 Pruebas | R92: REMEL | S92: Incluye reactivos reveladores | BV92: 1957900 | BW92: =BV92*0 -> 0 | BX92: =+BV92+BW92 -> 1957900 | BY92: kit x 20 pruebas | BZ92: BD | FH92: =SUM(M92,P92,V92,AB92,AH92,AN92,AT92,AZ92,BF92,BL92,BR92,BX92,CD92,CJ92,CP92,CV92,DB92,DH92,DN92,DT92,DZ92,EF92,EL92,ER92,EX92,FD92) -> 5261647.1 | FI92: =COUNTA(M92,N92,T92,Z92,AF92,AL92,AR92,AX92,BD92,BJ92,BP92,BV92,CB92,CH92,CN92,CT92,CZ92,DF92,DL92,DR92,DX92,ED92,EJ92,EP92,EV92,FB92) -> 3 | FJ92: =IFERROR(FH92/FI92," ") -> 1753882.4
A93: =Distribución_Reactivos!A93 -> 91 | B93: =Distribución_Reactivos!B93 -> BBL Crystal Entericos / No Fermentadores | C93: =Distribución_Reactivos!C93 -> BD 245000 | D93: =Distribución_Reactivos!D93 -> Caja x 20 | E93: 1 | F93: 0 | G93: 0 | H93: 0 | I93: 0 | J93: 0 | K93: 0 | BV93: 1757000 | BW93: =BV93*0 -> 0 | BX93: =+BV93+BW93 -> 1757000 | BY93: caja x 20 | BZ93: BD | CH93: 1774570 | CI93: =+CH93*0 -> 0 | CJ93: =+CH93+CI93 -> 1774570 | CK93: caja x 20 | CL93: BD | FH93: =SUM(M93,P93,V93,AB93,AH93,AN93,AT93,AZ93,BF93,BL93,BR93,BX93,CD93,CJ93,CP93,CV93,DB93,DH93,DN93,DT93,DZ93,EF93,EL93,ER93,EX93,FD93) -> 3531570 | FI93: =COUNTA(M93,N93,T93,Z93,AF93,AL93,AR93,AX93,BD93,BJ93,BP93,BV93,CB93,CH93,CN93,CT93,CZ93,DF93,DL93,DR93,DX93,ED93,EJ93,EP93,EV93,FB93) -> 2 | FJ93: =IFERROR(FH93/FI93," ") -> 1765785
A94: =Distribución_Reactivos!A94 -> 92 | B94: =Distribución_Reactivos!B94 -> BBL Crystal gram positivos | C94: =Distribución_Reactivos!C94 -> 245140 BBL | D94: =Distribución_Reactivos!D94 -> Kit x 20 pruebas | E94: 1 | F94: 2097500 | G94: 2024000 | H94: 1846694.8 | I94: 1846523 | J94: 2125200 | K94: 2082500 | L94: =AVERAGE(F94,H94,J94) -> 2023131.6 | M94: =AVERAGE(G94,I94,K94)*E1 -> 2043871.2 | BV94: 2101200 | BW94: =BV94*0 -> 0 | BX94: =+BV94+BW94 -> 2101200 | BY94: kit x 20 pruebas | BZ94: BD | CH94: 2164236 | CI94: =+CH94*0 -> 0 | CJ94: =+CH94+CI94 -> 2164236 | CK94: kit x 20 pruebas | CL94: BD | FH94: =SUM(M94,P94,V94,AB94,AH94,AN94,AT94,AZ94,BF94,BL94,BR94,BX94,CD94,CJ94,CP94,CV94,DB94,DH94,DN94,DT94,DZ94,EF94,EL94,ER94,EX94,FD94) -> 6309307.2 | FI94: =COUNTA(M94,N94,T94,Z94,AF94,AL94,AR94,AX94,BD94,BJ94,BP94,BV94,CB94,CH94,CN94,CT94,CZ94,DF94,DL94,DR94,DX94,ED94,EJ94,EP94,EV94,FB94) -> 3 | FJ94: =IFERROR(FH94/FI94," ") -> 2103102.4
A95: =Distribución_Reactivos!A95 -> 93 | B95: =Distribución_Reactivos!B95 -> Beta - glucoronidasa tipo HP-2s de helix Pomatia, Type HP-2S, aqueous solution, ≥100,000 units/ml con fecha de vencimiento no menor a Diciembre de 2021 | C95: =Distribución_Reactivos!C95 -> Sigma G7770 | D95: =Distribución_Reactivos!D95 -> Frasco x 10 ml | E95: 1 | F95: 0 | G95: 0 | H95: 2787194.4 | I95: 0 | J95: 0 | K95: 0 | L95: =H95 -> 2787194.4 | AR95: 1584000 | AS95: =+AR95*0.19 -> 300960 | AT95: =+AR95+AS95 -> 1884960 | AU95: 10 KU | AV95: Santa Cruz Biotechnology | BV95: 3574200 | BW95: =BV95*19% -> 679098 | BX95: =+BV95+BW95 -> 4253298 | BY95: frasco x 10 ml | BZ95: SIGMA | CT95: 2035000 | CU95: =CT95*0.19 -> 386650 | CV95: =+CT95+CU95 -> 2421650 | FH95: =SUM(M95,P95,V95,AB95,AH95,AN95,AT95,AZ95,BF95,BL95,BR95,BX95,CD95,CJ95,CP95,CV95,DB95,DH95,DN95,DT95,DZ95,EF95,EL95,ER95,EX95,FD95) -> 8559908 | FI95: =COUNTA(M95,N95,T95,Z95,AF95,AL95,AR95,AX95,BD95,BJ95,BP95,BV95,CB95,CH95,CN95,CT95,CZ95,DF95,DL95,DR95,DX95,ED95,EJ95,EP95,EV95,FB95) -> 3 | FJ95: =IFERROR(FH95/FI95," ") -> 2853302.7
A96: =Distribución_Reactivos!A96 -> 94 | B96: =Distribución_Reactivos!B96 -> Betaína | C96: =Distribución_Reactivos!C96 -> Cualquier marca | D96: =Distribución_Reactivos!D96 | E96: 1 | F96: 252101.5 | G96: 252042 | H96: 0 | I96: 0 | J96: 256558.05 | K96: 253470 | L96: =AVERAGE(F96,J96) -> 254329.78 | M96: =AVERAGE(G96,K96)*E1 -> 260338.68 | AR96: 208800 | AS96: =+AR96*0.19 -> 39672 | AT96: =+AR96+AS96 -> 248472 | AU96: Frasco x 50g | AV96: Santa Cruz Biotechnology | BV96: 318000 | BW96: =BV96*19% -> 60420 | BX96: =+BV96+BW96 -> 378420 | BZ96: SIGMA | CH96: 321180 | CI96: =+CH96*0.19 -> 61024.2 | CJ96: =+CH96+CI96 -> 382204.2 | CL96: SIGMA | CT96: 136000 | CU96: 0 | CV96: =+CT96+CU96 -> 136000 | FH96: =SUM(M96,P96,V96,AB96,AH96,AN96,AT96,AZ96,BF96,BL96,BR96,BX96,CD96,CJ96,CP96,CV96,DB96,DH96,DN96,DT96,DZ96,EF96,EL96,ER96,EX96,FD96) -> 1405434.9 | FI96: =COUNTA(M96,N96,T96,Z96,AF96,AL96,AR96,AX96,BD96,BJ96,BP96,BV96,CB96,CH96,CN96,CT96,CZ96,DF96,DL96,DR96,DX96,ED96,EJ96,EP96,EV96,FB96) -> 5 | FJ96: =IFERROR(FH96/FI96," ") -> 281086.98
A97: =Distribución_Reactivos!A97 -> 95 | B97: =Distribución_Reactivos!B97 -> Bicarbonato de sodio anhidro con certificado de análisis | C97: =Distribución_Reactivos!C97 -> Merck 106329,1000 | D97: =Distribución_Reactivos!D97 -> Frasco x 1 k | E97: 1 | F97: 172952.22 | G97: 167671 | H97: 140829.11 | I97: 140777 | J97: 130956.17 | K97: 128282 | L97: =AVERAGE(F97,H97,J97) -> 148245.83 | M97: =AVERAGE(G97,I97,K97)*E1 -> 149943.97 | AF97: 130000 | AG97: =AF97*19% -> 24700 | AH97: =+AF97+AG97 -> 154700 | AL97: 106000 | AM97: =+AL97*0.19 -> 20140 | AN97: =+AL97+AM97 -> 126140 | AO97: Frasco x 1kg | AP97: PANREAC | AR97: 103564 | AS97: =+AR97*0.19 -> 19677.16 | AT97: =+AR97+AS97 -> 123241.16 | AU97: Frasco x 1kg | AV97: PANREAC | BV97: 180800 | BW97: =BV97*19% -> 34352 | BX97: =+BV97+BW97 -> 215152 | BY97: frasco x 1 kl | BZ97: MERK | CH97: 191648 | CI97: =+CH97*0.19 -> 36413.12 | CJ97: =+CH97+CI97 -> 228061.12 | CK97: frasco x 1 kl | CL97: MERK | CZ97: 75034 | DA97: =+CZ97*0.19 -> 14256.46 | DB97: =+CZ97+DA97 -> 89290.46 | DC97: 1 Kg | DD97: Merck | DE97: 1063291000 | FH97: =SUM(M97,P97,V97,AB97,AH97,AN97,AT97,AZ97,BF97,BL97,BR97,BX97,CD97,CJ97,CP97,CV97,DB97,DH97,DN97,DT97,DZ97,EF97,EL97,ER97,EX97,FD97) -> 1086528.7 | FI97: =COUNTA(M97,N97,T97,Z97,AF97,AL97,AR97,AX97,BD97,BJ97,BP97,BV97,CB97,CH97,CN97,CT97,CZ97,DF97,DL97,DR97,DX97,ED97,EJ97,EP97,EV97,FB97) -> 7 | FJ97: =IFERROR(FH97/FI97," ") -> 155218.39
A98: =Distribución_Reactivos!A98 -> 96 | B98: =Distribución_Reactivos!B98 -> Bolsa para sangría con anticoagulante EDTA | C98: =Distribución_Reactivos!C98 -> Baxter o similar | D98: =Distribución_Reactivos!D98 -> Caja x 64 | E98: 1 | F98: 0 | G98: 0 | H98: 3570000 | I98: 0 | J98: 0 | K98: 0 | L98: =H98 -> 3570000 | CT98: 244000 | CU98: 0 | CV98: =+CT98+CU98 -> 244000 | FH98: =SUM(M98,P98,V98,AB98,AH98,AN98,AT98,AZ98,BF98,BL98,BR98,BX98,CD98,CJ98,CP98,CV98,DB98,DH98,DN98,DT98,DZ98,EF98,EL98,ER98,EX98,FD98) -> 244000 | FI98: =COUNTA(M98,N98,T98,Z98,AF98,AL98,AR98,AX98,BD98,BJ98,BP98,BV98,CB98,CH98,CN98,CT98,CZ98,DF98,DL98,DR98,DX98,ED98,EJ98,EP98,EV98,FB98) -> 1 | FJ98: =IFERROR(FH98/FI98," ") -> 244000
A99: =Distribución_Reactivos!A99 -> 97 | B99: =Distribución_Reactivos!B99 -> Bondesil C18 bulk sorbent, 40 μm, 100 g Ref. 12213012 | C99: =Distribución_Reactivos!C99 -> Agilent o equivalente | D99: =Distribución_Reactivos!D99 -> Frasco 100 g | E99: 1 | F99: 0 | G99: 0 | H99: 0 | I99: 0 | J99: 1893345.9 | K99: 0 | L99: =J99 -> 1893345.9 | CN99: 1711042 | CO99: =+CN99*0.19 -> 325097.98 | CP99: =+CO99+CN99 -> 2036140 | CT99: 444000 | CU99: 0 | CV99: =+CT99+CU99 -> 444000 | FH99: =SUM(M99,P99,V99,AB99,AH99,AN99,AT99,AZ99,BF99,BL99,BR99,BX99,CD99,CJ99,CP99,CV99,DB99,DH99,DN99,DT99,DZ99,EF99,EL99,ER99,EX99,FD99) -> 2480140 | FI99: =COUNTA(M99,N99,T99,Z99,AF99,AL99,AR99,AX99,BD99,BJ99,BP99,BV99,CB99,CH99,CN99,CT99,CZ99,DF99,DL99,DR99,DX99,ED99,EJ99,EP99,EV99,FB99) -> 2 | FJ99: =IFERROR(FH99/FI99," ") -> 1240070
A100: =Distribución_Reactivos!A100 -> 98 | B100: =Distribución_Reactivos!B100 -> Bondesil-PSA, 40 µm | C100: =Distribución_Reactivos!C100 -> Agilent / Merck o equivalente | D100: =Distribución_Reactivos!D100 -> Frasco x 100g | E100: 1 | F100: 0 | G100: 0 | H100: 0 | I100: 0 | J100: 2863724 | K100: 0 | L100: =J100 -> 2863724 | CN100: 3079603 | CO100: =+CN100*0.19 -> 585124.57 | CP100: =+CO100+CN100 -> 3664727.6 | FH100: =SUM(M100,P100,V100,AB100,AH100,AN100,AT100,AZ100,BF100,BL100,BR100,BX100,CD100,CJ100,CP100,CV100,DB100,DH100,DN100,DT100,DZ100,EF100,EL100,ER100,EX100,FD100) -> 3664727.6 | FI100: =COUNTA(M100,N100,T100,Z100,AF100,AL100,AR100,AX100,BD100,BJ100,BP100,BV100,CB100,CH100,CN100,CT100,CZ100,DF100,DL100,DR100,DX100,ED100,EJ100,EP100,EV100,FB100) -> 1 | FJ100: =IFERROR(FH100/FI100," ") -> 3664727.6
...

Sheet Distribución_Reactivos
E1: Proponente No. 1. AVANTIKA COLOMBIA SAS | O1: Proponente No. 2 CATVER SAS | Y1: Proponente No. 3 CYMA | AI1: Proponente No. 4 ELEMENTOS QUIMICOS | AS1: Proponente No. 8 YEQUIM SA
A2: Ítem | B2: Descripción técnica | C2: Marca | D2: Presentación | E2: Ficha del producto | F2: Especificaciones minimas tecnicas | G2: Certificación Distribución Autorizada | H2: Registro ICA, como importador de biológico veterinarios | I2: Experiencia especifica | J2: Certifcado de carencia de informes por trafico de estupefacientes | K2: Garantía adicional | L2: Total Puntaje | M2: Habilitado | N2: Observaciones | O2: Ficha del producto | P2: Especificaciones minimas tecnicas | Q2: Certificación Distribución Autorizada | R2: Registro ICA, como importador de biológico veterinarios | S2: Experiencia especifica | T2: Certificado de Carencia de Informes por Tráfico de Estupefacientes | U2: Garantía adicional | V2: Total Puntaje | W2: Habilitado | X2: Observaciones | Y2: Ficha del producto | Z2: Especificaciones minimas tecnicas | AA2: Certificación Distribución Autorizada | AB2: Registro ICA, como importador de biológico veterinarios | AC2: Experiencia especifica | AD2: Certificado de Carencia de Informes por Tráfico de Estupefacientes | AE2: Garantía adicional | AF2: Total Puntaje | AG2: Habilitado | AH2: Observaciones | AI2: Ficha del producto | AJ2: Especificaciones minimas tecnicas | AK2: Certificación Distribución Autorizada | AL2: Registro ICA, como importador de biológico veterinarios | AM2: Experiencia especifica | AN2: Certificado de Carencia de Informes por Tráfico de Estupefacientes | AO2: Garantía adicional | AP2: Total Puntaje | AQ2: Habilitado | AR2: Observaciones | AS2: Ficha del producto | AT2: Especificaciones minimas tecnicas | AU2: Certificación Distribución Autorizada | AV2: Registro ICA, como importador de biológico veterinarios | AW2: Experiencia especifica | AX2: Certificado de Carencia de Informes por Tráfico de Estupefacientes | AY2: Garantía adicional | AZ2: Total Puntaje | BA2: Habilitado | BB2: Observaciones | BC2: Cantidad habilitada | BD2: Resultado de la evaluación Técnica
A3: 1 | B3: 2-Nitrobenzaldehido | C3: Sigma N10802 | D3: Frasco x 2g | L3: =+K3 -> 0 | V3: =+U3 -> 0 | AF3: =AE3 -> 0 | AP3: =+AO3 -> 0 | AS3: Cumple | AT3: Cumple | AU3: Cumple | AV3: No Aplica | AW3: Cumple | AX3: No Aplica | AY3: 0 | AZ3: =+AY3 -> 0 | BA3: Habilitado | BC3: =COUNTIF(M3,"Habilitado")+COUNTIF(W3,"Habilitado")+COUNTIF(AG3,"Habilitado")+COUNTIF(AQ3,"Habilitado")+COUNTIF(AS3,"Habilitado")+COUNTIF(BA3,"Habilitado") -> 1 | BD3: =IF(BC3>=1,"Habilitado","Desierto") -> Habilitado | BE3: Habilitados | BF3: =COUNTIF(BD3:BD568,"Habilitado") -> 335 | BG3: =+BF3/BF5 -> 0.67134269
A4: 2 | B4: 5-Bromo-4-chloro-3-indolyl phosphate p-toluidine salt (BCIP)- Tabletas | C4: Sigma B 0274 | D4: Frasco x 25und | E4: Cumple | F4: Cumple | G4: Cumple | H4: No Aplica | I4: Cumple | J4: No Aplica | K4: 40 | L4: =+K4 -> 40 | M4: Habilitado | V4: =+U4 -> 0 | AF4: =AE4 -> 0 | AP4: =+AO4 -> 0 | AS4: Cumple | AT4: Cumple | AU4: Cumple | AV4: No Aplica | AW4: Cumple | AX4: No Aplica | AY4: 0 | AZ4: =+AY4 -> 0 | BA4: Habilitado | BC4: =COUNTIF(M4,"Habilitado")+COUNTIF(W4,"Habilitado")+COUNTIF(AG4,"Habilitado")+COUNTIF(AQ4,"Habilitado")+COUNTIF(AS4,"Habilitado")+COUNTIF(BA4,"Habilitado") -> 2 | BD4: =IF(BC4>=1,"Habilitado","Desierto") -> Habilitado | BE4: Desiertos | BF4: =COUNTIF(BD3:BD568,"Desierto") -> 164 | BG4: =+BF4/BF5 -> 0.32865731
A5: 3 | B5: Aceite de clavo | C5: Cualquier marca | D5: Frasco x 250ml | E5: Cumple | F5: Cumple | G5: Cumple | H5: No Aplica | I5: Cumple | J5: No Aplica | K5: 40 | L5: =+K5 -> 40 | M5: Habilitado | V5: =+U5 -> 0 | AF5: =AE5 -> 0 | AP5: =+AO5 -> 0 | AS5: Cumple | AT5: No Cumple | AU5: No Cumple | AV5: No Aplica | AW5: Cumple | AX5: No Aplica | AY5: 0 | AZ5: =+AY5 -> 0 | BA5: No habilitado | BB5: La presentación de 5ml no es la requerida. N o allega certificación de distribución | BC5: =COUNTIF(M5,"Habilitado")+COUNTIF(W5,"Habilitado")+COUNTIF(AG5,"Habilitado")+COUNTIF(AQ5,"Habilitado")+COUNTIF(AS5,"Habilitado")+COUNTIF(BA5,"Habilitado") -> 1 | BD5: =IF(BC5>=1,"Habilitado","Desierto") -> Habilitado | BE5: Total de ítems elementos | BF5: =+BF3+BF4 -> 499
A6: 4 | B6: Aceite de inmersión | C6: Cualquier marca | D6: Frasco x 100ml | E6: Cumple | F6: Cumple | G6: No Aplica | H6: No Aplica | I6: Cumple | J6: No Aplica | K6: 40 | L6: =+K6 -> 40 | M6: Habilitado | V6: =+U6 -> 0 | Y6: Cumple | Z6: Cumple | AA6: No Aplica | AB6: No Aplica | AC6: Cumple | AD6: No Aplica | AE6: 40 | AF6: =AE6 -> 40 | AG6: Habilitado | AI6: Cumple | AJ6: Cumple | AK6: Cumple | AL6: No Aplica | AM6: Cumple | AN6: No Aplica | AO6: 20 | AP6: =+AO6 -> 20 | AQ6: Habilitado | AS6: Cumple | AT6: Cumple | AU6: No Aplica | AV6: No Aplica | AW6: Cumple | AX6: No Aplica | AY6: 0 | AZ6: =+AY6 -> 0 | BA6: Habilitado | BC6: =COUNTIF(M6,"Habilitado")+COUNTIF(W6,"Habilitado")+COUNTIF(AG6,"Habilitado")+COUNTIF(AQ6,"Habilitado")+COUNTIF(AS6,"Habilitado")+COUNTIF(BA6,"Habilitado") -> 4 | BD6: =IF(BC6>=1,"Habilitado","Desierto") -> Habilitado
A7: 5 | B7: Aceite mineral | C7: Cualquier marca | D7: Frasco x 50ml | E7: Cumple | F7: Cumple | G7: Cumple | H7: No Aplica | I7: Cumple | J7: No Aplica | K7: 40 | L7: =+K7 -> 40 | M7: Habilitado | V7: =+U7 -> 0 | AF7: =AE7 -> 0 | AI7: Cumple | AJ7: Cumple | AK7: Cumple | AL7: No Aplica | AM7: Cumple | AN7: No Aplica | AO7: 20 | AP7: =+AO7 -> 20 | AQ7: Habilitado | AR7: Se acepta la presentación de 1L ofrecida por el proponente, siempre y cuando no se exceda el presupuesto definido para el item | AS7: Cumple | AT7: Cumple | AU7: Cumple | AV7: No Aplica | AW7: Cumple | AX7: No Aplica | AY7: 0 | AZ7: =+AY7 -> 0 | BA7: Habilitado | BB7: Se acepta la presentación de 1L ofrecida por el proponente, siempre y cuando no se exceda el presupuesto definido para el item | BC7: =COUNTIF(M7,"Habilitado")+COUNTIF(W7,"Habilitado")+COUNTIF(AG7,"Habilitado")+COUNTIF(AQ7,"Habilitado")+COUNTIF(AS7,"Habilitado")+COUNTIF(BA7,"Habilitado") -> 3 | BD7: =IF(BC7>=1,"Habilitado","Desierto") -> Habilitado
A8: 6 | B8: Acetato de amonio grado masas | C8: LiChropur (número en catálogo Millipore-Sigma 73594) | D8: Frasco x 100g | L8: =+K8 -> 0 | V8: =+U8 -> 0 | AF8: =AE8 -> 0 | AP8: =+AO8 -> 0 | AS8: Cumple | AT8: Cumple | AU8: Cumple | AV8: No Aplica | AW8: Cumple | AX8: No Aplica | AY8: 0 | AZ8: =+AY8 -> 0 | BA8: Habilitado | BC8: =COUNTIF(M8,"Habilitado")+COUNTIF(W8,"Habilitado")+COUNTIF(AG8,"Habilitado")+COUNTIF(AQ8,"Habilitado")+COUNTIF(AS8,"Habilitado")+COUNTIF(BA8,"Habilitado") -> 1 | BD8: =IF(BC8>=1,"Habilitado","Desierto") -> Habilitado
A9: 7 | B9: Acetato de etilo grado masas | C9: Sigma Aldrich / Merck / JT Baker o equivalente | D9: Frasco x 1 litro | L9: =+K9 -> 0 | V9: =+U9 -> 0 | Y9: Cumple | Z9: Cumple | AA9: Cumple | AB9: No Aplica | AC9: Cumple | AD9: Cumple | AE9: 40 | AF9: =AE9 -> 40 | AG9: Habilitado | AP9: =+AO9 -> 0 | AZ9: =+AY9 -> 0 | BC9: =COUNTIF(M9,"Habilitado")+COUNTIF(W9,"Habilitado")+COUNTIF(AG9,"Habilitado")+COUNTIF(AQ9,"Habilitado")+COUNTIF(AS9,"Habilitado")+COUNTIF(BA9,"Habilitado") -> 1 | BD9: =IF(BC9>=1,"Habilitado","Desierto") -> Habilitado
A10: 8 | B10: Acetato de etilo para análisis de residuos | C10: Sigma Aldrich / Merck / JT Baker o equivalente | D10: Frasco x 4 litros | E10: Cumple | F10: Cumple | G10: Cumple | H10: No Aplica | I10: Cumple | J10: Cumple | K10: 40 | L10: =+K10 -> 40 | M10: Habilitado | V10: =+U10 -> 0 | Y10: Cumple | Z10: Cumple | AA10: Cumple | AB10: No Aplica | AC10: Cumple | AD10: Cumple | AE10: 40 | AF10: =AE10 -> 40 | AG10: Habilitado | AP10: =+AO10 -> 0 | AZ10: =+AY10 -> 0 | BC10: =COUNTIF(M10,"Habilitado")+COUNTIF(W10,"Habilitado")+COUNTIF(AG10,"Habilitado")+COUNTIF(AQ10,"Habilitado")+COUNTIF(AS10,"Habilitado")+COUNTIF(BA10,"Habilitado") -> 2 | BD10: =IF(BC10>=1,"Habilitado","Desierto") -> Habilitado
A11: 9 | B11: Acetato de potasio | C11: Merck | D11: Frasco x 500 o 1Kg | L11: =+K11 -> 0 | V11: =+U11 -> 0 | AF11: =AE11 -> 0 | AP11: =+AO11 -> 0 | AZ11: =+AY11 -> 0 | BC11: =COUNTIF(M11,"Habilitado")+COUNTIF(W11,"Habilitado")+COUNTIF(AG11,"Habilitado")+COUNTIF(AQ11,"Habilitado")+COUNTIF(AS11,"Habilitado")+COUNTIF(BA11,"Habilitado") -> 0 | BD11: =IF(BC11>=1,"Habilitado","Desierto") -> Desierto
A12: 10 | B12: Acetato de sodio anhidro | C12: Cualquier marca | D12: Frasco x 500g | E12: Cumple | F12: Cumple | G12: Cumple | H12: No Aplica | I12: Cumple | J12: No Aplica | K12: 40 | L12: =+K12 -> 40 | M12: Habilitado | V12: =+U12 -> 0 | Y12: Cumple | Z12: Cumple | AA12: Cumple | AB12: No Aplica | AC12: Cumple | AD12: No Aplica | AE12: 40 | AF12: =AE12 -> 40 | AG12: Habilitado | AI12: Cumple | AJ12: Cumple | AK12: Cumple | AL12: No Aplica | AM12: Cumple | AN12: No Aplica | AO12: 20 | AP12: =+AO12 -> 20 | AQ12: Habilitado | AZ12: =+AY12 -> 0 | BC12: =COUNTIF(M12,"Habilitado")+COUNTIF(W12,"Habilitado")+COUNTIF(AG12,"Habilitado")+COUNTIF(AQ12,"Habilitado")+COUNTIF(AS12,"Habilitado")+COUNTIF(BA12,"Habilitado") -> 3 | BD12: =IF(BC12>=1,"Habilitado","Desierto") -> Habilitado
A13: 11 | B13: Ácetato de zinc di hidratado | C13: Cualquier marca | D13: Frasco x 250 g | E13: Cumple | F13: Cumple | G13: Cumple | H13: No Aplica | I13: Cumple | J13: No Aplica | K13: 40 | L13: =+K13 -> 40 | M13: Habilitado | V13: =+U13 -> 0 | Y13: Cumple | Z13: Cumple | AA13: Cumple | AB13: No Aplica | AC13: Cumple | AD13: No Aplica | AE13: 40 | AF13: =AE13 -> 40 | AG13: Habilitado | AI13: Cumple | AJ13: Cumple | AK13: Cumple | AL13: No Aplica | AM13: Cumple | AN13: No Aplica | AO13: 20 | AP13: =+AO13 -> 20 | AQ13: Habilitado | AR13: Cumple con especificaciones minimas técnicas requeridas excepto la presentación, por lo que el item se habilita siempre y cuando el oferente garantice que se entregaran los 4 frascos en las cantidades iguales o superriores a los 250g solicitados sin exceder el presupuesto oficial definido para este item | AZ13: =+AY13 -> 0 | BC13: =COUNTIF(M13,"Habilitado")+COUNTIF(W13,"Habilitado")+COUNTIF(AG13,"Habilitado")+COUNTIF(AQ13,"Habilitado")+COUNTIF(AS13,"Habilitado")+COUNTIF(BA13,"Habilitado") -> 3 | BD13: =IF(BC13>=1,"Habilitado","Desierto") -> Habilitado
A14: 12 | B14: Acetona grado reactivo | C14: Merck, JT Baker, Mallinckrodt, Scharlau | D14: Frasco x 4 litros | E14: Cumple | F14: Cumple | G14: Cumple | H14: No Aplica | I14: Cumple | J14: Cumple | K14: 40 | L14: =+K14 -> 40 | M14: Habilitado | V14: =+U14 -> 0 | AF14: =AE14 -> 0 | AP14: =+AO14 -> 0 | AS14: Cumple | AT14: Cumple | AU14: Cumple | AV14: No Aplica | AW14: Cumple | AX14: Cumple | AY14: 0 | AZ14: =+AY14 -> 0 | BA14: Habilitado | BC14: =COUNTIF(M14,"Habilitado")+COUNTIF(W14,"Habilitado")+COUNTIF(AG14,"Habilitado")+COUNTIF(AQ14,"Habilitado")+COUNTIF(AS14,"Habilitado")+COUNTIF(BA14,"Habilitado") -> 2 | BD14: =IF(BC14>=1,"Habilitado","Desierto") -> Habilitado
A15: 13 | B15: Acetona HPLC con certificado de analisis y ficha de seguridad. | C15: Merck, JT Baker, Mallinckrodt, Scharlau o equivalente | D15: Frasco x 4 litros | E15: Cumple | F15: Cumple | G15: Cumple | H15: No Aplica | I15: Cumple | J15: Cumple | K15: 40 | L15: =+K15 -> 40 | M15: Habilitado | V15: =+U15 -> 0 | Y15: Cumple | Z15: Cumple | AA15: Cumple | AB15: No Aplica | AC15: Cumple | AD15: Cumple | AE15: 40 | AF15: =AE15 -> 40 | AG15: Habilitado | AH15: No cumple con la presentación requerida por el ICA Se acepta la presentación ofertada siempre y cuando no se supere la oferta económica y se cumpla con la cantidad requerida por la Institución | AI15: Cumple | AJ15: Cumple | AK15: Cumple | AL15: No Aplica | AM15: Cumple | AN15: Cumple | AO15: 20 | AP15: =+AO15 -> 20 | AQ15: Habilitado | AS15: Cumple | AT15: Cumple | AU15: Cumple | AV15: No Aplica | AW15: Cumple | AX15: Cumple | AY15: 0 | AZ15: =+AY15 -> 0 | BA15: Habilitado | BC15: =COUNTIF(M15,"Habilitado")+COUNTIF(W15,"Habilitado")+COUNTIF(AG15,"Habilitado")+COUNTIF(AQ15,"Habilitado")+COUNTIF(AS15,"Habilitado")+COUNTIF(BA15,"Habilitado") -> 4 | BD15: =IF(BC15>=1,"Habilitado","Desierto") -> Habilitado
A16: 14 | B16: Acetonitrilo grado HPLC con certificado de analisis y ficha de seguridad. | C16: Cualquier marca | D16: Frasco x 4 litros | E16: Cumple | F16: Cumple | G16: Cumple | H16: No Aplica | I16: Cumple | J16: No Aplica | K16: 40 | L16: =+K16 -> 40 | M16: Habilitado | V16: =+U16 -> 0 | Y16: Cumple | Z16: Cumple | AA16: Cumple | AB16: No Aplica | AC16: Cumple | AD16: No Aplica | AE16: 40 | AF16: =AE16 -> 40 | AG16: Habilitado | AI16: Cumple | AJ16: Cumple | AK16: Cumple | AL16: No Aplica | AM16: Cumple | AN16: No Aplica | AO16: 20 | AP16: =+AO16 -> 20 | AQ16: Habilitado | AS16: Cumple | AT16: Cumple | AU16: Cumple | AV16: No Aplica | AW16: Cumple | AX16: No Aplica | AY16: 0 | AZ16: =+AY16 -> 0 | BA16: Habilitado | BC16: =COUNTIF(M16,"Habilitado")+COUNTIF(W16,"Habilitado")+COUNTIF(AG16,"Habilitado")+COUNTIF(AQ16,"Habilitado")+COUNTIF(AS16,"Habilitado")+COUNTIF(BA16,"Habilitado") -> 4 | BD16: =IF(BC16>=1,"Habilitado","Desierto") -> Habilitado
A17: 15 | B17: Acetonitrilo grado reactivo con certificado de analisis y ficha de seguridad. | C17: Merck o JT Baker | D17: Frasco x 4 litros | E17: Cumple | F17: Cumple | G17: Cumple | H17: No Aplica | I17: Cumple | J17: No Aplica | K17: 40 | L17: =+K17 -> 40 | M17: Habilitado | V17: =+U17 -> 0 | AF17: =AE17 -> 0 | AP17: =+AO17 -> 0 | AS17: Cumple | AT17: Cumple | AU17: Cumple | AV17: No Aplica | AW17: Cumple | AX17: No Aplica | AY17: 0 | AZ17: =+AY17 -> 0 | BA17: Habilitado | BC17: =COUNTIF(M17,"Habilitado")+COUNTIF(W17,"Habilitado")+COUNTIF(AG17,"Habilitado")+COUNTIF(AQ17,"Habilitado")+COUNTIF(AS17,"Habilitado")+COUNTIF(BA17,"Habilitado") -> 2 | BD17: =IF(BC17>=1,"Habilitado","Desierto") -> Habilitado
A18: 16 | B18: Acetonitrilo LC/MS con certificado de analisis y ficha de seguridad. | C18: Merck o JT Baker o equivalente | D18: Frasco x 2.5 litros | E18: Cumple | F18: Cumple | G18: Cumple | H18: No Aplica | I18: Cumple | J18: No Aplica | K18: 40 | L18: =+K18 -> 40 | M18: Habilitado | V18: =+U18 -> 0 | Y18: Cumple | Z18: Cumple | AA18: Cumple | AB18: No Aplica | AC18: Cumple | AD18: No Aplica | AE18: 40 | AF18: =AE18 -> 40 | AG18: Habilitado | AP18: =+AO18 -> 0 | AS18: No Cumple | AT18: No Cumple | AU18: Cumple | AV18: No Aplica | AW18: Cumple | AX18: No Aplica | AY18: 0 | AZ18: =+AY18 -> 0 | BA18: No habilitado | BB18: La ficha del Item no corresponde a la solicitada en el pliego de condiciones (Acetonitrilo LC/MS) 2. | BC18: =COUNTIF(M18,"Habilitado")+COUNTIF(W18,"Habilitado")+COUNTIF(AG18,"Habilitado")+COUNTIF(AQ18,"Habilitado")+COUNTIF(AS18,"Habilitado")+COUNTIF(BA18,"Habilitado") -> 2 | BD18: =IF(BC18>=1,"Habilitado","Desierto") -> Habilitado
A19: 17 | B19: Ácido acético glacial 96% PA con certificado y ficha de seguridad | C19: Cualquier marca | D19: Frasco x 2.5 litros | E19: Cumple | F19: Cumple | G19: Cumple | H19: No Aplica | I19: Cumple | J19: No Aplica | K19: 40 | L19: =+K19 -> 40 | M19: Habilitado | N19: Falta ficha de seguridad. Se acepta la presentación de 4L ofrecida por el proponente, siempre y cuando no se exceda el presupuesto definido para el item | V19: =+U19 -> 0 | Y19: Cumple | Z19: Cumple | AA19: Cumple | AB19: No Aplica | AC19: Cumple | AD19: No Aplica | AE19: 40 | AF19: =AE19 -> 40 | AG19: Habilitado | AP19: =+AO19 -> 0 | AZ19: =+AY19 -> 0 | BC19: =COUNTIF(M19,"Habilitado")+COUNTIF(W19,"Habilitado")+COUNTIF(AG19,"Habilitado")+COUNTIF(AQ19,"Habilitado")+COUNTIF(AS19,"Habilitado")+COUNTIF(BA19,"Habilitado") -> 2 | BD19: =IF(BC19>=1,"Habilitado","Desierto") -> Habilitado
A20: 18 | B20: Ácido bórico | C20: Cualquier marca (Panreac, Merck, JT Baker o equivalente. | D20: Frasco x 1Kg | E20: Cumple | F20: Cumple | G20: Cumple | H20: No Aplica | I20: Cumple | J20: No Aplica | K20: 40 | L20: =+K20 -> 40 | M20: Habilitado | V20: =+U20 -> 0 | Y20: Cumple | Z20: Cumple | AA20: Cumple | AB20: No Aplica | AC20: Cumple | AD20: No Aplica | AE20: 40 | AF20: =AE20 -> 40 | AG20: Habilitado | AI20: Cumple | AJ20: Cumple | AK20: Cumple | AL20: No Aplica | AM20: Cumple | AN20: No Aplica | AO20: 20 | AP20: =+AO20 -> 20 | AQ20: Habilitado | AZ20: =+AY20 -> 0 | BC20: =COUNTIF(M20,"Habilitado")+COUNTIF(W20,"Habilitado")+COUNTIF(AG20,"Habilitado")+COUNTIF(AQ20,"Habilitado")+COUNTIF(AS20,"Habilitado")+COUNTIF(BA20,"Habilitado") -> 3 | BD20: =IF(BC20>=1,"Habilitado","Desierto") -> Habilitado
A21: 19 | B21: Ácido cítrico monohidratado | C21: Merck, Carlo Erba, Scharlau, JT Baker | D21: Frasco x 1Kg | E21: Cumple | F21: Cumple | G21: Cumple | H21: No Aplica | I21: Cumple | J21: No Aplica | K21: 40 | L21: =+K21 -> 40 | M21: Habilitado | V21: =+U21 -> 0 | AF21: =AE21 -> 0 | AP21: =+AO21 -> 0 | AZ21: =+AY21 -> 0 | BC21: =COUNTIF(M21,"Habilitado")+COUNTIF(W21,"Habilitado")+COUNTIF(AG21,"Habilitado")+COUNTIF(AQ21,"Habilitado")+COUNTIF(AS21,"Habilitado")+COUNTIF(BA21,"Habilitado") -> 1 | BD21: =IF(BC21>=1,"Habilitado","Desierto") -> Habilitado
A22: 20 | B22: Ácido clorhídrico 37 - 38% | C22: Merck, JT Baker, Scharlau o equivalente. | D22: Frasco x 2.5 litros | E22: Cumple | F22: Cumple | G22: Cumple | H22: No Aplica | I22: Cumple | J22: Cumple | K22: 40 | L22: =+K22 -> 40 | M22: Habilitado | V22: =+U22 -> 0 | Y22: Cumple | Z22: Cumple | AA22: Cumple | AB22: No Aplica | AC22: Cumple | AD22: Cumple | AE22: 40 | AF22: =AE22 -> 40 | AG22: Habilitado | AI22: Cumple | AJ22: Cumple | AK22: Cumple | AL22: No Aplica | AM22: Cumple | AN22: Cumple | AO22: 20 | AP22: =+AO22 -> 20 | AQ22: Habilitado | AZ22: =+AY22 -> 0 | BC22: =COUNTIF(M22,"Habilitado")+COUNTIF(W22,"Habilitado")+COUNTIF(AG22,"Habilitado")+COUNTIF(AQ22,"Habilitado")+COUNTIF(AS22,"Habilitado")+COUNTIF(BA22,"Habilitado") -> 3 | BD22: =IF(BC22>=1,"Habilitado","Desierto") -> Habilitado
A23: 21 | B23: Ácido fórmico 98-100 % pureza, con certificado de análisis y ficha de seguridad | C23: Cualquier marca | D23: Frasco x 2.5 litros | E23: Cumple | F23: Cumple | G23: Cumple | H23: No Aplica | I23: Cumple | J23: No Aplica | K23: 40 | L23: =+K23 -> 40 | M23: Habilitado | V23: =+U23 -> 0 | Y23: Cumple | Z23: Cumple | AA23: Cumple | AB23: No Aplica | AC23: Cumple | AD23: No Aplica | AE23: 40 | AF23: =AE23 -> 40 | AG23: Habilitado | AI23: Cumple | AJ23: Cumple | AK23: Cumple | AL23: No Aplica | AM23: Cumple | AN23: No Aplica | AO23: 20 | AP23: =+AO23 -> 20 | AQ23: Habilitado | AZ23: =+AY23 -> 0 | BC23: =COUNTIF(M23,"Habilitado")+COUNTIF(W23,"Habilitado")+COUNTIF(AG23,"Habilitado")+COUNTIF(AQ23,"Habilitado")+COUNTIF(AS23,"Habilitado")+COUNTIF(BA23,"Habilitado") -> 3 | BD23: =IF(BC23>=1,"Habilitado","Desierto") -> Habilitado
A24: 22 | B24: Acido formico para LC-MS certificado de análisis y ficha de seguridad | C24: Cualquier marca | D24: Frasco 50 mL | L24: =+K24 -> 0 | V24: =+U24 -> 0 | AF24: =AE24 -> 0 | AP24: =+AO24 -> 0 | AZ24: =+AY24 -> 0 | BC24: =COUNTIF(M24,"Habilitado")+COUNTIF(W24,"Habilitado")+COUNTIF(AG24,"Habilitado")+COUNTIF(AQ24,"Habilitado")+COUNTIF(AS24,"Habilitado")+COUNTIF(BA24,"Habilitado") -> 0 | BD24: =IF(BC24>=1,"Habilitado","Desierto") -> Desierto
A25: 23 | B25: Ácido fosfomolibdico solución 2% | C25: Sigma Aldrich / Merck / JT Baker | D25: Frasco x 25g | E25: Cumple | F25: Cumple | G25: Cumple | H25: No Aplica | I25: Cumple | J25: No Aplica | K25: 0 | L25: =+K25 -> 0 | M25: Habilitado | V25: =+U25 -> 0 | AF25: =AE25 -> 0 | AP25: =+AO25 -> 0 | AZ25: =+AY25 -> 0 | BC25: =COUNTIF(M25,"Habilitado")+COUNTIF(W25,"Habilitado")+COUNTIF(AG25,"Habilitado")+COUNTIF(AQ25,"Habilitado")+COUNTIF(AS25,"Habilitado")+COUNTIF(BA25,"Habilitado") -> 1 | BD25: =IF(BC25>=1,"Habilitado","Desierto") -> Habilitado
A26: 24 | B26: Ácido fosfotúngstico | C26: Sigma Aldrich / Merck / JT Baker | D26: Frasco x 25g | E26: Cumple | F26: Cumple | G26: Cumple | H26: No Aplica | I26: Cumple | J26: No Aplica | K26: 40 | L26: =+K26 -> 40 | M26: Habilitado | V26: =+U26 -> 0 | AF26: =AE26 -> 0 | AP26: =+AO26 -> 0 | AS26: Cumple | AT26: Cumple | AU26: Cumple | AV26: No Aplica | AW26: Cumple | AX26: No Aplica | AY26: 0 | AZ26: =+AY26 -> 0 | BA26: Habilitado | BC26: =COUNTIF(M26,"Habilitado")+COUNTIF(W26,"Habilitado")+COUNTIF(AG26,"Habilitado")+COUNTIF(AQ26,"Habilitado")+COUNTIF(AS26,"Habilitado")+COUNTIF(BA26,"Habilitado") -> 2 | BD26: =IF(BC26>=1,"Habilitado","Desierto") -> Habilitado
A27: 25 | B27: Ácido láctico Cas 79-33-4 | C27: Aeros/JT Baker | D27: Frasco X 250ml | E27: Cumple | F27: Cumple | G27: Cumple | H27: No Aplica | I27: Cumple | J27: No Aplica | K27: 40 | L27: =+K27 -> 40 | M27: Habilitado | V27: =+U27 -> 0 | AF27: =AE27 -> 0 | AP27: =+AO27 -> 0 | AZ27: =+AY27 -> 0 | BC27: =COUNTIF(M27,"Habilitado")+COUNTIF(W27,"Habilitado")+COUNTIF(AG27,"Habilitado")+COUNTIF(AQ27,"Habilitado")+COUNTIF(AS27,"Habilitado")+COUNTIF(BA27,"Habilitado") -> 1 | BD27: =IF(BC27>=1,"Habilitado","Desierto") -> Habilitado
A28: 26 | B28: Ácido nítrico ACS 69-70% certificado de análisis y ficha de seguridad | C28: Merck o JT Baker o equivalente | D28: Frasco x 2.5 litros | E28: Cumple | F28: No Cumple | G28: Cumple | H28: No Aplica | I28: Cumple | J28: No Aplica | K28: 40 | L28: =+K28 -> 40 | M28: No habilitado | N28: Falta la ficha se seguridad | V28: =+U28 -> 0 | Y28: Cumple | Z28: No Cumple | AA28: Cumple | AB28: No Aplica | AC28: Cumple | AD28: No Aplica | AE28: 0 | AF28: =AE28 -> 0 | AG28: No habilitado | AH28: Se reporta en certificado del prodcuto ofertado un esnayo de 69,0% - 72,0% y se requiere de 69-70% | AP28: =+AO28 -> 0 | AZ28: =+AY28 -> 0 | BC28: =COUNTIF(M28,"Habilitado")+COUNTIF(W28,"Habilitado")+COUNTIF(AG28,"Habilitado")+COUNTIF(AQ28,"Habilitado")+COUNTIF(AS28,"Habilitado")+COUNTIF(BA28,"Habilitado") -> 0 | BD28: =IF(BC28>=1,"Habilitado","Desierto") -> Desierto
A29: 27 | B29: Acido Oxálico Grado reactivo con certificado de análisis y fecha de vencimiento no inferior a un año a partir de la fecha de entrega. Cas 144-62-7 | C29: Merck, JT Baker, Scharlau o equivalente | D29: Frasco x 1Kg | E29: Cumple | F29: Cumple | G29: Cumple | H29: No Aplica | I29: Cumple | J29: No Aplica | K29: 40 | L29: =+K29 -> 40 | M29: Habilitado | V29: =+U29 -> 0 | Y29: Cumple | Z29: Cumple | AA29: Cumple | AB29: No Aplica | AC29: Cumple | AD29: No Aplica | AE29: 40 | AF29: =AE29 -> 40 | AG29: Habilitado | AI29: Cumple | AJ29: Cumple | AK29: Cumple | AL29: No Aplica | AM29: Cumple | AN29: No Aplica | AO29: 20 | AP29: =+AO29 -> 20 | AQ29: Habilitado | AS29: Cumple | AT29: Cumple | AU29: Cumple | AV29: No Aplica | AW29: Cumple | AX29: No Aplica | AY29: 0 | AZ29: =+AY29 -> 0 | BA29: Habilitado | BC29: =COUNTIF(M29,"Habilitado")+COUNTIF(W29,"Habilitado")+COUNTIF(AG29,"Habilitado")+COUNTIF(AQ29,"Habilitado")+COUNTIF(AS29,"Habilitado")+COUNTIF(BA29,"Habilitado") -> 4 | BD29: =IF(BC29>=1,"Habilitado","Desierto") -> Habilitado
A30: 28 | B30: Acido perclórico, reactivo analítico | C30: Merck, JT Baker, Scharlau, Panreac o equivalente. | D30: Frasco x 2.5 litros | E30: Cumple | F30: Cumple | G30: Cumple | H30: No Aplica | I30: Cumple | J30: No Aplica | K30: 40 | L30: =+K30 -> 40 | M30: Habilitado | V30: =+U30 -> 0 | Y30: Cumple | Z30: Cumple | AA30: Cumple | AB30: No Aplica | AC30: Cumple | AD30: No Aplica | AE30: 40 | AF30: =AE30 -> 40 | AG30: Habilitado | AI30: Cumple | AJ30: Cumple | AK30: Cumple | AL30: No Aplica | AM30: Cumple | AN30: No Aplica | AO30: 20 | AP30: =+AO30 -> 20 | AQ30: Habilitado | AS30: Cumple | AT30: Cumple | AU30: Cumple | AV30: No Aplica | AW30: Cumple | AX30: No Aplica | AY30: 0 | AZ30: =+AY30 -> 0 | BA30: Habilitado | BC30: =COUNTIF(M30,"Habilitado")+COUNTIF(W30,"Habilitado")+COUNTIF(AG30,"Habilitado")+COUNTIF(AQ30,"Habilitado")+COUNTIF(AS30,"Habilitado")+COUNTIF(BA30,"Habilitado") -> 4 | BD30: =IF(BC30>=1,"Habilitado","Desierto") -> Habilitado
A31: 29 | B31: Ácido peryódico | C31: Merck / JT Baker | D31: Frasco x 25g | E31: Cumple | F31: Cumple | G31: Cumple | H31: No Aplica | I31: Cumple | J31: No Aplica | K31: 40 | L31: =+K31 -> 40 | M31: Habilitado | V31: =+U31 -> 0 | AF31: =AE31 -> 0 | AP31: =+AO31 -> 0 | AZ31: =+AY31 -> 0 | BC31: =COUNTIF(M31,"Habilitado")+COUNTIF(W31,"Habilitado")+COUNTIF(AG31,"Habilitado")+COUNTIF(AQ31,"Habilitado")+COUNTIF(AS31,"Habilitado")+COUNTIF(BA31,"Habilitado") -> 1 | BD31: =IF(BC31>=1,"Habilitado","Desierto") -> Habilitado
A32: 30 | B32: Acido Pícrico | C32: Sigma Aldrich / Merck / JT Baker | D32: Frasco X 25g | L32: =+K32 -> 0 | V32: =+U32 -> 0 | AF32: =AE32 -> 0 | AP32: =+AO32 -> 0 | AS32: Cumple | AT32: Cumple | AU32: Cumple | AV32: No Aplica | AW32: Cumple | AX32: No Aplica | AY32: 0 | AZ32: =+AY32 -> 0 | BA32: Habilitado | BC32: =COUNTIF(M32,"Habilitado")+COUNTIF(W32,"Habilitado")+COUNTIF(AG32,"Habilitado")+COUNTIF(AQ32,"Habilitado")+COUNTIF(AS32,"Habilitado")+COUNTIF(BA32,"Habilitado") -> 1 | BD32: =IF(BC32>=1,"Habilitado","Desierto") -> Habilitado
A33: 31 | B33: Ácido sulfúrico 97-98% analítico con certificado de análisis y ficha de seguridad | C33: Sigma Aldrich / Merck / JT Baker o equivalente | D33: Frasco x 2.5 litros | E33: Cumple | F33: No Cumple | G33: Cumple | H33: No Aplica | I33: Cumple | J33: Cumple | K33: 40 | L33: =+K33 -> 40 | M33: No habilitado | N33: no presenta ficha de seguridad | V33: =+U33 -> 0 | Y33: Cumple | Z33: Cumple | AA33: Cumple | AB33: No Aplica | AC33: Cumple | AD33: cumple | AE33: 40 | AF33: =AE33 -> 40 | AG33: Habilitado | AI33: Cumple | AJ33: Cumple | AK33: Cumple | AL33: No Aplica | AM33: Cumple | AN33: Cumple | AO33: 20 | AP33: =+AO33 -> 20 | AQ33: Habilitado | AS33: Cumple | AT33: Cumple | AU33: Cumple | AV33: No Aplica | AW33: Cumple | AX33: No Aplica | AY33: 0 | AZ33: =+AY33 -> 0 | BA33: Habilitado | BC33: =COUNTIF(M33,"Habilitado")+COUNTIF(W33,"Habilitado")+COUNTIF(AG33,"Habilitado")+COUNTIF(AQ33,"Habilitado")+COUNTIF(AS33,"Habilitado")+COUNTIF(BA33,"Habilitado") -> 3 | BD33: =IF(BC33>=1,"Habilitado","Desierto") -> Habilitado
A34: 32 | B34: Acido tricloroacético, Con certificado de análisis e incertidumbre. Fecha de vencimiento no inferior a 2 años | C34: Merck | D34: Frasco x 250g | E34: Cumple | F34: No Cumple | G34: Cumple | H34: No Aplica | I34: Cumple | J34: No Aplica | K34: 0 | L34: =+K34 -> 0 | M34: No habilitado | N34: NO presenta certificado de incertidumbre | V34: =+U34 -> 0 | AF34: =AE34 -> 0 | AP34: =+AO34 -> 0 | AS34: Cumple | AT34: Cumple | AU34: Cumple | AV34: No Aplica | AW34: Cumple | AX34: No Aplica | AY34: 0 | AZ34: =+AY34 -> 0 | BA34: Habilitado | BC34: =COUNTIF(M34,"Habilitado")+COUNTIF(W34,"Habilitado")+COUNTIF(AG34,"Habilitado")+COUNTIF(AQ34,"Habilitado")+COUNTIF(AS34,"Habilitado")+COUNTIF(BA34,"Habilitado") -> 1 | BD34: =IF(BC34>=1,"Habilitado","Desierto") -> Habilitado
A35: 33 | B35: Actinobacillus pleuropneumoniae (Shope) Pohl et al. (ATCC® 27088D™) | C35: ATCC | L35: =+K35 -> 0 | V35: =+U35 -> 0 | AF35: =AE35 -> 0 | AP35: =+AO35 -> 0 | AZ35: =+AY35 -> 0 | BC35: =COUNTIF(M35,"Habilitado")+COUNTIF(W35,"Habilitado")+COUNTIF(AG35,"Habilitado")+COUNTIF(AQ35,"Habilitado")+COUNTIF(AS35,"Habilitado")+COUNTIF(BA35,"Habilitado") -> 0 | BD35: =IF(BC35>=1,"Habilitado","Desierto") -> Desierto
A36: 34 | B36: Agar Medio de cultivo Glucosa OF Medium | C36: Pronadisa o equivalente | D36: Frasco x 500g | E36: Cumple | F36: Cumple | G36: Cumple | H36: No Aplica | I36: Cumple | J36: No Aplica | K36: 40 | L36: =+K36 -> 40 | M36: Habilitado | V36: =+U36 -> 0 | AF36: =AE36 -> 0 | AP36: =+AO36 -> 0 | AZ36: =+AY36 -> 0 | BC36: =COUNTIF(M36,"Habilitado")+COUNTIF(W36,"Habilitado")+COUNTIF(AG36,"Habilitado")+COUNTIF(AQ36,"Habilitado")+COUNTIF(AS36,"Habilitado")+COUNTIF(BA36,"Habilitado") -> 1 | BD36: =IF(BC36>=1,"Habilitado","Desierto") -> Habilitado
A37: 35 | B37: Agar agar | C37: Merck, Oxoid, BBL, Difco, Acumedia, Scharlau, Sigma-Aldrich | D37: Frasco x 500g | E37: Cumple | F37: Cumple | G37: Cumple | H37: No Aplica | I37: Cumple | J37: No Aplica | K37: 40 | L37: =+K37 -> 40 | M37: Habilitado | V37: =+U37 -> 0 | AF37: =AE37 -> 0 | AP37: =+AO37 -> 0 | AS37: Cumple | AT37: Cumple | AU37: Cumple | AV37: No Aplica | AW37: Cumple | AX37: No Aplica | AY37: 0 | AZ37: =+AY37 -> 0 | BA37: Habilitado | BB37: Se acepta la presentación de 250 g X la cantidad total solicitada en presentación de 500 g sin exceder el precio del item | BC37: =COUNTIF(M37,"Habilitado")+COUNTIF(W37,"Habilitado")+COUNTIF(AG37,"Habilitado")+COUNTIF(AQ37,"Habilitado")+COUNTIF(AS37,"Habilitado")+COUNTIF(BA37,"Habilitado") -> 2 | BD37: =IF(BC37>=1,"Habilitado","Desierto") -> Habilitado
A38: 36 | B38: Agar casman | C38: BBL BD 211106 | D38: Frasco x 500g | L38: =+K38 -> 0 | V38: =+U38 -> 0 | AF38: =AE38 -> 0 | AP38: =+AO38 -> 0 | AZ38: =+AY38 -> 0 | BC38: =COUNTIF(M38,"Habilitado")+COUNTIF(W38,"Habilitado")+COUNTIF(AG38,"Habilitado")+COUNTIF(AQ38,"Habilitado")+COUNTIF(AS38,"Habilitado")+COUNTIF(BA38,"Habilitado") -> 0 | BD38: =IF(BC38>=1,"Habilitado","Desierto") -> Desierto
A39: 37 | B39: Agar Extracto de levadura | C39: Sigma | D39: Frasco x 500g | E39: Cumple | F39: Cumple | G39: Cumple | H39: No Aplica | I39: Cumple | J39: No Aplica | K39: 40 | L39: =+K39 -> 40 | M39: Habilitado | O39: Cumple | P39: No Cumple | Q39: No Cumple | R39: No Aplica | S39: No Cumple | T39: No Aplica | U39: 0 | V39: =+U39 -> 0 | W39: No Habilitado | X39: Se requiere la Marca Sigma Aldrich No se adjunta La carta de Distribución de la Marca Condalab | AF39: =AE39 -> 0 | AP39: =+AO39 -> 0 | AS39: Cumple | AT39: Cumple | AU39: Cumple | AV39: No Aplica | AW39: Cumple | AX39: No Aplica | AY39: 0 | AZ39: =+AY39 -> 0 | BA39: Habilitado | BC39: =COUNTIF(M39,"Habilitado")+COUNTIF(W39,"Habilitado")+COUNTIF(AG39,"Habilitado")+COUNTIF(AQ39,"Habilitado")+COUNTIF(AS39,"Habilitado")+COUNTIF(BA39,"Habilitado") -> 2 | BD39: =IF(BC39>=1,"Habilitado","Desierto") -> Habilitado
A40: 38 | B40: Agar Hugh- Leifson (OF) | C40: Pronadisa o equivalente | D40: Frasco x 500g | L40: =+K40 -> 0 | O40: Cumple | P40: Cumple | Q40: No Cumple | R40: No Aplica | S40: No Cumple | T40: No Aplica | U40: 0 | V40: =+U40 -> 0 | W40: No habilitado | X40: No presenta certificacion de deistribucion autorizada | Y40: Cumple | Z40: Cumple | AA40: Cumple | AB40: No Aplica | AC40: Cumple | AD40: No Aplica | AE40: 40 | AF40: =AE40 -> 40 | AG40: Habilitado | AP40: =+AO40 -> 0 | AS40: Cumple | AT40: Cumple | AU40: Cumple | AV40: No Aplica | AW40: Cumple | AX40: No Aplica | AY40: 0 | AZ40: =+AY40 -> 0 | BA40: Habilitado | BC40: =COUNTIF(M40,"Habilitado")+COUNTIF(W40,"Habilitado")+COUNTIF(AG40,"Habilitado")+COUNTIF(AQ40,"Habilitado")+COUNTIF(AS40,"Habilitado")+COUNTIF(BA40,"Habilitado") -> 2 | BD40: =IF(BC40>=1,"Habilitado","Desierto") -> Habilitado
A41: 39 | B41: Agar MacConkey | C41: Merck | D41: FRASCO x 500g | L41: =+K41 -> 0 | O41: Cumple | P41: No Cumple | Q41: No Cumple | R41: No Aplica | S41: No Cumple | T41: No Aplica | U41: 0 | V41: =+U41 -> 0 | W41: No habilitado | AF41: =AE41 -> 0 | AP41: =+AO41 -> 0 | AS41: Cumple | AT41: Cumple | AU41: Cumple | AV41: No Aplica | AW41: Cumple | AX41: No Aplica | AY41: 0 | AZ41: =+AY41 -> 0 | BA41: Habilitado | BC41: =COUNTIF(M41,"Habilitado")+COUNTIF(W41,"Habilitado")+COUNTIF(AG41,"Habilitado")+COUNTIF(AQ41,"Habilitado")+COUNTIF(AS41,"Habilitado")+COUNTIF(BA41,"Habilitado") -> 1 | BD41: =IF(BC41>=1,"Habilitado","Desierto") -> Habilitado
A42: 40 | B42: Agar Mueller Hinton II (Cation-Adjusted) | C42: BBL 211438 | D42: Frasco x 500g | L42: =+K42 -> 0 | O42: Cumple | P42: Cumple | Q42: No Cumple | R42: No Aplica | S42: No Cumple | T42: No Aplica | U42: 0 | V42: =+U42 -> 0 | W42: No habilitado | X42: No presenta certificacion de deistribucion autorizada | AF42: =AE42 -> 0 | AP42: =+AO42 -> 0 | AZ42: =+AY42 -> 0 | BC42: =COUNTIF(M42,"Habilitado")+COUNTIF(W42,"Habilitado")+COUNTIF(AG42,"Habilitado")+COUNTIF(AQ42,"Habilitado")+COUNTIF(AS42,"Habilitado")+COUNTIF(BA42,"Habilitado") -> 0 | BD42: =IF(BC42>=1,"Habilitado","Desierto") -> Desierto
A43: 41 | B43: Agar Sabouraud dextrosa al 4% | C43: BD o equivalente | D43: Frasco x 500g | E43: Cumple | F43: Cumple | G43: Cumple | H43: No Aplica | I43: Cumple | J43: No Aplica | K43: 40 | L43: =+K43 -> 40 | M43: Habilitado | O43: No Cumple | P43: No Cumple | Q43: No Cumple | R43: No Aplica | S43: No Cumple | T43: No Aplica | V43: =+U43 -> 0 | W43: No habilitado | X43: No oferto lo solicitado | Y43: Cumple | Z43: Cumple | AA43: Cumple | AB43: No Aplica | AC43: Cumple | AD43: No Aplica | AE43: 40 | AF43: =AE43 -> 40 | AG43: Habilitado | AI43: Cumple | AJ43: Cumple | AK43: Cumple | AL43: No Aplica | AM43: Cumple | AN43: No Aplica | AO43: 20 | AP43: =+AO43 -> 20 | AQ43: Habilitado | AZ43: =+AY43 -> 0 | BC43: =COUNTIF(M43,"Habilitado")+COUNTIF(W43,"Habilitado")+COUNTIF(AG43,"Habilitado")+COUNTIF(AQ43,"Habilitado")+COUNTIF(AS43,"Habilitado")+COUNTIF(BA43,"Habilitado") -> 3 | BD43: =IF(BC43>=1,"Habilitado","Desierto") -> Habilitado
A44: 42 | B44: Agar triple azúcar hierro (TSI) | C44: Scharlau, Dibico, Sigma-Aldrich | D44: Frasco x 100g | E44: Cumple | F44: Cumple | G44: Cumple | H44: No Aplica | I44: Cumple | J44: No Aplica | K44: 40 | L44: =+K44 -> 40 | M44: Habilitado | O44: Cumple | P44: Cumple | Q44: No Cumple | R44: No Aplica | S44: No Cumple | T44: No Aplica | U44: 0 | V44: =+U44 -> 0 | W44: No habilitado | X44: No oferta la marca solicitada por la entidad, no presenta certufucado de distribucion | AF44: =AE44 -> 0 | AP44: =+AO44 -> 0 | AZ44: =+AY44 -> 0 | BC44: =COUNTIF(M44,"Habilitado")+COUNTIF(W44,"Habilitado")+COUNTIF(AG44,"Habilitado")+COUNTIF(AQ44,"Habilitado")+COUNTIF(AS44,"Habilitado")+COUNTIF(BA44,"Habilitado") -> 1 | BD44: =IF(BC44>=1,"Habilitado","Desierto") -> Habilitado
A45: 43 | B45: Agarosa grado biología molecular Cas 9012-36-6 | C45: Merck, Acumedia, BBL, Sharlau, Sigma | D45: Frasco x 500g | E45: Cumple | F45: Cumple | G45: Cumple | H45: No Aplica | I45: Cumple | J45: No Aplica | K45: 40 | L45: =+K45 -> 40 | M45: Habilitado | V45: =+U45 -> 0 | AF45: =AE45 -> 0 | AP45: =+AO45 -> 0 | AS45: Cumple | AT45: Cumple | AU45: Cumple | AV45: No Aplica | AW45: Cumple | AX45: No Aplica | AY45: 0 | AZ45: =+AY45 -> 0 | BA45: Habilitado | BB45: Se acepta la presentación de 250 g X la cantidad total solicitada en presentación de 500 g sin exceder el precio del item | BC45: =COUNTIF(M45,"Habilitado")+COUNTIF(W45,"Habilitado")+COUNTIF(AG45,"Habilitado")+COUNTIF(AQ45,"Habilitado")+COUNTIF(AS45,"Habilitado")+COUNTIF(BA45,"Habilitado") -> 2 | BD45: =IF(BC45>=1,"Habilitado","Desierto") -> Habilitado
A46: 44 | B46: AgPath-ID(TM) One-step RT-PCR Kit; (100 rxn); | C46: Applied Biosystem Ref. AM1005 | D46: Kit x 100 rxn | E46: Cumple | F46: Cumple | G46: Cumple | H46: No Aplica | I46: Cumple | J46: No Aplica | K46: 40 | L46: =+K46 -> 40 | M46: Habilitado | V46: =+U46 -> 0 | AF46: =AE46 -> 0 | AP46: =+AO46 -> 0 | AZ46: =+AY46 -> 0 | BC46: =COUNTIF(M46,"Habilitado")+COUNTIF(W46,"Habilitado")+COUNTIF(AG46,"Habilitado")+COUNTIF(AQ46,"Habilitado")+COUNTIF(AS46,"Habilitado")+COUNTIF(BA46,"Habilitado") -> 1 | BD46: =IF(BC46>=1,"Habilitado","Desierto") -> Habilitado
A47: 45 | B47: Agua oxigenada Concentracion 3.5 % | C47: JGB | D47: Botella x 500ml | L47: =+K47 -> 0 | V47: =+U47 -> 0 | AF47: =AE47 -> 0 | AP47: =+AO47 -> 0 | AZ47: =+AY47 -> 0 | BC47: =COUNTIF(M47,"Habilitado")+COUNTIF(W47,"Habilitado")+COUNTIF(AG47,"Habilitado")+COUNTIF(AQ47,"Habilitado")+COUNTIF(AS47,"Habilitado")+COUNTIF(BA47,"Habilitado") -> 0 | BD47: =IF(BC47>=1,"Habilitado","Desierto") -> Desierto
A48: 46 | B48: Agua peptonada buferada | C48: Cualquier marca | D48: Frasco x 500g | E48: Cumple | F48: Cumple | G48: Cumple | H48: No Aplica | I48: Cumple | J48: No Aplica | K48: 40 | L48: =+K48 -> 40 | M48: Habilitado | V48: =+U48 -> 0 | Y48: Cumple | Z48: Cumple | AA48: Cumple | AB48: No Aplica | AC48: Cumple | AD48: No Aplica | AE48: 40 | AF48: =AE48 -> 40 | AG48: Habilitado | AI48: Cumple | AJ48: Cumple | AK48: Cumple | AL48: No Aplica | AM48: Cumple | AN48: No Aplica | AO48: 20 | AP48: =+AO48 -> 20 | AQ48: Habilitado | AZ48: =+AY48 -> 0 | BC48: =COUNTIF(M48,"Habilitado")+COUNTIF(W48,"Habilitado")+COUNTIF(AG48,"Habilitado")+COUNTIF(AQ48,"Habilitado")+COUNTIF(AS48,"Habilitado")+COUNTIF(BA48,"Habilitado") -> 3 | BD48: =IF(BC48>=1,"Habilitado","Desierto") -> Habilitado
A49: 47 | B49: Agua ultrapura destilada para uso en Biología Molecular con certificado de libre de RNAsas y DNAsas | C49: Gibco o equivalente | D49: Frasco x 500 ml | L49: =+K49 -> 0 | V49: =+U49 -> 0 | AF49: =AE49 -> 0 | AP49: =+AO49 -> 0 | AZ49: =+AY49 -> 0 | BC49: =COUNTIF(M49,"Habilitado")+COUNTIF(W49,"Habilitado")+COUNTIF(AG49,"Habilitado")+COUNTIF(AQ49,"Habilitado")+COUNTIF(AS49,"Habilitado")+COUNTIF(BA49,"Habilitado") -> 0 | BD49: =IF(BC49>=1,"Habilitado","Desierto") -> Desierto
A50: 48 | B50: Alcohol ácido Ziehl Neelsen | C50: Cualquier marca | D50: Frasco x 1 litro | E50: Cumple | F50: Cumple | G50: Cumple | H50: No Aplica | I50: Cumple | J50: No Aplica | K50: 40 | L50: =+K50 -> 40 | M50: Habilitado | V50: =+U50 -> 0 | Y50: Cumple | Z50: Cumple | AA50: Cumple | AB50: No Aplica | AC50: Cumple | AD50: No Aplica | AE50: 40 | AF50: =AE50 -> 40 | AG50: Habilitado | AP50: =+AO50 -> 0 | AZ50: =+AY50 -> 0 | BC50: =COUNTIF(M50,"Habilitado")+COUNTIF(W50,"Habilitado")+COUNTIF(AG50,"Habilitado")+COUNTIF(AQ50,"Habilitado")+COUNTIF(AS50,"Habilitado")+COUNTIF(BA50,"Habilitado") -> 2 | BD50: =IF(BC50>=1,"Habilitado","Desierto") -> Habilitado
A51: 49 | B51: Alcohol antiséptico al 70% | C51: Cualquier marca | D51: Frasco x 700 o 750 ml | E51: Cumple | F51: Cumple | G51: No Aplica | H51: No Aplica | I51: Cumple | J51: No Aplica | K51: 40 | L51: =+K51 -> 40 | M51: Habilitado | V51: =+U51 -> 0 | Y51: Cumple | Z51: Cumple | AA51: No Aplica | AB51: No Aplica | AC51: Cumple | AD51: No Aplica | AE51: 40 | AF51: =AE51 -> 40 | AG51: Habilitado | AP51: =+AO51 -> 0 | AS51: Cumple | AT51: Cumple | AU51: No Aplica | AV51: No Aplica | AW51: Cumple | AX51: No Aplica | AY51: 0 | AZ51: =+AY51 -> 0 | BA51: Habilitado | BC51: =COUNTIF(M51,"Habilitado")+COUNTIF(W51,"Habilitado")+COUNTIF(AG51,"Habilitado")+COUNTIF(AQ51,"Habilitado")+COUNTIF(AS51,"Habilitado")+COUNTIF(BA51,"Habilitado") -> 3 | BD51: =IF(BC51>=1,"Habilitado","Desierto") -> Habilitado
A52: 50 | B52: Alcohol Etilico grado técnico al 96 % | C52: Cualquier marca | D52: Frasco x 4 litros | E52: Cumple | F52: Cumple | G52: Cumple | H52: No Aplica | I52: Cumple | J52: No Aplica | K52: 40 | L52: =+K52 -> 40 | M52: Habilitado | V52: =+U52 -> 0 | Y52: Cumple | Z52: Cumple | AA52: Cumple | AB52: No Aplica | AC52: Cumple | AD52: No Aplica | AE52: 40 | AF52: =AE52 -> 40 | AG52: Habilitado | AI52: Cumple | AJ52: Cumple | AK52: Cumple | AL52: No Aplica | AM52: Cumple | AN52: No Aplica | AO52: 20 | AP52: =+AO52 -> 20 | AQ52: Habilitado | AS52: Cumple | AT52: Cumple | AU52: Cumple | AV52: No APlica | AW52: Cumple | AX52: No Aplica | AY52: 0 | AZ52: =+AY52 -> 0 | BA52: Habilitado | BC52: =COUNTIF(M52,"Habilitado")+COUNTIF(W52,"Habilitado")+COUNTIF(AG52,"Habilitado")+COUNTIF(AQ52,"Habilitado")+COUNTIF(AS52,"Habilitado")+COUNTIF(BA52,"Habilitado") -> 4 | BD52: =IF(BC52>=1,"Habilitado","Desierto") -> Habilitado
A53: 51 | B53: Alcohol industrial para mechero | C53: Cualquier marca | D53: Frasco x 1 litro | E53: Cumple | F53: Cumple | G53: Cumple | H53: No Aplica | I53: Cumple | J53: No Aplica | K53: 40 | L53: =+K53 -> 40 | M53: Habilitado | V53: =+U53 -> 0 | Y53: Cumple | Z53: Cumple | AA53: No Cumple | AB53: No Aplica | AC53: Cumple | AD53: No Aplica | AE53: 0 | AF53: =AE53 -> 0 | AG53: No habilitado | AH53: No se adjuntó la carta de distribución de Insuquimica | AI53: Cumple | AJ53: Cumple | AK53: Cumple | AL53: No Aplica | AM53: Cumple | AN53: No Aplica | AO53: 20 | AP53: =+AO53 -> 20 | AQ53: Habilitado | AS53: No Cumple | AT53: No Cumple | AU53: No Cumple | AV53: No APlica | AW53: Cumple | AX53: No Aplica | AY53: 0 | AZ53: =+AY53 -> 0 | BA53: No habilitado | BB53: El proponente no anexo ficha del reactivo solicitado | BC53: =COUNTIF(M53,"Habilitado")+COUNTIF(W53,"Habilitado")+COUNTIF(AG53,"Habilitado")+COUNTIF(AQ53,"Habilitado")+COUNTIF(AS53,"Habilitado")+COUNTIF(BA53,"Habilitado") -> 2 | BD53: =IF(BC53>=1,"Habilitado","Desierto") -> Habilitado
A54: 52 | B54: Alcohol isoamilico | C54: Cualquier marca | D54: Frasco x 500 ml | E54: Cumple | F54: Cumple | G54: Cumple | H54: No Aplica | I54: Cumple | J54: No Aplica | K54: 40 | L54: =+K54 -> 40 | M54: Habilitado | V54: =+U54 -> 0 | Y54: Cumple | Z54: Cumple | AA54: Cumple | AB54: No Aplica | AC54: Cumple | AD54: No Aplica | AE54: 40 | AF54: =AE54 -> 40 | AG54: Habilitado | AI54: Cumple | AJ54: Cumple | AK54: Cumple | AL54: No Aplica | AM54: Cumple | AN54: No Aplica | AO54: 20 | AP54: =+AO54 -> 20 | AQ54: Habilitado | AR54: Se acepta la presentación de 1L ofrecida por el proponente, siempre y cuando no se exceda el presupuesto definido para el item | AZ54: =+AY54 -> 0 | BC54: =COUNTIF(M54,"Habilitado")+COUNTIF(W54,"Habilitado")+COUNTIF(AG54,"Habilitado")+COUNTIF(AQ54,"Habilitado")+COUNTIF(AS54,"Habilitado")+COUNTIF(BA54,"Habilitado") -> 3 | BD54: =IF(BC54>=1,"Habilitado","Desierto") -> Habilitado
A55: 53 | B55: Alcohol polivinílico | C55: Merck | D55: Frasco x 100 g | L55: =+K55 -> 0 | V55: =+U55 -> 0 | AF55: =AE55 -> 0 | AP55: =+AO55 -> 0 | AZ55: =+AY55 -> 0 | BC55: =COUNTIF(M55,"Habilitado")+COUNTIF(W55,"Habilitado")+COUNTIF(AG55,"Habilitado")+COUNTIF(AQ55,"Habilitado")+COUNTIF(AS55,"Habilitado")+COUNTIF(BA55,"Habilitado") -> 0 | BD55: =IF(BC55>=1,"Habilitado","Desierto") -> Desierto
A56: 54 | B56: Almidón soluble para análisis con certificado de análisis trazable por lote y descargable mediante el website del fabricante | C56: Cualquier marca | D56: Frasco x 100 g | E56: Cumple | F56: No Cumple | G56: Cumple | H56: No Aplica | I56: Cumple | J56: No Aplica | K56: 40 | L56: =+K56 -> 40 | M56: No habilitado | N56: Se debe presentar certificado trazable por lote y descargable desde website | V56: =+U56 -> 0 | Y56: Cumple | Z56: No Cumple | AA56: Cumple | AB56: No Aplica | AC56: Cumple | AD56: No Aplica | AE56: 0 | AF56: =AE56 -> 0 | AG56: No habilitado | AI56: Cumple | AJ56: Cumple | AK56: Cumple | AL56: No Aplica | AM56: Cumple | AN56: No Aplica | AO56: 20 | AP56: =+AO56 -> 20 | AQ56: Habilitado | AZ56: =+AY56 -> 0 | BC56: =COUNTIF(M56,"Habilitado")+COUNTIF(W56,"Habilitado")+COUNTIF(AG56,"Habilitado")+COUNTIF(AQ56,"Habilitado")+COUNTIF(AS56,"Habilitado")+COUNTIF(BA56,"Habilitado") -> 1 | BD56: =IF(BC56>=1,"Habilitado","Desierto") -> Habilitado
A57: 55 | B57: Aminoácidos NO esenciales | C57: Gibco 11140-050 | D57: Frasco x 100 ml | E57: Cumple | F57: Cumple | G57: Cumple | H57: No Aplica | I57: Cumple | J57: No Aplica | K57: 40 | L57: =+K57 -> 40 | M57: Habilitado | V57: =+U57 -> 0 | AF57: =AE57 -> 0 | AP57: =+AO57 -> 0 | AZ57: =+AY57 -> 0 | BC57: =COUNTIF(M57,"Habilitado")+COUNTIF(W57,"Habilitado")+COUNTIF(AG57,"Habilitado")+COUNTIF(AQ57,"Habilitado")+COUNTIF(AS57,"Habilitado")+COUNTIF(BA57,"Habilitado") -> 1 | BD57: =IF(BC57>=1,"Habilitado","Desierto") -> Habilitado
A58: 56 | B58: Amoniaco 25 % para análisis con certificado de análisis y ficha de seguridad | C58: Cualquier marca | D58: Frasco x 1 litro | E58: Cumple | F58: Cumple | G58: Cumple | H58: No Aplica | I58: Cumple | J58: No Aplica | K58: 40 | L58: =+K58 -> 40 | M58: Habilitado | V58: =+U58 -> 0 | Y58: Cumple | Z58: Cumple | AA58: Cumple | AB58: No Aplica | AC58: Cumple | AD58: No Aplica | AE58: 40 | AF58: =AE58 -> 40 | AG58: Habilitado | AI58: Cumple | AJ58: Cumple | AK58: Cumple | AL58: No Aplica | AM58: Cumple | AN58: No Aplica | AO58: 20 | AP58: =+AO58 -> 20 | AQ58: Habilitado | AZ58: =+AY58 -> 0 | BC58: =COUNTIF(M58,"Habilitado")+COUNTIF(W58,"Habilitado")+COUNTIF(AG58,"Habilitado")+COUNTIF(AQ58,"Habilitado")+COUNTIF(AS58,"Habilitado")+COUNTIF(BA58,"Habilitado") -> 3 | BD58: =IF(BC58>=1,"Habilitado","Desierto") -> Habilitado
A59: 57 | B59: Ampicilina | C59: Sigma A9518-5G | D59: Frasco x 5 g | E59: Cumple | F59: Cumple | G59: Cumple | H59: No Aplica | I59: Cumple | J59: No Aplica | K59: 40 | L59: =+K59 -> 40 | M59: Habilitado | V59: =+U59 -> 0 | AF59: =AE59 -> 0 | AP59: =+AO59 -> 0 | AZ59: =+AY59 -> 0 | BC59: =COUNTIF(M59,"Habilitado")+COUNTIF(W59,"Habilitado")+COUNTIF(AG59,"Habilitado")+COUNTIF(AQ59,"Habilitado")+COUNTIF(AS59,"Habilitado")+COUNTIF(BA59,"Habilitado") -> 1 | BD59: =IF(BC59>=1,"Habilitado","Desierto") -> Habilitado
A60: 58 | B60: Anaerocult A | C60: Merck | D60: Caja x 10 | E60: Cumple | F60: Cumple | G60: Cumple | H60: No Aplica | I60: Cumple | J60: No Aplica | K60: 40 | L60: =+K60 -> 40 | M60: Habilitado | V60: =+U60 -> 0 | AF60: =AE60 -> 0 | AP60: =+AO60 -> 0 | AZ60: =+AY60 -> 0 | BC60: =COUNTIF(M60,"Habilitado")+COUNTIF(W60,"Habilitado")+COUNTIF(AG60,"Habilitado")+COUNTIF(AQ60,"Habilitado")+COUNTIF(AS60,"Habilitado")+COUNTIF(BA60,"Habilitado") -> 1 | BD60: =IF(BC60>=1,"Habilitado","Desierto") -> Habilitado
A61: 59 | B61: Anaerocult C | C61: Merck 16275 | D61: Caja x 5 | E61: Cumple | F61: Cumple | G61: Cumple | H61: No Aplica | I61: Cumple | J61: No Aplica | K61: 40 | L61: =+K61 -> 40 | M61: Habilitado | V61: =+U61 -> 0 | AF61: =AE61 -> 0 | AP61: =+AO61 -> 0 | AS61: Cumple | AT61: Cumple | AU61: Cumple | AV61: No Aplica | AW61: Cumple | AX61: No Aplica | AY61: 0 | AZ61: =+AY61 -> 0 | BA61: Habilitado | BC61: =COUNTIF(M61,"Habilitado")+COUNTIF(W61,"Habilitado")+COUNTIF(AG61,"Habilitado")+COUNTIF(AQ61,"Habilitado")+COUNTIF(AS61,"Habilitado")+COUNTIF(BA61,"Habilitado") -> 2 | BD61: =IF(BC61>=1,"Habilitado","Desierto") -> Habilitado
A62: 60 | B62: Anaerotest indicador anaerobiosis | C62: Merck | D62: Frasco x 50 tiras | E62: Cumple | F62: Cumple | G62: Cumple | H62: Cumple | I62: Cumple | J62: No Aplica | K62: 40 | L62: =+K62 -> 40 | M62: Habilitado | V62: =+U62 -> 0 | AF62: =AE62 -> 0 | AP62: =+AO62 -> 0 | AS62: Cumple | AT62: Cumple | AU62: Cumple | AV62: No Aplica | AW62: Cumple | AX62: No Aplica | AY62: 0 | AZ62: =+AY62 -> 0 | BA62: Habilitado | BC62: =COUNTIF(M62,"Habilitado")+COUNTIF(W62,"Habilitado")+COUNTIF(AG62,"Habilitado")+COUNTIF(AQ62,"Habilitado")+COUNTIF(AS62,"Habilitado")+COUNTIF(BA62,"Habilitado") -> 2 | BD62: =IF(BC62>=1,"Habilitado","Desierto") -> Habilitado
A63: 61 | B63: Anfotericina B solución para cultivo celular | C63: Sigma | D63: Frasco x 50 ml | E63: Cumple | F63: Cumple | G63: Cumple | H63: No Aplica | I63: Cumple | J63: No Aplica | K63: 40 | L63: =+K63 -> 40 | M63: Habilitado | V63: =+U63 -> 0 | AF63: =AE63 -> 0 | AP63: =+AO63 -> 0 | AS63: Cumple | AT63: Cumple | AU63: Cumple | AV63: No Aplica | AW63: Cumple | AX63: No Aplica | AY63: 0 | AZ63: =+AY63 -> 0 | BA63: Habilitado | BC63: =COUNTIF(M63,"Habilitado")+COUNTIF(W63,"Habilitado")+COUNTIF(AG63,"Habilitado")+COUNTIF(AQ63,"Habilitado")+COUNTIF(AS63,"Habilitado")+COUNTIF(BA63,"Habilitado") -> 2 | BD63: =IF(BC63>=1,"Habilitado","Desierto") -> Habilitado
A64: 62 | B64: Antibiotic Antimycotic Solution (100×), Stabilized . with 10,000 units penicillin, 10 mg streptomycin and 25 μg amphotericin B per mL, sterile-filtered, BioReagent, suitable for cell culture | C64: Sigma A5955; Gibco 15240062 | D64: Frasco x 100 ml | L64: =+K64 -> 0 | V64: =+U64 -> 0 | AF64: =AE64 -> 0 | AP64: =+AO64 -> 0 | AZ64: =+AY64 -> 0 | BC64: =COUNTIF(M64,"Habilitado")+COUNTIF(W64,"Habilitado")+COUNTIF(AG64,"Habilitado")+COUNTIF(AQ64,"Habilitado")+COUNTIF(AS64,"Habilitado")+COUNTIF(BA64,"Habilitado") -> 0 | BD64: =IF(BC64>=1,"Habilitado","Desierto") -> Desierto
A65: 63 | B65: Antibiótico ácido Nalidíxico Cas 389-08-2 N8878. 5g | C65: Santa cruz o Sigma | D65: Frasco x 5 g | L65: =+K65 -> 0 | V65: =+U65 -> 0 | AF65: =AE65 -> 0 | AP65: =+AO65 -> 0 | AZ65: =+AY65 -> 0 | BC65: =COUNTIF(M65,"Habilitado")+COUNTIF(W65,"Habilitado")+COUNTIF(AG65,"Habilitado")+COUNTIF(AQ65,"Habilitado")+COUNTIF(AS65,"Habilitado")+COUNTIF(BA65,"Habilitado") -> 0 | BD65: =IF(BC65>=1,"Habilitado","Desierto") -> Desierto
A66: 64 | B66: Antibiótico natamicina=Piramicina Cas 7681-93-8 | C66: Santa cruz o Sigma | D66: Frasco x 25 mg | L66: =+K66 -> 0 | V66: =+U66 -> 0 | AF66: =AE66 -> 0 | AP66: =+AO66 -> 0 | AZ66: =+AY66 -> 0 | BC66: =COUNTIF(M66,"Habilitado")+COUNTIF(W66,"Habilitado")+COUNTIF(AG66,"Habilitado")+COUNTIF(AQ66,"Habilitado")+COUNTIF(AS66,"Habilitado")+COUNTIF(BA66,"Habilitado") -> 0 | BD66: =IF(BC66>=1,"Habilitado","Desierto") -> Desierto
A67: 65 | B67: Antibiotico polimixina B Cas 1405-20-5 P4932-1MU | C67: Santa cruz o Sigma | D67: Frasco x 500 mg o 1MU | L67: =+K67 -> 0 | V67: =+U67 -> 0 | AF67: =AE67 -> 0 | AP67: =+AO67 -> 0 | AZ67: =+AY67 -> 0 | BC67: =COUNTIF(M67,"Habilitado")+COUNTIF(W67,"Habilitado")+COUNTIF(AG67,"Habilitado")+COUNTIF(AQ67,"Habilitado")+COUNTIF(AS67,"Habilitado")+COUNTIF(BA67,"Habilitado") -> 0 | BD67: =IF(BC67>=1,"Habilitado","Desierto") -> Desierto
A68: 66 | B68: Anti-Bovine IgG (whole molecule)−Peroxidase antibody produced in rabbit | C68: SIGMA A8917 | D68: Frascos x 1 ml | L68: =+K68 -> 0 | V68: =+U68 -> 0 | AF68: =AE68 -> 0 | AP68: =+AO68 -> 0 | AZ68: =+AY68 -> 0 | BC68: =COUNTIF(M68,"Habilitado")+COUNTIF(W68,"Habilitado")+COUNTIF(AG68,"Habilitado")+COUNTIF(AQ68,"Habilitado")+COUNTIF(AS68,"Habilitado")+COUNTIF(BA68,"Habilitado") -> 0 | BD68: =IF(BC68>=1,"Habilitado","Desierto") -> Desierto
A69: 67 | B69: Antigeno Brucelosis para el test de FC 100 ml | C69: ID VET | D69: Frasco X 40000 reacciones | E69: Cumple | F69: Cumple | G69: Cumple | H69: No Aplica | I69: Cumple | J69: No Aplica | K69: 40 | L69: =+K69 -> 40 | M69: Habilitado | V69: =+U69 -> 0 | AF69: =AE69 -> 0 | AP69: =+AO69 -> 0 | AZ69: =+AY69 -> 0 | BC69: =COUNTIF(M69,"Habilitado")+COUNTIF(W69,"Habilitado")+COUNTIF(AG69,"Habilitado")+COUNTIF(AQ69,"Habilitado")+COUNTIF(AS69,"Habilitado")+COUNTIF(BA69,"Habilitado") -> 1 | BD69: =IF(BC69>=1,"Habilitado","Desierto") -> Habilitado
A70: 68 | B70: Antigeno H5N9 Influenza Aviar | C70: INSTITUTO ZOOPROFILACTICO DE VENEZIA | D70: Frasco liofilizado x 1 ml | E70: Cumple | F70: Cumple | G70: Cumple | H70: No Aplica | I70: Cumple | J70: No Aplica | K70: 40 | L70: =+K70 -> 40 | M70: Habilitado | V70: =+U70 -> 0 | AF70: =AE70 -> 0 | AP70: =+AO70 -> 0 | AZ70: =+AY70 -> 0 | BC70: =COUNTIF(M70,"Habilitado")+COUNTIF(W70,"Habilitado")+COUNTIF(AG70,"Habilitado")+COUNTIF(AQ70,"Habilitado")+COUNTIF(AS70,"Habilitado")+COUNTIF(BA70,"Habilitado") -> 1 | BD70: =IF(BC70>=1,"Habilitado","Desierto") -> Habilitado
A71: 69 | B71: Antigeno H6N2 Influenza Aviar | C71: INSTITUTO ZOOPROFILACTICO DE VENEZIA | D71: Frasco liofilizado x 1 ml | E71: Cumple | F71: Cumple | G71: Cumple | H71: No Aplica | I71: Cumple | J71: No Aplica | K71: 40 | L71: =+K71 -> 40 | M71: Habilitado | V71: =+U71 -> 0 | AF71: =AE71 -> 0 | AP71: =+AO71 -> 0 | AZ71: =+AY71 -> 0 | BC71: =COUNTIF(M71,"Habilitado")+COUNTIF(W71,"Habilitado")+COUNTIF(AG71,"Habilitado")+COUNTIF(AQ71,"Habilitado")+COUNTIF(AS71,"Habilitado")+COUNTIF(BA71,"Habilitado") -> 1 | BD71: =IF(BC71>=1,"Habilitado","Desierto") -> Habilitado
A72: 70 | B72: Antigeno H7N3 Influenza Aviar | C72: INSTITUTO ZOOPROFILACTICO DE VENEZIA | D72: Frasco liofilizado x 1 ml | L72: =+K72 -> 0 | V72: =+U72 -> 0 | AF72: =AE72 -> 0 | AP72: =+AO72 -> 0 | AZ72: =+AY72 -> 0 | BC72: =COUNTIF(M72,"Habilitado")+COUNTIF(W72,"Habilitado")+COUNTIF(AG72,"Habilitado")+COUNTIF(AQ72,"Habilitado")+COUNTIF(AS72,"Habilitado")+COUNTIF(BA72,"Habilitado") -> 0 | BD72: =IF(BC72>=1,"Habilitado","Desierto") -> Desierto
A73: 71 | B73: Antigeno H9N2 Influenza Aviar | C73: INSTITUTO ZOOPROFILACTICO DE VENEZIA | D73: Frasco liofilizado x 1 ml | L73: =+K73 -> 0 | V73: =+U73 -> 0 | AF73: =AE73 -> 0 | AP73: =+AO73 -> 0 | AZ73: =+AY73 -> 0 | BC73: =COUNTIF(M73,"Habilitado")+COUNTIF(W73,"Habilitado")+COUNTIF(AG73,"Habilitado")+COUNTIF(AQ73,"Habilitado")+COUNTIF(AS73,"Habilitado")+COUNTIF(BA73,"Habilitado") -> 0 | BD73: =IF(BC73>=1,"Habilitado","Desierto") -> Desierto
A74: 72 | B74: Antiserum Fimbrex F4 (k88) | C74: Lesniak PA0263 VLA | D74: Kit | L74: =+K74 -> 0 | V74: =+U74 -> 0 | AF74: =AE74 -> 0 | AP74: =+AO74 -> 0 | AZ74: =+AY74 -> 0 | BC74: =COUNTIF(M74,"Habilitado")+COUNTIF(W74,"Habilitado")+COUNTIF(AG74,"Habilitado")+COUNTIF(AQ74,"Habilitado")+COUNTIF(AS74,"Habilitado")+COUNTIF(BA74,"Habilitado") -> 0 | BD74: =IF(BC74>=1,"Habilitado","Desierto") -> Desierto
A75: 73 | B75: Antiserum Fimbrex F41 | C75: Lesniak PA0262 VLA | D75: Kit | L75: =+K75 -> 0 | V75: =+U75 -> 0 | AF75: =AE75 -> 0 | AP75: =+AO75 -> 0 | AZ75: =+AY75 -> 0 | BC75: =COUNTIF(M75,"Habilitado")+COUNTIF(W75,"Habilitado")+COUNTIF(AG75,"Habilitado")+COUNTIF(AQ75,"Habilitado")+COUNTIF(AS75,"Habilitado")+COUNTIF(BA75,"Habilitado") -> 0 | BD75: =IF(BC75>=1,"Habilitado","Desierto") -> Desierto
A76: 74 | B76: Antiserum Fimbrex F5 (k99) | C76: Lesniak PA0261 VLA | D76: Kit | L76: =+K76 -> 0 | V76: =+U76 -> 0 | AF76: =AE76 -> 0 | AP76: =+AO76 -> 0 | AZ76: =+AY76 -> 0 | BC76: =COUNTIF(M76,"Habilitado")+COUNTIF(W76,"Habilitado")+COUNTIF(AG76,"Habilitado")+COUNTIF(AQ76,"Habilitado")+COUNTIF(AS76,"Habilitado")+COUNTIF(BA76,"Habilitado") -> 0 | BD76: =IF(BC76>=1,"Habilitado","Desierto") -> Desierto
A77: 75 | B77: API 20 E con reactivos reveladores (James, TDA, VP1,VP2, Solución salina 0,85%) | C77: Biomerieux | D77: Caja x 25 galerías | E77: Cumple | F77: Cumple | G77: Cumple | H77: No Aplica | I77: Cumple | J77: No Aplica | K77: 40 | L77: =+K77 -> 40 | M77: Habilitado | V77: =+U77 -> 0 | AF77: =AE77 -> 0 | AP77: =+AO77 -> 0 | AZ77: =+AY77 -> 0 | BC77: =COUNTIF(M77,"Habilitado")+COUNTIF(W77,"Habilitado")+COUNTIF(AG77,"Habilitado")+COUNTIF(AQ77,"Habilitado")+COUNTIF(AS77,"Habilitado")+COUNTIF(BA77,"Habilitado") -> 1 | BD77: =IF(BC77>=1,"Habilitado","Desierto") -> Habilitado
A78: 76 | B78: Armored RNA Enterovirus x 250 ult Asuragen. Ref 42050 | C78: Asuragen Ref 42050 | D78: kit x 250ul | E78: Cumple | F78: Cumple | G78: No Cumple | H78: No Aplica | I78: Cumple | J78: No Aplica | K78: 0 | L78: =+K78 -> 0 | M78: No habilitado | N78: El proponente no entrego carta de distribución | V78: =+U78 -> 0 | AF78: =AE78 -> 0 | AP78: =+AO78 -> 0 | AZ78: =+AY78 -> 0 | BC78: =COUNTIF(M78,"Habilitado")+COUNTIF(W78,"Habilitado")+COUNTIF(AG78,"Habilitado")+COUNTIF(AQ78,"Habilitado")+COUNTIF(AS78,"Habilitado")+COUNTIF(BA78,"Habilitado") -> 0 | BD78: =IF(BC78>=1,"Habilitado","Desierto") -> Desierto
A79: 77 | B79: Azúcar | C79: Cualquier marca | D79: Bolsa x 25 Lbs | E79: Cumple | F79: Cumple | G79: No Aplica | H79: No Aplica | I79: Cumple | J79: No Aplica | K79: 40 | L79: =+K79 -> 40 | M79: Habilitado | V79: =+U79 -> 0 | Y79: Cumple | Z79: Cumple | AA79: No Aplica | AB79: No Aplica | AC79: Cumple | AD79: No Aplica | AE79: 40 | AF79: =AE79 -> 40 | AG79: Habilitado | AP79: =+AO79 -> 0 | AS79: Cumple | AT79: Cumple | AU79: No Aplica | AV79: No Aplica | AW79: Cumple | AX79: No Aplica | AY79: 0 | AZ79: =+AY79 -> 0 | BA79: Habilitado | BC79: =COUNTIF(M79,"Habilitado")+COUNTIF(W79,"Habilitado")+COUNTIF(AG79,"Habilitado")+COUNTIF(AQ79,"Habilitado")+COUNTIF(AS79,"Habilitado")+COUNTIF(BA79,"Habilitado") -> 3 | BD79: =IF(BC79>=1,"Habilitado","Desierto") -> Habilitado
A80: 78 | B80: Azul de Algodón | C80: Cualquier marca | D80: Frasco x 5 g | L80: =+K80 -> 0 | V80: =+U80 -> 0 | Y80: Cumple | Z80: Cumple | AA80: Cumple | AB80: No Aplica | AC80: Cumple | AD80: No Aplica | AE80: 40 | AF80: =AE80 -> 40 | AG80: Habilitado | AP80: =+AO80 -> 0 | AZ80: =+AY80 -> 0 | BC80: =COUNTIF(M80,"Habilitado")+COUNTIF(W80,"Habilitado")+COUNTIF(AG80,"Habilitado")+COUNTIF(AQ80,"Habilitado")+COUNTIF(AS80,"Habilitado")+COUNTIF(BA80,"Habilitado") -> 1 | BD80: =IF(BC80>=1,"Habilitado","Desierto") -> Habilitado
A81: 79 | B81: Azul de anilina soluble en agua, de alta pureza, C32H25N3Na2O9S3 F.W.737.72 [28631-66-5] | C81: Cualquier marca | D81: Frasco x 100 g | E81: Cumple | F81: Cumple | G81: Cumple | H81: No Aplica | I81: Cumple | J81: No Aplica | K81: 40 | L81: =+K81 -> 40 | M81: Habilitado | V81: =+U81 -> 0 | Y81: Cumple | Z81: Cumple | AA81: Cumple | AB81: No Aplica | AC81: Cumple | AD81: No Aplica | AE81: 40 | AF81: =AE81 -> 40 | AG81: Habilitado | AI81: Cumple | AJ81: Cumple | AK81: Cumple | AL81: No Aplica | AM81: Cumple | AN81: No Aplica | AO81: 20 | AP81: =+AO81 -> 20 | AQ81: Habilitado | AZ81: =+AY81 -> 0 | BC81: =COUNTIF(M81,"Habilitado")+COUNTIF(W81,"Habilitado")+COUNTIF(AG81,"Habilitado")+COUNTIF(AQ81,"Habilitado")+COUNTIF(AS81,"Habilitado")+COUNTIF(BA81,"Habilitado") -> 3 | BD81: =IF(BC81>=1,"Habilitado","Desierto") -> Habilitado
A82: 80 | B82: Azul de bromotimol | C82: Cualquier marca | D82: Frasco x 5 g | E82: Cumple | F82: Cumple | G82: Cumple | H82: No Aplica | I82: Cumple | J82: No Aplica | K82: 40 | L82: =+K82 -> 40 | M82: Habilitado | V82: =+U82 -> 0 | Y82: Cumple | Z82: Cumple | AA82: Cumple | AB82: No Aplica | AC82: Cumple | AD82: No Aplica | AE82: 40 | AF82: =AE82 -> 40 | AG82: Habilitado | AI82: Cumple | AJ82: Cumple | AK82: Cumple | AL82: No Aplica | AM82: Cumple | AN82: No Aplica | AO82: 20 | AP82: =+AO82 -> 20 | AQ82: Habilitado | AZ82: =+AY82 -> 0 | BC82: =COUNTIF(M82,"Habilitado")+COUNTIF(W82,"Habilitado")+COUNTIF(AG82,"Habilitado")+COUNTIF(AQ82,"Habilitado")+COUNTIF(AS82,"Habilitado")+COUNTIF(BA82,"Habilitado") -> 3 | BD82: =IF(BC82>=1,"Habilitado","Desierto") -> Habilitado
A83: 81 | B83: Azul de lactofenol con certificado de análisis y ficha de seguridad | C83: Cualquier marca | D83: Frasco x 100 ml | E83: Cumple | F83: Cumple | G83: Cumple | H83: No Aplica | I83: Cumple | J83: No Aplica | K83: 40 | L83: =+K83 -> 40 | M83: Habilitado | V83: =+U83 -> 0 | Y83: Cumple | Z83: Cumple | AA83: Cumple | AB83: No Aplica | AC83: Cumple | AD83: No Aplica | AE83: 40 | AF83: =AE83 -> 40 | AG83: Habilitado | AI83: Cumple | AJ83: Cumple | AK83: Cumple | AL83: No Aplica | AM83: Cumple | AN83: No Aplica | AO83: 20 | AP83: =+AO83 -> 20 | AQ83: Habilitado | AZ83: =+AY83 -> 0 | BC83: =COUNTIF(M83,"Habilitado")+COUNTIF(W83,"Habilitado")+COUNTIF(AG83,"Habilitado")+COUNTIF(AQ83,"Habilitado")+COUNTIF(AS83,"Habilitado")+COUNTIF(BA83,"Habilitado") -> 3 | BD83: =IF(BC83>=1,"Habilitado","Desierto") -> Habilitado
A84: 82 | B84: Azul de Metileno | C84: Sigma Aldrich / Merck / JT Baker | D84: Frasco X 25 g | E84: Cumple | F84: Cumple | G84: Cumple | H84: No Aplica | I84: Cumple | J84: No Aplica | K84: 0 | L84: =+K84 -> 0 | M84: Habilitado | V84: =+U84 -> 0 | AF84: =AE84 -> 0 | AI84: Cumple | AJ84: Cumple | AK84: Cumple | AL84: No Aplica | AM84: Cumple | AN84: No Aplica | AO84: 20 | AP84: =+AO84 -> 20 | AQ84: Habilitado | AZ84: =+AY84 -> 0 | BC84: =COUNTIF(M84,"Habilitado")+COUNTIF(W84,"Habilitado")+COUNTIF(AG84,"Habilitado")+COUNTIF(AQ84,"Habilitado")+COUNTIF(AS84,"Habilitado")+COUNTIF(BA84,"Habilitado") -> 2 | BD84: =IF(BC84>=1,"Habilitado","Desierto") -> Habilitado
A85: 83 | B85: Azul de metileno Ziehl Neelsen | C85: Cualquier marca | D85: Frasco x 1 litro | E85: Cumple | F85: Cumple | G85: Cumple | H85: No Aplica | I85: Cumple | J85: No Aplica | K85: 40 | L85: =+K85 -> 40 | M85: Habilitado | V85: =+U85 -> 0 | Y85: Cumple | Z85: Cumple | AA85: Cumple | AB85: No Aplica | AC85: Cumple | AD85: No Aplica | AE85: 40 | AF85: =AE85 -> 40 | AG85: Habilitado | AP85: =+AO85 -> 0 | AZ85: =+AY85 -> 0 | BC85: =COUNTIF(M85,"Habilitado")+COUNTIF(W85,"Habilitado")+COUNTIF(AG85,"Habilitado")+COUNTIF(AQ85,"Habilitado")+COUNTIF(AS85,"Habilitado")+COUNTIF(BA85,"Habilitado") -> 2 | BD85: =IF(BC85>=1,"Habilitado","Desierto") -> Habilitado
A86: 84 | B86: Azul de nilo | C86: Cualquier marca | D86: Frasco x 5 g | E86: Cumple | F86: Cumple | G86: Cumple | H86: No Aplica | I86: Cumple | J86: No Aplica | K86: 40 | L86: =+K86 -> 40 | M86: Habilitado | V86: =+U86 -> 0 | Y86: Cumple | Z86: Cumple | AA86: Cumple | AB86: No Aplica | AC86: Cumple | AD86: No Aplica | AE86: 40 | AF86: =AE86 -> 40 | AG86: Habilitado | AP86: =+AO86 -> 0 | AZ86: =+AY86 -> 0 | BC86: =COUNTIF(M86,"Habilitado")+COUNTIF(W86,"Habilitado")+COUNTIF(AG86,"Habilitado")+COUNTIF(AQ86,"Habilitado")+COUNTIF(AS86,"Habilitado")+COUNTIF(BA86,"Habilitado") -> 2 | BD86: =IF(BC86>=1,"Habilitado","Desierto") -> Habilitado
A87: 85 | B87: Azure II eosin | C87: Sigma Aldrich / Merck / JT Baker | D87: Frasco X 25 g | L87: =+K87 -> 0 | V87: =+U87 -> 0 | AF87: =AE87 -> 0 | AP87: =+AO87 -> 0 | AZ87: =+AY87 -> 0 | BC87: =COUNTIF(M87,"Habilitado")+COUNTIF(W87,"Habilitado")+COUNTIF(AG87,"Habilitado")+COUNTIF(AQ87,"Habilitado")+COUNTIF(AS87,"Habilitado")+COUNTIF(BA87,"Habilitado") -> 0 | BD87: =IF(BC87>=1,"Habilitado","Desierto") -> Desierto
A88: 86 | B88: Bacitracina | C88: Cualquier marca | D88: Frasco x 5 g | E88: Cumple | F88: Cumple | G88: Cumple | H88: No Aplica | I88: Cumple | J88: No Aplica | K88: 40 | L88: =+K88 -> 40 | M88: Habilitado | V88: =+U88 -> 0 | AF88: =AE88 -> 0 | AP88: =+AO88 -> 0 | AZ88: =+AY88 -> 0 | BC88: =COUNTIF(M88,"Habilitado")+COUNTIF(W88,"Habilitado")+COUNTIF(AG88,"Habilitado")+COUNTIF(AQ88,"Habilitado")+COUNTIF(AS88,"Habilitado")+COUNTIF(BA88,"Habilitado") -> 1 | BD88: =IF(BC88>=1,"Habilitado","Desierto") -> Habilitado
A89: 87 | B89: Bacto peptona | C89: Difco 21677 | D89: Frasco x 500 g | E89: Cumple | F89: No Cumple | G89: Cumple | H89: No Aplica | I89: Cumple | J89: No Aplica | K89: 40 | L89: =+K89 -> 40 | M89: No habilitado | N89: No es la que solicita | V89: =+U89 -> 0 | AF89: =AE89 -> 0 | AP89: =+AO89 -> 0 | AZ89: =+AY89 -> 0 | BC89: =COUNTIF(M89,"Habilitado")+COUNTIF(W89,"Habilitado")+COUNTIF(AG89,"Habilitado")+COUNTIF(AQ89,"Habilitado")+COUNTIF(AS89,"Habilitado")+COUNTIF(BA89,"Habilitado") -> 0 | BD89: =IF(BC89>=1,"Habilitado","Desierto") -> Desierto
A90: 88 | B90: Bálsamo de Canadá (Reactivo para entomología). Resina espesa derivada del Abeto, con índice de refracción 90% admisible con el vidrio usado en microscopia para el montaje permanente y observación de estructuras de moscas de la fruta y de insectos en general | C90: Biopack o equivalente | D90: Frasco x 100 ml | E90: Cumple | F90: Cumple | G90: Cumple | H90: No Aplica | I90: Cumple | J90: No Aplica | K90: 40 | L90: =+K90 -> 40 | M90: Habilitado | V90: =+U90 -> 0 | AF90: =AE90 -> 0 | AP90: =+AO90 -> 0 | AS90: Cumple | AT90: Cumple | AU90: Cumple | AV90: No Aplica | AW90: Cumple | AX90: No Aplica | AY90: 0 | AZ90: =+AY90 -> 0 | BA90: Habilitado | BC90: =COUNTIF(M90,"Habilitado")+COUNTIF(W90,"Habilitado")+COUNTIF(AG90,"Habilitado")+COUNTIF(AQ90,"Habilitado")+COUNTIF(AS90,"Habilitado")+COUNTIF(BA90,"Habilitado") -> 2 | BD90: =IF(BC90>=1,"Habilitado","Desierto") -> Habilitado
A91: 89 | B91: Base para Primers 200mM | C91: IDT | D91: Base | L91: =+K91 -> 0 | V91: =+U91 -> 0 | AF91: =AE91 -> 0 | AP91: =+AO91 -> 0 | AZ91: =+AY91 -> 0 | BC91: =COUNTIF(M91,"Habilitado")+COUNTIF(W91,"Habilitado")+COUNTIF(AG91,"Habilitado")+COUNTIF(AQ91,"Habilitado")+COUNTIF(AS91,"Habilitado")+COUNTIF(BA91,"Habilitado") -> 0 | BD91: =IF(BC91>=1,"Habilitado","Desierto") -> Desierto
A92: 90 | B92: BBL Crystal ANR | C92: 245010 BBL | D92: Kit x 20 pruebas | E92: Cumple | F92: Cumple | G92: Cumple | H92: No Aplica | I92: Cumple | J92: No Aplica | K92: 40 | L92: =+K92 -> 40 | M92: Habilitado | V92: =+U92 -> 0 | AF92: =AE92 -> 0 | AP92: =+AO92 -> 0 | AZ92: =+AY92 -> 0 | BC92: =COUNTIF(M92,"Habilitado")+COUNTIF(W92,"Habilitado")+COUNTIF(AG92,"Habilitado")+COUNTIF(AQ92,"Habilitado")+COUNTIF(AS92,"Habilitado")+COUNTIF(BA92,"Habilitado") -> 1 | BD92: =IF(BC92>=1,"Habilitado","Desierto") -> Habilitado
A93: 91 | B93: BBL Crystal Entericos / No Fermentadores | C93: BD 245000 | D93: Caja x 20 | E93: Cumple | F93: Cumple | G93: Cumple | H93: No Aplica | I93: Cumple | J93: No Aplica | K93: 40 | L93: =+K93 -> 40 | M93: Habilitado | V93: =+U93 -> 0 | AF93: =AE93 -> 0 | AP93: =+AO93 -> 0 | AZ93: =+AY93 -> 0 | BC93: =COUNTIF(M93,"Habilitado")+COUNTIF(W93,"Habilitado")+COUNTIF(AG93,"Habilitado")+COUNTIF(AQ93,"Habilitado")+COUNTIF(AS93,"Habilitado")+COUNTIF(BA93,"Habilitado") -> 1 | BD93: =IF(BC93>=1,"Habilitado","Desierto") -> Habilitado
A94: 92 | B94: BBL Crystal gram positivos | C94: 245140 BBL | D94: Kit x 20 pruebas | E94: Cumple | F94: Cumple | G94: Cumple | H94: No Aplica | I94: Cumple | J94: No Aplica | K94: 40 | L94: =+K94 -> 40 | M94: Habilitado | V94: =+U94 -> 0 | AF94: =AE94 -> 0 | AP94: =+AO94 -> 0 | AZ94: =+AY94 -> 0 | BC94: =COUNTIF(M94,"Habilitado")+COUNTIF(W94,"Habilitado")+COUNTIF(AG94,"Habilitado")+COUNTIF(AQ94,"Habilitado")+COUNTIF(AS94,"Habilitado")+COUNTIF(BA94,"Habilitado") -> 1 | BD94: =IF(BC94>=1,"Habilitado","Desierto") -> Habilitado
A95: 93 | B95: Beta - glucoronidasa tipo HP-2s de helix Pomatia, Type HP-2S, aqueous solution, ≥100,000 units/ml con fecha de vencimiento no menor a Diciembre de 2021 | C95: Sigma G7770 | D95: Frasco x 10 ml | E95: Cumple | F95: Cumple | G95: Cumple | H95: No Aplica | I95: Cumple | J95: No Aplica | K95: 0 | L95: =+K95 -> 0 | M95: Habilitado | V95: =+U95 -> 0 | AF95: =AE95 -> 0 | AP95: =+AO95 -> 0 | AS95: Cumple | AT95: Cumple | AU95: Cumple | AV95: No Aplica | AW95: Cumple | AX95: No Aplica | AY95: 0 | AZ95: =+AY95 -> 0 | BA95: Habilitado | BC95: =COUNTIF(M95,"Habilitado")+COUNTIF(W95,"Habilitado")+COUNTIF(AG95,"Habilitado")+COUNTIF(AQ95,"Habilitado")+COUNTIF(AS95,"Habilitado")+COUNTIF(BA95,"Habilitado") -> 2 | BD95: =IF(BC95>=1,"Habilitado","Desierto") -> Habilitado
A96: 94 | B96: Betaína | C96: Cualquier marca | E96: Cumple | F96: Cumple | G96: Cumple | H96: No Aplica | I96: Cumple | J96: No Aplica | K96: 40 | L96: =+K96 -> 40 | M96: Habilitado | V96: =+U96 -> 0 | AF96: =AE96 -> 0 | AP96: =+AO96 -> 0 | AZ96: =+AY96 -> 0 | BC96: =COUNTIF(M96,"Habilitado")+COUNTIF(W96,"Habilitado")+COUNTIF(AG96,"Habilitado")+COUNTIF(AQ96,"Habilitado")+COUNTIF(AS96,"Habilitado")+COUNTIF(BA96,"Habilitado") -> 1 | BD96: =IF(BC96>=1,"Habilitado","Desierto") -> Habilitado
A97: 95 | B97: Bicarbonato de sodio anhidro con certificado de análisis | C97: Merck 106329,1000 | D97: Frasco x 1 k | L97: =+K97 -> 0 | V97: =+U97 -> 0 | AF97: =AE97 -> 0 | AP97: =+AO97 -> 0 | AZ97: =+AY97 -> 0 | BC97: =COUNTIF(M97,"Habilitado")+COUNTIF(W97,"Habilitado")+COUNTIF(AG97,"Habilitado")+COUNTIF(AQ97,"Habilitado")+COUNTIF(AS97,"Habilitado")+COUNTIF(BA97,"Habilitado") -> 0 | BD97: =IF(BC97>=1,"Habilitado","Desierto") -> Desierto
A98: 96 | B98: Bolsa para sangría con anticoagulante EDTA | C98: Baxter o similar | D98: Caja x 64 | L98: =+K98 -> 0 | V98: =+U98 -> 0 | AF98: =AE98 -> 0 | AP98: =+AO98 -> 0 | AZ98: =+AY98 -> 0 | BC98: =COUNTIF(M98,"Habilitado")+COUNTIF(W98,"Habilitado")+COUNTIF(AG98,"Habilitado")+COUNTIF(AQ98,"Habilitado")+COUNTIF(AS98,"Habilitado")+COUNTIF(BA98,"Habilitado") -> 0 | BD98: =IF(BC98>=1,"Habilitado","Desierto") -> Desierto
A99: 97 | B99: Bondesil C18 bulk sorbent, 40 μm, 100 g Ref. 12213012 | C99: Agilent o equivalente | D99: Frasco 100 g | L99: =+K99 -> 0 | V99: =+U99 -> 0 | AF99: =AE99 -> 0 | AP99: =+AO99 -> 0 | AZ99: =+AY99 -> 0 | BC99: =COUNTIF(M99,"Habilitado")+COUNTIF(W99,"Habilitado")+COUNTIF(AG99,"Habilitado")+COUNTIF(AQ99,"Habilitado")+COUNTIF(AS99,"Habilitado")+COUNTIF(BA99,"Habilitado") -> 0 | BD99: =IF(BC99>=1,"Habilitado","Desierto") -> Desierto
A100: 98 | B100: Bondesil-PSA, 40 µm | C100: Agilent / Merck o equivalente | D100: Frasco x 100g | E100: Cumple | F100: Cumple | G100: Cumple | H100: No Aplica | I100: Cumple | J100: No Aplica | K100: 40 | L100: =+K100 -> 40 | M100: Habilitado | V100: =+U100 -> 0 | AF100: =AE100 -> 0 | AP100: =+AO100 -> 0 | AZ100: =+AY100 -> 0 | BC100: =COUNTIF(M100,"Habilitado")+COUNTIF(W100,"Habilitado")+COUNTIF(AG100,"Habilitado")+COUNTIF(AQ100,"Habilitado")+COUNTIF(AS100,"Habilitado")+COUNTIF(BA100,"Habilitado") -> 1 | BD100: =IF(BC100>=1,"Habilitado","Desierto") -> Habilitado
...

Sheet Cotizaciones_Elementos
A1: Ítem | B1: Descripción técnica | C1: Marca | D1: Presentación | E1: 1.03 | F1: Información 2018 | H1: Información 2019 | J1: Información 2020 | L1: PROMEDIO 2018 - 2020 + IPC | N1: DISPROQUILAB LIMITADA | T1: ELEMENTOS QUIMICOS | Z1: SUMINISTROS CLÍNICOS ISLA S.A.S. | AF1: LABBRANDS | AL1: PURIFICACIÓN Y ANÁLISIS | AR1: SADIREP | AX1: QUIMIOLAB | BD1: SANITAS S.A.S | BJ1: AVANTIKA COLOMBIA SAS | BP1: Inversiones Jimsa Ltda | BV1: MYC LAB S.A.S | CB1: INSOLAB | CH1: CASA CIENTIFICA BLANCO Y COMPAÑÍA S.A.S | CN1: Consosorcio CC | CT1: Bioplast | ED1: SUMA TOTAL | EE1: Cantidad de cotizaciones | EF1: PROMEDIO
E2: Cantidad TOTAL | F2: Valor unitario con IVA | G2: ADJUDICACIÓN VR. UNIT. | H2: Valor unitario con IVA | I2: ADJUDICACIÓN VR. UNIT. | J2: Valor unitario con IVA | K2: ADJUDICACIÓN VR. UNIT. | L2: Valor unitario con IVA | M2: ADJUDICACIÓN VR. UNIT. | N2: Vlr. Unitario Sin IVA | O2: IVA | P2: Valor unitario con IVA | Q2: Presentación | R2: Marca | S2: Observaciones | T2: Vlr. Unitario Sin IVA | U2: IVA | V2: Valor unitario con IVA | W2: Presentación | X2: Marca | Y2: Observaciones | Z2: Vlr. Unitario Sin IVA | AA2: IVA | AB2: Valor unitario con IVA | AC2: Presentación | AD2: Marca | AE2: Observaciones | AF2: Vlr. Unitario Sin IVA | AG2: IVA | AH2: Valor unitario con IVA | AI2: Presentación | AJ2: Marca | AK2: Observaciones | AL2: Vlr. Unitario Sin IVA | AM2: IVA | AN2: Valor unitario con IVA | AO2: Presentación | AP2: Marca | AQ2: Observaciones | AR2: Vlr. Unitario Sin IVA | AS2: IVA | AT2: Valor unitario con IVA | AU2: Presentación | AV2: Marca | AW2: Observaciones | AX2: Vlr. Unitario Sin IVA | AY2: IVA | AZ2: Valor unitario con IVA | BA2: Presentación | BB2: Marca | BC2: Observaciones | BD2: Vlr. Unitario Sin IVA | BE2: IVA | BF2: Valor unitario con IVA | BG2: Presentación | BH2: Marca | BI2: Observaciones | BJ2: Vlr. Unitario Sin IVA | BK2: IVA | BL2: Valor unitario con IVA | BM2: Presentación | BN2: Marca | BO2: Observaciones | BP2: Vlr. Unitario Sin IVA | BQ2: IVA | BR2: Valor unitario con IVA | BS2: Presentación | BT2: Marca | BU2: Observaciones | BV2: Vlr. Unitario Sin IVA | BW2: IVA | BX2: Valor unitario con IVA | BY2: Presentación | BZ2: Marca | CA2: Observaciones | CB2: Vlr. Unitario Sin IVA | CC2: IVA | CD2: Valor unitario con IVA | CE2: Presentación | CF2: Marca | CG2: Observaciones | CH2: Vlr. Unitario Sin IVA | CI2: IVA | CJ2: Valor unitario con IVA | CK2: Presentación | CL2: Marca | CM2: Observaciones | CN2: Vlr. Unitario Sin IVA | CO2: IVA | CP2: Valor unitario con IVA | CQ2: Presentación | CR2: Marca | CS2: Observaciones | CT2: Vlr. Unitario Sin IVA | CU2: IVA | CV2: Valor unitario con IVA | CW2: Presentación | CX2: Marca | CY2: Observaciones | CZ2: Vlr. Unitario Sin IVA | DA2: IVA | DB2: Valor unitario con IVA | DC2: Presentación | DD2: Marca | DE2: Observaciones | DF2: Vlr. Unitario Sin IVA | DG2: IVA | DH2: Valor unitario con IVA | DI2: Presentación | DJ2: Marca | DK2: Observaciones | DL2: Vlr. Unitario Sin IVA | DM2: IVA | DN2: Valor unitario con IVA | DO2: Presentación | DP2: Marca | DQ2: Observaciones | DR2: Vlr. Unitario Sin IVA | DS2: IVA | DT2: Valor unitario con IVA | DU2: Presentación | DV2: Marca | DW2: Observaciones | DX2: Vlr. Unitario Sin IVA | DY2: IVA | DZ2: Valor unitario con IVA | EA2: Presentación | EB2: Marca | EC2: Observaciones
A3: =Distribución_Elementos!A3 -> 1 | B3: =Distribución_Elementos!B3 -> 1/4" CERAMIC SPHERE (esferas de ceramica) | C3: =Distribución_Elementos!C3 -> MP BIOMEDICALS ref 116540424 | D3: =Distribución_Elementos!D3 -> 100 each | E3: 1 | F3: 0 | G3: 0 | H3: 0 | I3: 0 | J3: 593512.5 | K3: 0 | L3: =J3 -> 593512.5 | AX3: 747000 | AY3: =+AX3*0.19 -> 141930 | AZ3: =+AX3+AY3 -> 888930 | BA3: 100 each | BB3: MP Biomedicals | BJ3: 1673300 | BK3: =+BJ3*0.19 -> 317927 | BL3: =+BJ3+BK3 -> 1991227 | BM3: 100 por bolsas | BN3: MP BIOMEDICALS | BV3: 1972338.8 | BW3: =+BV3*0.19 -> 374744.37 | BX3: =+BV3+BW3 -> 2347083.2 | BY3: 100 por bolsas | BZ3: MP BIOMEDICALS | ED3: =SUM(M3,P3,V3,AB3,AH3,AN3,AT3,AZ3,BF3,BL3,BR3,BX3,CD3,CJ3,CP3,CV3,DB3,DH3,DN3,DT3,DZ3) -> 5227240.2 | EE3: =COUNTA(M3,N3,T3,Z3,AF3,AL3,AR3,AX3,BD3,BJ3,BP3,BV3,CB3,CH3,CN3,CT3,CZ3,DF3,DL3,DR3,DX3) -> 3 | EF3: =IFERROR(ED3/EE3," ") -> 1742413.4
A4: =Distribución_Elementos!A4 -> 2 | B4: =Distribución_Elementos!B4 -> 15ml Conical Tubes(50) | C4: =Distribución_Elementos!C4 -> MP BIOMEDICALS 116930000 | D4: =Distribución_Elementos!D4 -> Bolsa x 50 | E4: 1 | F4: 0 | G4: 0 | H4: 0 | I4: 0 | J4: 127253.05 | K4: 0 | L4: =J4 -> 127253.05 | Z4: 46000 | AA4: =+Z4*0.19 -> 8740 | AB4: =+Z4+AA4 -> 54740 | AC4: RACK X 50 | AD4: BIOLOGIX | AX4: 351000 | AY4: =+AX4*0.19 -> 66690 | AZ4: =+AX4+AY4 -> 417690 | BA4: 1 bag | BB4: MP Biomedicals | BJ4: 873600 | BK4: =+BJ4*0.19 -> 165984 | BL4: =+BJ4+BK4 -> 1039584 | BM4: Bolsa x 50 | BN4: MP BIOMEDICALS | BV4: 1001486.3 | BW4: =+BV4*0.19 -> 190282.4 | BX4: =+BV4+BW4 -> 1191768.7 | BY4: Bolsa x 50 | BZ4: MP BIOMEDICALS | ED4: =SUM(M4,P4,V4,AB4,AH4,AN4,AT4,AZ4,BF4,BL4,BR4,BX4,CD4,CJ4,CP4,CV4,DB4,DH4,DN4,DT4,DZ4) -> 2703782.7 | EE4: =COUNTA(M4,N4,T4,Z4,AF4,AL4,AR4,AX4,BD4,BJ4,BP4,BV4,CB4,CH4,CN4,CT4,CZ4,DF4,DL4,DR4,DX4) -> 4 | EF4: =IFERROR(ED4/EE4," ") -> 675945.68
A5: =Distribución_Elementos!A5 -> 3 | B5: =Distribución_Elementos!B5 -> Adhesivos para microplacas | C5: =Distribución_Elementos!C5 -> Whatman 7704-0001 o equivalente | D5: =Distribución_Elementos!D5 -> Caja X 100 | E5: 1 | F5: 398254.13 | G5: 386274 | H5: 0 | I5: 0 | J5: 755296.44 | K5: 714000 | L5: =AVERAGE(F5,J5) -> 576775.28 | M5: =AVERAGE(G5,K5)*E1 -> 566641.11 | AX5: 826000 | AY5: =+AX5*0.19 -> 156940 | AZ5: =+AX5+AY5 -> 982940 | BA5: Bolsa x 100 | BB5: Kasvi | BD5: 364452 | BE5: =+BD5*0.19 -> 69245.88 | BF5: =+BD5+BE5 -> 433697.88 | BG5: Caja x 100 | BH5: WHATMAN REF. 7704-0001 | BI5: UNISEAL CPE COLD FILM 100/PK | BJ5: 590800 | BK5: =+BJ5*0.19 -> 112252 | BL5: =+BJ5+BK5 -> 703052 | BM5: paq x 100 | BN5: GE | BP5: 596000 | BQ5: =+BP5*19% -> 113240 | BR5: =+BQ5+BP5 -> 709240 | BV5: 639255.05 | BW5: =+BV5*0.19 -> 121458.46 | BX5: =+BV5+BW5 -> 760713.51 | BY5: paq x 100 | BZ5: GE | ED5: =SUM(M5,P5,V5,AB5,AH5,AN5,AT5,AZ5,BF5,BL5,BR5,BX5,CD5,CJ5,CP5,CV5,DB5,DH5,DN5,DT5,DZ5) -> 4156284.5 | EE5: =COUNTA(M5,N5,T5,Z5,AF5,AL5,AR5,AX5,BD5,BJ5,BP5,BV5,CB5,CH5,CN5,CT5,CZ5,DF5,DL5,DR5,DX5) -> 6 | EF5: =IFERROR(ED5/EE5," ") -> 692714.08
A6: =Distribución_Elementos!A6 -> 4 | B6: =Distribución_Elementos!B6 -> Aguja desechable 16 G x 1½" (tribicelada) | C6: =Distribución_Elementos!C6 -> BD, Vacutest o equivalente | D6: =Distribución_Elementos!D6 -> Caja x 100 | E6: 1 | F6: 25406.5 | G6: 24990 | H6: 39389 | I6: 0 | J6: 57990.683 | K6: 55454 | L6: =AVERAGE(F6,H6,J6) -> 40928.728 | M6: =AVERAGE(G6,K6)*E1 -> 41428.66 | N6: 37000 | O6: =+N6*0.19 -> 7030 | P6: =+N6+O6 -> 44030 | BJ6: 57500 | BK6: =+BJ6*0.19 -> 10925 | BL6: =+BJ6+BK6 -> 68425 | BM6: caja x 100 | BN6: BD | BV6: 66539.288 | BW6: =+BV6*0.19 -> 12642.465 | BX6: =+BV6+BW6 -> 79181.752 | BY6: caja x 100 | BZ6: BD | ED6: =SUM(M6,P6,V6,AB6,AH6,AN6,AT6,AZ6,BF6,BL6,BR6,BX6,CD6,CJ6,CP6,CV6,DB6,DH6,DN6,DT6,DZ6) -> 233065.41 | EE6: =COUNTA(M6,N6,T6,Z6,AF6,AL6,AR6,AX6,BD6,BJ6,BP6,BV6,CB6,CH6,CN6,CT6,CZ6,DF6,DL6,DR6,DX6) -> 4 | EF6: =IFERROR(ED6/EE6," ") -> 58266.353
A7: =Distribución_Elementos!A7 -> 5 | B7: =Distribución_Elementos!B7 -> Aguja desechable 20 G X 1½" (tribicelada) | C7: =Distribución_Elementos!C7 -> BD, Vacutest o equivalente | D7: =Distribución_Elementos!D7 -> Caja x 100 | E7: 1 | F7: 19157.81 | G7: 18564 | H7: 28837.289 | I7: 0 | J7: 37616.396 | K7: 33796 | L7: =AVERAGE(F7,H7,J7) -> 28537.165 | M7: =AVERAGE(G7,K7)*E1 -> 26965.4 | N7: 23500 | O7: =+N7*0.19 -> 4465 | P7: =+N7+O7 -> 27965 | BJ7: 84700 | BK7: =+BJ7*0.19 -> 16093 | BL7: =+BJ7+BK7 -> 100793 | BM7: caja x 100 | BN7: BD | BV7: 98041.944 | BW7: =+BV7*0.19 -> 18627.969 | BX7: =+BV7+BW7 -> 116669.91 | BY7: caja x 100 | BZ7: BD | ED7: =SUM(M7,P7,V7,AB7,AH7,AN7,AT7,AZ7,BF7,BL7,BR7,BX7,CD7,CJ7,CP7,CV7,DB7,DH7,DN7,DT7,DZ7) -> 272393.31 | EE7: =COUNTA(M7,N7,T7,Z7,AF7,AL7,AR7,AX7,BD7,BJ7,BP7,BV7,CB7,CH7,CN7,CT7,CZ7,DF7,DL7,DR7,DX7) -> 4 | EF7: =IFERROR(ED7/EE7," ") -> 68098.328
A8: =Distribución_Elementos!A8 -> 6 | B8: =Distribución_Elementos!B8 -> Aguja desechable para toma de muestras sanguíneas para tubo al vacío 21 G x 1½" (tribicelada) | C8: =Distribución_Elementos!C8 -> BD, Vacutest o equivalente | D8: =Distribución_Elementos!D8 -> Caja x 100 | E8: 1 | F8: 46411.19 | G8: 0 | H8: 27240.261 | I8: 27132 | J8: 73421.546 | K8: 72590 | L8: =AVERAGE(F8,H8,J8) -> 49024.332 | M8: =AVERAGE(I8,K8)*E1 -> 51356.83 | N8: 34000 | O8: =+N8*0.19 -> 6460 | P8: =+N8+O8 -> 40460 | BJ8: 30100 | BK8: =+BJ8*0.19 -> 5719 | BL8: =+BJ8+BK8 -> 35819 | BM8: caja x 100 | BN8: BD | BV8: 33845.885 | BW8: =+BV8*0.19 -> 6430.7181 | BX8: =+BV8+BW8 -> 40276.603 | BY8: caja x 100 | BZ8: BD | ED8: =SUM(M8,P8,V8,AB8,AH8,AN8,AT8,AZ8,BF8,BL8,BR8,BX8,CD8,CJ8,CP8,CV8,DB8,DH8,DN8,DT8,DZ8) -> 167912.43 | EE8: =COUNTA(M8,N8,T8,Z8,AF8,AL8,AR8,AX8,BD8,BJ8,BP8,BV8,CB8,CH8,CN8,CT8,CZ8,DF8,DL8,DR8,DX8) -> 4 | EF8: =IFERROR(ED8/EE8," ") -> 41978.108
A9: =Distribución_Elementos!A9 -> 7 | B9: =Distribución_Elementos!B9 -> Aguja para disección con mango metálico con punta curva | C9: =Distribución_Elementos!C9 -> Cualquier marca | D9: =Distribución_Elementos!D9 -> Unidad | E9: 1 | F9: 1963.5 | G9: 1904 | H9: 2336.8268 | I9: 0 | J9: 2865.2556 | K9: 2023 | L9: =AVERAGE(F9,H9,J9) -> 2388.5275 | M9: =AVERAGE(G9,K9)*E1 -> 2022.405 | N9: 2000 | O9: =+N9*0.19 -> 380 | P9: =+N9+O9 -> 2380 | BJ9: 2300 | BK9: =+BJ9*0.19 -> 437 | BL9: =+BJ9+BK9 -> 2737 | BM9: unidad | BN9: HOSPITAL | BV9: 2713.0064 | BW9: =+BV9*0.19 -> 515.47122 | BX9: =+BV9+BW9 -> 3228.4776 | BY9: unidad | BZ9: HOSPITAL | ED9: =SUM(M9,P9,V9,AB9,AH9,AN9,AT9,AZ9,BF9,BL9,BR9,BX9,CD9,CJ9,CP9,CV9,DB9,DH9,DN9,DT9,DZ9) -> 10367.883 | EE9: =COUNTA(M9,N9,T9,Z9,AF9,AL9,AR9,AX9,BD9,BJ9,BP9,BV9,CB9,CH9,CN9,CT9,CZ9,DF9,DL9,DR9,DX9) -> 4 | EF9: =IFERROR(ED9/EE9," ") -> 2591.9707
A10: =Distribución_Elementos!A10 -> 8 | B10: =Distribución_Elementos!B10 -> Aguja para disección con mango metálico con punta recta | C10: =Distribución_Elementos!C10 -> Cualquier marca | D10: =Distribución_Elementos!D10 -> Unidad | E10: 1 | F10: 1963.5 | G10: 1904 | H10: 2459.3333 | I10: 0 | J10: 2927.9056 | K10: 2023 | L10: =AVERAGE(F10,H10,J10) -> 2450.2463 | M10: =AVERAGE(G10,K10)*E1 -> 2022.405 | N10: 2000 | O10: =+N10*0.19 -> 380 | P10: =+N10+O10 -> 2380 | BJ10: 2300 | BK10: =+BJ10*0.19 -> 437 | BL10: =+BJ10+BK10 -> 2737 | BM10: unidad | BN10: HOSPITAL | BV10: 2611.098 | BW10: =+BV10*0.19 -> 496.10862 | BX10: =+BV10+BW10 -> 3107.2066 | BY10: unidad | BZ10: HOSPITAL | ED10: =SUM(M10,P10,V10,AB10,AH10,AN10,AT10,AZ10,BF10,BL10,BR10,BX10,CD10,CJ10,CP10,CV10,DB10,DH10,DN10,DT10,DZ10) -> 10246.612 | EE10: =COUNTA(M10,N10,T10,Z10,AF10,AL10,AR10,AX10,BD10,BJ10,BP10,BV10,CB10,CH10,CN10,CT10,CZ10,DF10,DL10,DR10,DX10) -> 4 | EF10: =IFERROR(ED10/EE10," ") -> 2561.6529
A11: =Distribución_Elementos!A11 -> 9 | B11: =Distribución_Elementos!B11 -> Alfiler entomológico No. 000 (en acero inoxidable) | C11: =Distribución_Elementos!C11 -> Cualquier marca | D11: =Distribución_Elementos!D11 -> Paquete x 100 | E11: 1 | F11: 0 | G11: 0 | H11: 78341.667 | I11: 78183 | J11: 90737.5 | K11: 89250 | L11: =AVERAGE(H11,J11) -> 84539.583 | M11: =AVERAGE(I11,K11)*E1 -> 86227.995 | N11: 52500 | O11: =+N11*0.19 -> 9975 | P11: =+N11+O11 -> 62475 | AR11: 65000 | AS11: =+AR11*0.19 -> 12350 | AT11: =+AR11+AS11 -> 77350 | BJ11: 85400 | BK11: =+BJ11*0.19 -> 16226 | BL11: =+BJ11+BK11 -> 101626 | BM11: paq x 100 | BN11: BIOLOGIKA | BP11: 265000 | BQ11: =+BP11*19% -> 50350 | BR11: =+BQ11+BP11 -> 315350 | BV11: 101685.44 | BW11: =+BV11*0.19 -> 19320.233 | BX11: =+BV11+BW11 -> 121005.67 | BY11: paq x 100 | BZ11: BIOLOGIKA | ED11: =SUM(M11,P11,V11,AB11,AH11,AN11,AT11,AZ11,BF11,BL11,BR11,BX11,CD11,CJ11,CP11,CV11,DB11,DH11,DN11,DT11,DZ11) -> 764034.67 | EE11: =COUNTA(M11,N11,T11,Z11,AF11,AL11,AR11,AX11,BD11,BJ11,BP11,BV11,CB11,CH11,CN11,CT11,CZ11,DF11,DL11,DR11,DX11) -> 6 | EF11: =IFERROR(ED11/EE11," ") -> 127339.11
A12: =Distribución_Elementos!A12 -> 10 | B12: =Distribución_Elementos!B12 -> Alfiler entomológico No. 1 (en acero inoxidable) | C12: =Distribución_Elementos!C12 -> Cualquier marca | D12: =Distribución_Elementos!D12 -> Paquete x 100 | E12: 1 | F12: 64230.25 | G12: 62594 | H12: 83300 | I12: 83181 | J12: 82399.567 | K12: 82110 | L12: =AVERAGE(F12,H12,J12) -> 76643.272 | M12: =AVERAGE(G12,I12,K12)*E1 -> 78240.517 | N12: 52500 | O12: =+N12*0.19 -> 9975 | P12: =+N12+O12 -> 62475 | AR12: 65000 | AS12: =+AR12*0.19 -> 12350 | AT12: =+AR12+AS12 -> 77350 | BJ12: 85400 | BK12: =+BJ12*0.19 -> 16226 | BL12: =+BJ12+BK12 -> 101626 | BM12: paq x 100 | BN12: BIOLOGIKA | BP12: 265000 | BQ12: =+BP12*19% -> 50350 | BR12: =+BQ12+BP12 -> 315350 | BV12: 93283.701 | BW12: =+BV12*0.19 -> 17723.903 | BX12: =+BV12+BW12 -> 111007.6 | BY12: paq x 100 | BZ12: BIOLOGIKA | ED12: =SUM(M12,P12,V12,AB12,AH12,AN12,AT12,AZ12,BF12,BL12,BR12,BX12,CD12,CJ12,CP12,CV12,DB12,DH12,DN12,DT12,DZ12) -> 746049.12 | EE12: =COUNTA(M12,N12,T12,Z12,AF12,AL12,AR12,AX12,BD12,BJ12,BP12,BV12,CB12,CH12,CN12,CT12,CZ12,DF12,DL12,DR12,DX12) -> 6 | EF12: =IFERROR(ED12/EE12," ") -> 124341.52
A13: =Distribución_Elementos!A13 -> 11 | B13: =Distribución_Elementos!B13 -> Alfiler entomológico No. 2 (en acero inoxidable) | C13: =Distribución_Elementos!C13 -> Cualquier marca | D13: =Distribución_Elementos!D13 -> Paquete x 100 | E13: 1 | F13: 62623.75 | G13: 61047 | H13: 83300 | I13: 83181 | J13: 81858.117 | K13: 80920 | L13: =AVERAGE(F13,H13,J13) -> 75927.289 | M13: =AVERAGE(G13,I13,K13)*E1 -> 77300.813 | N13: 52500 | O13: =+N13*0.19 -> 9975 | P13: =+N13+O13 -> 62475 | AR13: 65000 | AS13: =+AR13*0.19 -> 12350 | AT13: =+AR13+AS13 -> 77350 | BJ13: 85400 | BK13: =+BJ13*0.19 -> 16226 | BL13: =+BJ13+BK13 -> 101626 | BM13: paq x 100 | BN13: BIOLOGIKA | BP13: 265000 | BQ13: =+BP13*19% -> 50350 | BR13: =+BQ13+BP13 -> 315350 | BV13: 94224.894 | BW13: =+BV13*0.19 -> 17902.73 | BX13: =+BV13+BW13 -> 112127.62 | BY13: paq x 100 | BZ13: BIOLOGIKA | ED13: =SUM(M13,P13,V13,AB13,AH13,AN13,AT13,AZ13,BF13,BL13,BR13,BX13,CD13,CJ13,CP13,CV13,DB13,DH13,DN13,DT13,DZ13) -> 746229.44 | EE13: =COUNTA(M13,N13,T13,Z13,AF13,AL13,AR13,AX13,BD13,BJ13,BP13,BV13,CB13,CH13,CN13,CT13,CZ13,DF13,DL13,DR13,DX13) -> 6 | EF13: =IFERROR(ED13/EE13," ") -> 124371.57
